Workbook
Name ___nt1: #REF!
Name ___nt1: #REF!
Name ___nt2: #REF!
Name ___nt2: #REF!
Name ___nt3: #REF!
Name ___nt3: #REF!
Name ___nt4: #REF!
Name ___nt4: #REF!
Name ___nt5: #REF!
Name ___nt5: #REF!
Name ___nt6: #REF!
Name ___nt6: #REF!
Name ___nt7: #REF!
Name ___nt7: #REF!
Name ___nt8: #REF!
Name ___nt8: #REF!
Name ___nt9: #REF!
Name ___nt9: #REF!
Name ___tt5: #REF!
Name ___tt5: #REF!
Name ___tt6: #REF!
Name ___tt6: #REF!
Name ___ttt5: #REF!
Name ___ttt5: #REF!
Name ___zt2: #REF!
Name ___zt2: #REF!
Name ___zt3: #REF!
Name ___zt3: #REF!
Name ___zt4: #REF!
Name ___zt4: #REF!
Name ___zt5: #REF!
Name ___zt5: #REF!
Name ___zt51: #REF!
Name ___zt51: #REF!
Name ___zt6: #REF!
Name ___zt6: #REF!
Name ___zt7: #REF!
Name ___zt7: #REF!
Name ___zt8: #REF!
Name ___zt8: #REF!
Name __zt9: [1]s!$B$5
Name _nt1: #REF!
Name _nt1: #REF!
Name _nt2: #REF!
Name _nt2: #REF!
Name _nt3: #REF!
Name _nt3: #REF!
Name _nt4: #REF!
Name _nt4: #REF!
Name _nt5: #REF!
Name _nt5: #REF!
Name _nt6: #REF!
Name _nt6: #REF!
Name _nt7: #REF!
Name _nt7: #REF!
Name _nt8: #REF!
Name _nt8: #REF!
Name _nt9: #REF!
Name _nt9: #REF!
Name _tt5: #REF!

Sheet П 1.13 2016 расчет 
I1: Таблица N П1.13
A3: Расчет суммы платы АО "РКЦ "Прогресс"
A4: за услуги по организации функционирования и развитию ЕЭС России,
A5: оперативно-диспетчерскому управлению в электроэнергетике,
A6: организации функционирования торговой системы оптового
A7: рынка электрической энергии (мощности), передаче
A8: электрической энергии по единой национальной
A9: (общероссийской) электрической сети
A11: № п/п | B11: технологический расход электроэнергии на транспортировку | G11: на содержание сетей | I11: Сумма платы за услуги
B12: Показатели | C12: плановый объем отпуска 220 кВ и ниже | D12: норматив потерь | E12: объем потерь | F12: тариф на оплату | G12: заявленная мощность | H12: тариф на оплату
C13: МВтч | D13: % | E13: МВтч | F13: руб./Мвтч | G13: МВт | H13: руб./Мвт | I13: тыс. руб.
B14: ОАО "ФСК ЕЭС"
A15: 1. | B15: Базовый период | L15: 17,604 МВт | M15: в дог.ФСК
B16: 1 полугодие 2015 г. | C16: 10340.648 | D16: 4.61 | E16: =C16*D16% -> 476.70387 | F16: 1730.59 | G16: 3.856 | H16: 134589.17 | I16: =(E16*F16+G16*6*H16)/1000 -> 3938.834 | J16: =(4+4+3.3+3+3+3)/6 -> 3.3833333 | K16: 2 п-е 2014г. был | L16: тариф был пересмотрен
B17: 2 полугодие 2015 г. | C17: 10257.907 | D17: 4.61 | E17: =C17*D17% -> 472.88951 | F17: 1860.38 | G17: 3.856 | H17: 144686.52 | I17: =(E17*F17+G17*6*H17)/1000 -> 4227.2215 | J17: =(3+3+3.3+3.3+4+4)/6 -> 3.4333333 | K17: 147681.2 | L17: протокол разногласий 5,05 МВт
B18: Итого 2015 г. | C18: =SUM(C16:C17) -> 20598.555 | D18: =D17 -> 4.61 | E18: =SUM(E16:E17) -> 949.59339 | G18: =(G16+G17)/2 -> 3.856 | I18: =SUM(I16:I17) -> 8166.0555 | J18: =(J16+J17)/2 -> 3.4083333 | L18: 11297.893 | M18: з.м. | N18: =755.798741*3+607.33827*3+605.65127*3+753.69935*3 -> 8167.4629 | O18: потери | P18: =191.45418+189.93766+146.00148+141.26387+127.32067+140.35634+162.60057+175.7855+189.4222+229.75914+193.11001+201.00106 -> 2088.0127 | Q18: =N18+P18 -> 10255.476
A19: 2. | B19: Период регулирования | J19: =(4+4+3.3+3+3+3+3+3+3.3+3.3+4+4)/12 -> 3.4083333 | N19: =(1923.99+1908.75+1467.22+1419.61+1279.49+1410.49) -> 9409.55
B20: 1 полугодие 2016 г. | C20: 10829.473 | D20: 3.76 | E20: =C20*D20% -> 407.1882 | F20: 1860.38 | G20: 2.79219 | H20: 144686.52 | I20: =(E20*F20+G20*6*H20)/1000 -> 3181.4783 | L20: =N19+N20 -> 20983.17 | N20: =(1634.03+1766.53+1903.57+2308.93+1940.63+2019.93) -> 11573.62
B21: 2 полугодие 2016 г. | C21: 10213.06 | D21: 3.76 | E21: =C21*D21% -> 384.01107 | F21: 1962.7 | G21: 2.76739 | H21: 155541.58 | I21: =(E21*F21+G21*6*H21)/1000 -> 3336.3638 | K21: рост с июля | L21: 1.075 | M21: по предлож.ФСК на 2015г.
B22: Итого 2016 г. | C22: =SUM(C20:C21) -> 21042.534 | D22: =(D20+D21)/2 -> 3.76 | E22: =C22*D22/100 -> 791.19927 | G22: =(G20+G21)/2 -> 2.77979 | I22: =SUM(I20:I21) -> 6517.8421 | K22: с июля 2015 г. | L22: =H21/H20 -> 1.0750247 | M22: 9322.2 | N22: =(E21*2030.3+G21*163310.63*6)/1000+I20 -> 6672.8012 | P22: =P18+N18 -> 10255.476
N23: =M22-I22 -> 2804.3579
J24: 6266,23 утверд.МЭ 2016
A25: Первый зам. генерального директора - | L25: 2014г. от бюджетного отдела
A26: главный инженер | H26: =#REF! -> #REF! | L26: 10652.16
C29: =#REF! -> #REF! | D29: =#REF! -> #REF! | L29: в договоре ФСК | N29: з.м.
C30: =#REF! -> #REF! | D30: =#REF! -> #REF! | N30: =2375.90731*6+2599.77984*6 -> 29854.123
C31: =#REF! -> #REF! | D31: =#REF! -> #REF! | N31: потери
N32: =C18*D18/100*F16/1000 -> 1643.3568
N33: итого
N34: =N30+N32 -> 31497.48
L35: д.заплатить по тарифам с МРСК на пл.объем 2014 г.
N36: =11916.4+11621.3 -> 23537.7
L38: не хватает | N38: =N36-N34 -> -7959.7797

Sheet Выпад.дох.за 2015г.в тар.2017
A1: Расчет выпадающих по независящим причинам доходов от оказания услуг по передаче электрической энергии
A2: сетевой организации АО «РКЦ «Прогресс» за 2015 г., | H2: доход | I2: расход
A3: подлежащих включению в НВВ на передачу электрической энергии в 2017 г. | H3: =SUM(G12:G14)+G21 -> 17052.59 | I3: =SUM(G17:G20)+G22 -> 7877.17
A4: ???+доход от нк энергосбыт+ энергобытобслуживание ≈6,0+27,0=33,0т.р. | H4: Д.Б. | I4: =G7 -> 11020.37 | Q4: по сч-ф | R4: по плат.
A5: № п/п | B5: Показатели | G5: Сумма, тыс.руб. (без НДС) | H5: по ф.5 2013г. | I5: =I4-#REF! -> #REF!
B6: Утвержденнная выручка АО "РКЦ "Прогресс" на 2015 год
A7: 1. | B7: Утвержденная НВВ АО "РКЦ "Прогресс" (с учетом оплаты услуг ПАО "ФСК ЕЭС" и без уч.оплаты потерь на потребителя) на 2015 г. - | G7: 11020.37 | H7: 2302.9
A8: 1.1. | B8: в т.ч. Оплата услуг ПАО "ФСК ЕЭС" | G8: 8165.45 | H8: 14184.805
A9: 1.2. | B9: в т.ч. Утвержденная НВВ АО "РКЦ "Прогресс" на 2015 г. (без оплаты услуг ПАО "ФСК ЕЭС" и оплаты потерь) - | G9: =G7-G8 -> 2854.92 | H9: 14184.805
B10: Фактическая выручка АО "РКЦ "Прогресс" за 2015 год
A11: 2. | B11: Доход АО "РКЦ "Прогресс" всего | G11: =SUM(G12:G14) -> 16584.2 | R11: + псх
A12: 2.1. | B12: Доход АО "РКЦ "Прогресс" от ОАО "Самараэнерго" за услуги по передаче за 2015 г. (по котловым тарифам) - | G12: 13863.13 | H12: 14184.805 | Q12: =(1562692.98-489.19+1507438.53+1559332.1+1208328.25+932620.28+1067700.51+1022153.17+1073693.19+1078203.49+1257924.25+1688542.05+2360932.59)/1.18/1000 -> 13829.722 | R12: =(1562.96245+1507.73652+1559.56674+1208.5514+933.07772+1081.09326+1026.75988+1074.48587+1079.58811+1277.40177+1691.04973) -> 14002.273
A13: 2.2. | B13: в т.ч. Доход АО "РКЦ "Прогресс" от МП г.о.Самара "Самарский метрополитен" за услуги по передаче за 2015 г.- | G13: 799.55 | H13: 606.12 | Q13: =(145756.41+126872.99+139815.9+114721.95+52305.62+63205.15+67877.2+64578.67+61157.47+46958.91+41523.89)/1.18/1000 -> 783.70692 | S13: =G13-Q13 -> 15.843085 | T13: =(145756.41+126872.99+139815.9+114721.95+52305.62+63205.15+67877.2+64578.67+61157.47+46958.91+41523.89) -> 924774.16
A14: 2.3. | B14: в т.ч. Доход АО "РКЦ "Прогресс" от ЗАО "СГЭС" за услуги по передаче эл.энергии за 2015 г.- | G14: 1921.52 | H14: 8.85 | Q14: =(330757+358286.49+225297.83+270986.84+240988.94+311394.18+245198.13)/1.18/1000 -> 1680.4317
A15: 3. | B15: Платежи АО "РКЦ "Прогресс" | G15: =SUM(G16:G22) -> 16040.47
A16: 3.1. | B16: Оплата услуг ПАО "ФСК ЕЭС" | G16: 7694.91 | H16: 3495.9822 | J16: 1495.2 | K16: тыс.кВтч | Q16: 7639.4 | R16: =(8916.47073-1)/1.18 -> 7555.4837 | S16: =G16-Q16 -> 55.51
A17: 3.2. | B17: Платежи АО "РКЦ "Прогресс" в адрес ОАО "РЖД" КДЭ СП Трансэнерго за услуги по передаче эл.энергии за 2015 г.- | G17: 36.84 | H17: 4.54 | Q17: =(1972.57+2019.48+1612.24+1326.35+1501.68+1441.28+1974.96+4106.12+1942.88+3121.06+6007.26+16168.85)/1000/1.18 -> 36.605703
A18: 3.3. | B18: Платежи АО "РКЦ "Прогресс" в адрес ОАО "МРСК Волги" за услуги по передаче эл.энергии за 2015 г.- | G18: 2929.38 | H18: 17141.94 | Q18: =(3045.93693+190.46282+410.72779)/1.18 -> 3090.7861
A19: 3.4. | B19: Платежи АО "РКЦ "Прогресс" в адрес ЗАО "ССК"(подсобное хозяйство Борское) за услуги по передаче эл.энергии за 2015 г.- | G19: 891.68 | H19: 552.17058 | I19: только авг-сент.
A20: 3.5. | B20: Платежи АО "РКЦ "Прогресс" в адрес ЗАО "ССК"(промплощадка) за услуги по передаче эл.энергии за 2015 г.- | G20: 930.96 | H20: нет | J20: утв.потери 2013г. | P20: =SUM(G19:G20) -> 1822.64 | Q20: =(240.24978+274.24988+277.22959+955.44908) -> 1747.1783
A21: 3.6. | B21: Платежи АО "РКЦ "Прогресс" в адрес АО "Самаранефтегаз" за услуги по передаче эл.энергии за 2015 г.- | G21: 468.39 | H21: нет | I21: 261.35 | Q21: =(26368+32936.4+29698.68+30280.92+5332.99+31002.99+14489.38+8487.83+6880.86+20738.46+10233.3+21068.3+11410.64+28107.07+36877.05+11878.02+51119.76+62914.17)/1.18/1000 -> 372.7329 | R21: =26368+32936.4+29698.68+30280.92+5333.99+31002.99+14489.38+8487.83+6880.86+20738.46+10233.3+21068.3+11410.64+28107.07+36877.05+11878.02+51119.76+62914.17+18630.12+17031.36+16359.3 -> 491846.6
A22: 3.7. | B22: Покупка потерь на потребителя в ОАО "Самараэнерго" за 2015 г. | G22: 3088.31 | H22: 3495.9822 | J22: 1495.2 | K22: тыс.кВтч
B23: Фактическая выручка АО "РКЦ "Прогресс" на осуществления деятельности по передаче электрической энергии за 2015г.(на содержание сетей)
A24: 4. | B24: 16584,20-16040,47 = +543,73 тыс.руб. | G24: =G11-G15 -> 543.73 | H24: =SUM(H12:H14)-H17-H18-H19-H22 -> -6394.8577 | I24: -766.1
A25: 5. | B25: Выпадающие доходы (убытки) АО "РКЦ "Прогресс" от осуществления деятельности по передаче электрической энергии за 2015г.
B26: 2854,92 - 543,73 = +2311,19 тыс.руб. | G26: =G9-G24 -> 2311.19 | H26: =H7-H24 -> 8697.7577 | I26: -766.1
A29: В связи со сложившейся ситуацией в 2015 г., прошу учесть выпадающие доходы (убытки) АО "РКЦ "Прогресс" от осуществления деятельности по передаче электрической энергии за 2015 г. | Q29: =15461.52+761.06+3128.2-2374.47 -> 16976.31
A30: в размере - 2311,19 тыс.руб. при утверждении необходимой валовой выручки на 2017 г. | Q30: =#REF! -> #REF!
Q31: =Q30-Q29 -> #REF!
H33: =2265.5-G7 -> -8754.87
A43: Первый зам. генерального директора - | L43: =I36-9777.22 -> -9777.22
A44: главный инженер | F44: С. В. Тюлевин

Sheet П.2.1.
G1: Таблица № П2.1 | I1: Общее количество у.е. | L1: 664.8388
A2: Система условных единиц для распределения | I2: Количество у.е. по ВН | L2: 295.27 | M2: 0.4441227
A3: общей суммы тарифной выручки по классам напряжения | I3: Количество у.е. по СН I | L3: 0 | M3: 0
A4: АО "РКЦ "Прогресс" | I4: Количество у.е. по СН II | L4: 338.5071 | M4: 0.50915666
A5: Объем воздушных линий электропередач (ВЛЭП) и кабельных линий электропередач (КЛЭП) | I5: Количество у.е. по НН | L5: 31.0617 | M5: 0.046720649
A6: в условных единицах в зависимости от протяженности, напряжения, конструктивного
A7: использования и материала опор. | L7: 664.8388 | M7: 829.967
A9: 2019 год | G9: на передачу сторонним потребителям (пром.площадка + ПСХ + ЛОЦ "Космос") | L9: 833 | M9: утв.2015
B10: Напряжение, кВ | C10: Количество цепей на опоре | D10: Материал опор | E10: Количество условных единиц (у) на 100 км трассы ЛЭП | F10: Протяженность | G10: Объем условных единиц
E11: у/100км | F11: км | G11: у
A12: 1 | B12: 2 | C12: 3 | D12: 4 | E12: 5 | F12: 6 | G12: 7 = 5 * 6 /100
A13: ВЛЭП | B13: 1150 | C13: - | D13: металл | E13: 800
B14: 750 | C14: 1 | D14: металл | E14: 600
B15: 400-500 | C15: 1 | D15: металл | E15: 400
D16: ж/бетон | E16: 300
B17: 330 | C17: 1 | D17: металл | E17: 230
D18: ж/бетон | E18: 170
C19: 2 | D19: металл | E19: 290
D20: ж/бетон | E20: 210
B21: 220 | C21: 1 | D21: дерево | E21: 260
D22: металл | E22: 210
D23: ж/бетон | E23: 140
C24: 2 | D24: металл | E24: 270 | F24: 0.1 | G24: 0.27
D25: ж/бетон | E25: 180
B26: 110-150 | C26: 1 | D26: дерево | E26: 180
D27: металл | E27: 160 | G27: 0
D28: ж/бетон | E28: 130
C29: 2 | D29: металл | E29: 190
D30: ж/бетон | E30: 160
A31: КЛЭП | B31: 220 | C31: - | D31: - | E31: 3000
B32: 110 | C32: - | D32: - | E32: 2300
A33: ВН, всего | G33: 0.27
A34: ВЛЭП | B34: 35 | C34: 1 | D34: дерево | E34: 170
D35: металл | E35: 140
D36: ж/бетон | E36: 120 | G36: 0
C37: 2 | D37: металл | E37: 180 | G37: 0
D38: ж/бетон | E38: 150
B39: 1 - 20 | C39: - | D39: дерево | E39: 160
D40: дерево на ж/б пасынках | E40: 140 | G40: 0
D41: ж/бетон, металл | E41: 110 | F41: 5.236 | G41: 5.7596 | J41: ПСХ
A42: КЛЭП | B42: 20 -35 | C42: - | D42: - | E42: 470
B43: 3 - 10 | C43: - | D43: - | E43: 350 | F43: 19.185 | G43: 67.1475 | K43: 4320.2
A44: СН, всего | G44: 72.9071
A45: ВЛЭП | B45: 0,4 кВ | C45: - | D45: дерево | E45: 260
D46: дерево на ж/б пасынках | E46: 220 | G46: 0
D47: ж/бетон, металл | E47: 150 | F47: 0.411 | G47: 0.6165 | J47: ПСХ
A48: КЛЭП | B48: до 1 кВ | C48: - | D48: - | E48: 270 | F48: 11.276 | G48: 30.4452
A49: НН, всего | G49: 31.0617 | J49: 104.2388
A52: Первый зам. генерального директора -
A53: главный инженер | G53: А. В. Кочетков

Sheet П.2.2.
G1: Таблица № П2.2
A2: Объем подстанций 35-1150 кВ, трансформаторных подстанций (ТП), комплексных трансформаторных подстанций (КТП) и распределительных пунктов(РП) 0,4-20 кВ в условных единицах
A3: АО "РКЦ "Прогресс"
A4: 2019 год | G4: на передачу сторонним потребителям (пром.площадка + ПСХ + ЛОЦ "Космос")
A5: п/п | B5: Наименование | C5: Единица измерения | D5: Напряжение, кВ | E5: Количество условных единиц (у) на единицу измерения | F5: Количество единиц измерения | G5: Объем условных единиц
E6: у/ед.изм. | F6: ед.изм. | G6: у
A7: 1 | B7: 2 | C7: 3 | D7: 4 | E7: 5 | F7: 6 | G7: 7=5*6
A8: 1 | B8: Подстанция | C8: П/ст | D8: 1150 | E8: 1000
D9: 750 | E9: 600
D10: 400 - 500 | E10: 500
D11: 330 | E11: 250 | J11: ЛОЦ | L11: ПСХ
D12: 220 | E12: 210 | F12: 1 | G12: 210 | I12: 1 | J12: 0 | K12: 0 | L12: 0
D13: 110 - 150 | E13: 105 | G13: 0 | J13: 0 | K13: 0 | L13: 0
D14: 35 | E14: 75 | G14: 0 | J14: 0 | K14: 0 | L14: 0
A15: 2 | B15: Силовой трансформатор или реактор (одно- или трехфазный), или вольтодобавочный трансформатор | C15: Единица оборудования | D15: 1150 | E15: 60 | J15: 0 | K15: 0 | L15: 0
D16: 750 | E16: 43 | J16: 0 | K16: 0 | L16: 0
D17: 400 - 500 | E17: 28 | J17: 0 | K17: 0 | L17: 0
D18: 330 | E18: 18 | J18: 0 | K18: 0 | L18: 0
D19: 220 | E19: 14 | F19: 2 | G19: 28 | I19: 2 | J19: 0 | K19: 0 | L19: 0
D20: 110 - 150 | E20: 7.8 | G20: 0 | J20: 0 | K20: 0 | L20: 0
D21: 35 | E21: 2.1 | G21: 0 | J21: 0 | K21: 0 | L21: 0
D22: 1 - 20 | E22: 1 | F22: 18 | G22: 18 | I22: 22 | J22: 0 | K22: -4 | L22: 0
A23: 3 | B23: Воздушный выключатель | C23: 3 фазы | D23: 1150 | E23: 180 | J23: 0 | K23: 0 | L23: 0
D24: 750 | E24: 130 | J24: 0 | K24: 0 | L24: 0
D25: 400 - 500 | E25: 88 | J25: 0 | K25: 0 | L25: 0
D26: 330 | E26: 66 | J26: 0 | K26: 0 | L26: 0
D27: 220 | E27: 43 | J27: 0 | K27: 0 | L27: 0
D28: 110 - 150 | E28: 26 | J28: 0 | K28: 0 | L28: 0
D29: 35 | E29: 11 | J29: 0 | K29: 0 | L29: 0
D30: 1 - 20 | E30: 5.5 | F30: 9 | G30: 49.5 | I30: 9 | J30: 0 | K30: 0 | L30: 0
A31: 4 | B31: Масляный выключатель | C31: - " - | D31: 220 | E31: 23 | J31: 0 | K31: 0 | L31: 0
D32: 110 - 150 | E32: 14 | G32: 0 | J32: 0 | K32: 0 | L32: 0
D33: 35 | E33: 6.4 | J33: 0 | K33: 0 | L33: 0
D34: 1 - 20 | E34: 3.1 | F34: 50 | G34: 155 | I34: 50 | J34: 0 | K34: 0 | L34: 0
A35: 5 | B35: Отделитель с короткозамыкателем | C35: Единица оборудования | D35: 400 - 500 | E35: 35 | I35: 0 | J35: 0 | K35: 0 | L35: 0
D36: 330 | E36: 24 | I36: 0 | J36: 0 | K36: 0 | L36: 0
D37: 220 | E37: 19 | F37: 3 | G37: 57 | H37: + | I37: 3 | J37: 0 | K37: 0 | L37: 0
D38: 110 - 150 | E38: 9.5 | G38: 0 | I38: 0 | J38: 0 | K38: 0 | L38: 0
D39: 35 | E39: 4.7 | G39: 0 | I39: 0 | J39: 0 | K39: 0 | L39: 0
A40: 6 | B40: Выключатель нагрузки | C40: - " - | D40: 1 - 20 | E40: 2.3 | F40: 5 | G40: 11.5 | I40: 5 | J40: 0 | K40: 0 | L40: 3
A41: 7 | B41: Синхронный компенсатор мощн. 50 Мвар | C41: - " - | D41: 1 - 20 | E41: 26 | J41: 0 | K41: 0 | L41: 0
A42: 8 | B42: То же, 50 Мвар и более | C42: - " - | D42: 1 - 20 | E42: 48 | J42: 0 | K42: 0 | L42: 0
A43: 9 | B43: Статические конденсаторы | C43: 100 конд. | D43: 35 | E43: 2.4 | J43: 0 | K43: 0 | L43: 0
D44: 1 - 20 | E44: 2.4 | G44: 0 | J44: 0 | K44: 0 | L44: 0
A45: 10 | B45: Мачтовая (столбовая) ТП | C45: ТП | D45: 1 - 20 | E45: 2.5 | G45: 0 | J45: 0 | K45: 0 | L45: 0
A46: 11 | B46: Однотрансфор-маторная ТП, КТП | C46: ТП, КТП | D46: 1 - 20 | E46: 2.3 | F46: 2 | G46: 4.6 | I46: 2 | J46: 0 | K46: 0 | L46: 2
A47: 12 | B47: Двухтрансформаторная ТП, КТП | C47: ТП, КТП | D47: 1 - 20 | E47: 3 | F47: 9 | G47: 27 | I47: 10 | J47: 2 | K47: -1 | L47: 0
A48: 13 | B48: Однотрансфор-маторная подстанция 35/0,4 кВ | C48: п/ст | D48: 35 | E48: 3.5 | J48: 560.6
A49: 14. | B49: Итого | D49: ВН | E49: 0 | F49: 0 | G49: 295
D50: СН | E50: 0 | F50: 0 | G50: 265.6
D51: НН | E51: 0 | F51: 0 | G51: 0 | J51: 560.6 | K51: 503.6
A53: Примечание:
A54: В п.1 учтены трудозатраты оперативного персонала подстанций напряжением 35-1150 кВ.
A55: Условные единицы по пп.2-9 учитывают трудозатраты по обслуживанию и ремонту оборудования, не включенного в номенклатуру условных единиц (трансформаторы напряжения, аккумуляторные батареи, сборные шины и т.д.), резервного оборудования.
A56: Условные единицы по п 2 "Силовые трансформаторы 1-20 кВ" определяются только для трансформаторов, используемых для собственных нужд подстанций 35-1150 кВ.
A57: По пп. 3-6 учтены дополнительные трудозатраты на обслуживание и ремонт устройств релейной защиты и автоматики, а для воздушных выключателей (п.3) - дополнительно трудозатраты по обслуживанию и ремонту компрессорных установок.
A58: Значение условных единиц пп.4 и 6 "Масляные выключатели 1-20 кВ" и "Выключатели нагрузки 1-20 кВ" относятся к коммутационным аппаратам, установленным в распределительных устройствах 1-20 кВ подстанций 35-1150 кВ , ТП, КТП и РП 1-20 кВ , а так же к секц
A59: Объем РП 1-20 кВ в условных единицах определяется по количеству установленных масляных выключателей (п.4) и выключателей нагрузки (п.6). При установке в РП трансформаторов 1-20/0,4 кВ дополнительные объемы обслуживания определяются по п.11 или 12.
A60: По пп.10-12 дополнительно учтены трудозатраты оперативного персонала распределительных сетей 0,4-20 кВ.
A61: По пп.1,2 условные единицы относятся на уровень напряжения, соответствующий первичному напряжению.
A62: Условные единицы электрооборудования понизительных подстанций относятся на уровень высшего напряжения
A63: Первый зам. генерального директора -
A64: главный инженер | G64: А. В. Кочетков

Sheet Баланс электрической энергии
L1: Таблица N П 1.4
A2: Баланс электрической энергии по сетям ВН, СН1, СН11 и НН
A3: АО "РКЦ "Прогресс"
B4: на передачу сторонним потребителям | L4: млн. кВт.ч
A5: п.п. | B5: Показатели | C5: Базовый период | H5: Период регулирования
C6: Всего | D6: ВН | E6: СН1 | F6: СН11 | G6: НН | H6: Всего | I6: ВН | J6: СН1 | K6: СН11 | L6: НН
A7: 1 | B7: 2 | C7: 3 | D7: 4 | E7: 5 | F7: 6 | G7: 7 | H7: 8 | I7: 9 | J7: 10 | K7: 11 | L7: 12
A8: 1. | B8: Поступление эл. энергии в сеть, ВСЕГО | C8: 20.151499 | D8: 19.513895 | E8: 0.547862 | F8: 5.5451336 | G8: 0.402924 | H8: 20.72621 | I8: 20.146103 | J8: 0.453907 | K8: 6.0519928 | L8: 0.44639633
A9: 1.1. | B9: из смежной сети, всего | D9: 0 | E9: 0 | F9: 5.4553916 | G9: 0.402924 | J9: 0 | K9: 5.9257928 | L9: 0.44639633
B10: в том числе из сети
B11: ВН | C11: 4.9075296 | E11: 0 | F11: 4.9075296 | H11: 5.4718858 | J11: 0 | K11: 5.4718858
B12: СН1 | C12: 0.547862 | F12: 0.547862 | H12: 0.453907 | K12: 0.453907
B13: СН11 | C13: 0.402924 | G13: 0.402924 | H13: 0.44639633 | L13: 0.44639633
A14: 1.2. | B14: от ПАО "ФСК ЕЭС" | C14: 19.513895 | D14: 19.513895 | H14: 20.146103 | I14: 20.146103
A15: 1.3. | B15: от АО "Самаранефтегаз" | C15: 0.547862 | E15: 0.547862 | H15: 0.453907 | J15: 0.453907
A16: 1.4. | B16: ПАО "МРСК Волги" | C16: 0.033802 | F16: 0.033802 | H16: 0.0686 | K16: 0.0686
A17: 1.5. | B17: ООО "Энергобытобслуживание" | C17: 0.05594 | F17: 0.05594 | H17: 0.0576 | K17: 0.0576
A18: 1.6. | B18: поступление эл.энергии от других организаций | C18: 0 | H18: 0
A19: 2. | B19: Потери электроэнергии в сети | C19: 1.4106049 | D19: 0.6361983 | E19: 0 | F19: 0.7404826 | G19: 0.033924 | H19: 1.452907 | I19: 0.50105766 | J19: 0 | K19: 0.92055734 | L19: 0.031292
B20: то же в % (п. 2/п. 1) | C20: 6.9999999 | D20: 3.2602323 | E20: 0 | F20: 13.353738 | G20: 8.4194538 | H20: 7.0099983 | I20: 2.4871195 | J20: 0 | K20: 15.210814 | L20: 7.0099142
A21: 3. | B21: Расход электроэнергии на производственные | C21: 0 | G21: 0 | H21: -2.4424907e-15 | L21: -2.4424907e-15
B22: и хозяйственные нужды
A23: 4. | B23: Полезный отпуск из сети | C23: 18.740894 | D23: 13.970167 | E23: 0 | F23: 4.401727 | G23: 0.369 | H23: 19.273303 | I23: 14.17316 | J23: 0 | K23: 4.6850391 | L23: 0.41510433
A24: 4.1. | B24: в т.ч.собственным потребителям ЭСО, из них: | C24: 0 | F24: 0 | G24: 0 | H24: 0 | K24: 0
B25: потребителям, присоединенным к центру питания на генераторном напряжении
A26: 4.2. | B26: потребителям оптового
B27: рынка
A28: 4.3. | B28: сальдо переток в другие | C28: 18.740894 | D28: 13.970167 | E28: 0 | F28: 4.401727 | G28: 0.369 | H28: 19.273303 | I28: 14.17316 | J28: 0 | K28: 4.6850391 | L28: 0.41510433
B29: организации

Sheet Баланс электрической мощности
L1: Таблица N П 1.5
A2: Баланс электрической мощности по сетям ВН, СН1, СН11 и НН
A3: АО "РКЦ "Прогресс"
B4: на передачу сторонним потребителям | L4: МВт
A5: п.п. | B5: Показатели | C5: Базовый период | H5: Период регулирования
C6: Всего | D6: ВН | E6: СН1 | F6: СН11 | G6: НН | H6: Всего | I6: ВН | J6: СН1 | K6: СН11 | L6: НН
A7: 1 | B7: 2 | C7: 3 | D7: 4 | E7: 5 | F7: 6 | G7: 7 | H7: 8 | I7: 9 | J7: 10 | K7: 11 | L7: 12
A8: 1. | B8: Поступление мощности в сеть, ВСЕГО | C8: 1.96998 | D8: 1.893 | E8: 0.06265 | F8: 0.67416 | G8: 0.05816 | H8: 2.8220464 | I8: 2.7554464 | J8: 0.052 | K8: 0.84554642 | L8: 0.079455311
A9: 1.1. | B9: из смежной сети | E9: 0 | F9: 0.65983 | G9: 0.05816 | J9: 0 | K9: 0.83094642 | L9: 0.079455311
B10: в т.ч. из ВН | E10: 0 | F10: 0.59718 | J10: 0 | K10: 0.77894642
B11: СН I | C11: 0.06265 | F11: 0.06265 | H11: 0.052 | K11: 0.052
B12: СН II | C12: 0.05816 | G12: 0.05816 | H12: 0.079455311 | L12: 0.079455311
A13: 1.2. | B13: от ПАО "ФСК ЕЭС" | C13: 1.893 | D13: 1.893 | H13: 2.7554464 | I13: 2.7554464
A14: 1.3. | B14: от АО "Самаранефтегаз" | C14: 0.06265 | E14: 0.06265 | H14: 0.052 | J14: 0.052
A15: 1.4. | B15: ПАО "МРСК Волги" | C15: 0.005 | F15: 0.005 | H15: 0.005 | K15: 0.005
A16: 1.5. | B16: ООО "Энергобытобслуживание" | C16: 0.00933 | F16: 0.00933 | H16: 0.0096 | K16: 0.0096
A17: 1.6. | B17: от других организаций
A18: 2. | B18: Потери в сети | C18: 0.1379 | D18: 0.06219 | E18: 0 | F18: 0.07239 | G18: 0.00332 | H18: 0.19783 | I18: 0.0675 | J18: 0 | K18: 0.12476 | L18: 0.00557
B19: то же в % | C19: 7.0000711 | D19: 3.0852615 | E19: 0 | F19: 13.967807 | G19: 6.9983906 | H19: 7.0101611 | I19: 2.4896938 | J19: 0 | K19: 15.214956 | L19: 7.0102299
A20: 3. | B20: Мощность на производственные | C20: 0 | H20: 0 | L20: 0
B21: и хозяйственные нужды
A22: 4. | B22: Полезный отпуск мощности | C22: 1.83208 | D22: 1.23363 | E22: 0 | F22: 0.54361 | G22: 0.05484 | H22: 2.6242164 | I22: 1.909 | J22: 0 | K22: 0.64133111 | L22: 0.073885311
B23: потребителям
A24: 4.1. | B24: в т.ч. заявленная (расчетная) мощность собственных потребителей, пользующихся региональными электрическими сетями | C24: 0 | D24: 0 | E24: 0 | F24: 0 | G24: 0 | H24: 0 | I24: 0 | J24: 0 | K24: 0 | L24: 0
A25: 4.2. | B25: заявленная (расчетная)
B26: мощность потребителей
B27: оптового рынка
A28: 4.3. | B28: в другие организации | C28: 1.83208 | D28: 1.23363 | E28: 0 | F28: 0.54361 | G28: 0.05484 | H28: 2.6242164 | I28: 1.909 | J28: 0 | K28: 0.64133111 | L28: 0.073885311

Sheet НВВ на содержание 2012г.
G1: Форма № 5
C2: к приложению № 1 приказа Министерства энергетики и жилищно-коммунального хозяйства Самарской области от "___" _________2011 года № ___
A3: Отчет о доходах и расходах территориальной сетевой организации, регулирование тарифов на услуги которой осуществляется на основе долгосрочных параметров регулирования деятельности за 2012 год
A5: ФГУП ГНПРКЦ «ЦСКБ-Прогресс»
A6: Сроки предоставления: ежеквартальная - до 30 апреля, 30 июля и 30 октября. Годовая - до 1 апреля.
B7: форма заполняется нарастающим итогом | F7: тыс. руб.
A8: №п/п | B8: Показатель | C8: Ед.изм. | D8: Утверждено на 2012г. | E8: Фактические показатели | G8: Процент превышения (2012факт. без учета собственного потребления)/ (утверждено на 2012г.)
E9: с учетом собственного потребления | F9: без учета собственного потребления
A10: 1 | B10: 2 | C10: 3 | D10: 4 | E10: 5 | F10: 6 | G10: 7 = 6/4
A11: 1 | B11: НВВ сетевой организации ВСЕГО (без учета расходов на оплату услуг территориальных сетевых организаций, расходов на оплату потерь электроэнергии) | C11: тыс.руб. | D11: =D12+D38+D52 -> #REF! | E11: =E12+E38+E52 -> 102471.29 | F11: =F12+F38+F52 -> 13274.454 | G11: =F11/D11 -> #REF! | J11: ='орг. Корр-ка НВВ 2014г.'!F71 -> #REF!
A12: 1.1. | B12: Подконтрольные расходы | C12: тыс.руб. | D12: =D13+D16+D19+D33 -> 1658.6655 | E12: =E13+E16+E19+E33 -> 95498.112 | F12: =F13+F16+F19+F33 -> 12309.15 | G12: =F12/D12 -> 7.4211167 | I12: ='орг. Корр-ка НВВ 2014г.'!F45 -> 1658.6925
A13: 1.1.1. | B13: Материальные затраты | C13: тыс.руб. | D13: ='орг. Корр-ка НВВ 2014г.'!F25 -> 285.558 | E13: =E14+E15 -> 52019 | F13: =F14+F15 -> 7201.0355 | G13: =F13/D13 -> 25.217418
A14: 1.1.1.1. | B14: Сырье, материалы, запасные части, инструмент, топливо | C14: тыс.руб. | E14: 14814 | F14: =E14*($E$78+$E$77+$E$75)/$E$70 -> 2050.7149
A15: 1.1.1.2. | B15: Работы и услуги производственного характера (в т.ч. услуги сторонних организаций по содержанию сетей и распределительных устройств) | C15: тыс.руб. | D15: 285.6 | E15: 37205 | F15: =E15*($E$78+$E$77+$E$75)/$E$70 -> 5150.3206 | G15: =F15/D15 -> 18.033335
A16: 1.1.2. | B16: Расходы на оплату труда | C16: тыс.руб. | D16: ='орг. Корр-ка НВВ 2014г.'!F26 -> 1262.0075 | E16: 33521.112 | F16: =E16*($E$78+$E$77+$E$75)/$E$70 -> 4640.3568 | G16: =F16/D16 -> 3.6769645
A17: 1.1.2.1. | B17: численность персонала | C17: чел. | D17: 13 | E17: 111 | F17: =E17*($E$78+$E$77+$E$75)/$E$70 -> 15.365827 | G17: =F17/D17 -> 1.1819867
A18: 1.1.2.2. | B18: среднемесячная заработная плата | C18: руб. | D18: =D16*1000/12/D17 -> 8089.7917 | E18: =E16*1000/12/E17 -> 25166 | F18: =F16*1000/12/F17 -> 25166 | I18: 25166 | J18: 3483.7513
A19: 1.1.3. | B19: Прочие расходы, всего, в том числе: | C19: тыс.руб. | D19: =SUM(D20:D32) -> 52.3 | E19: 9958 | F19: =F20+F21 -> 467.75792 | G19: =F19/D19 -> 8.943746
A20: 1.1.3.1. | B20: Ремонт основных фондов | C20: тыс.руб. | E20: 3379 | F20: =E20*($E$78+$E$77+$E$75)/$E$70 -> 467.75792
A21: 1.1.3.2. | B21: Оплата работ и услуг сторонних организаций | C21: тыс.руб. | E21: 6567 | F21: =F22+F23+F24+F25+F26+F27 -> 0
A22: 1.1.3.2.1. | B22: услуги связи | C22: тыс.руб. | F22: =E22*($E$78+$E$77+$E$75)/$E$70 -> 0
A23: 1.1.3.2.2. | B23: Расходы на услуги вневедомственной охраны и коммунального хозяйства | C23: тыс.руб. | F23: =E23*($E$78+$E$77+$E$75)/$E$70 -> 0
A24: 1.1.3.2.3. | B24: Расходы на юридические и информационные услуги | C24: тыс.руб. | F24: =E24*($E$78+$E$77+$E$75)/$E$70 -> 0
A25: 1.1.3.2.4. | B25: Расходы на аудиторские и консультационные услуги | C25: тыс.руб. | F25: =E25*($E$78+$E$77+$E$75)/$E$70 -> 0
A26: 1.1.3.2.5. | B26: Транспортные услуги | C26: тыс.руб. | F26: =E26*($E$78+$E$77+$E$75)/$E$70 -> 0
A27: 1.1.3.2.6. | B27: Прочие услуги сторонних организаций | C27: тыс.руб. | F27: =E27*($E$78+$E$77+$E$75)/$E$70 -> 0
A28: 1.1.3.3. | B28: Расходы на командировки и представительские | C28: тыс.руб. | F28: =E28*($E$78+$E$77+$E$75)/$E$70 -> 0
A29: 1.1.3.4. | B29: Расходы на подготовку кадров | C29: тыс.руб. | F29: =E29*($E$78+$E$77+$E$75)/$E$70 -> 0
A30: 1.1.3.5. | B30: Расходы на обеспечение нормальных условий труда и мер по технике безопасности | C30: тыс.руб. | F30: =E30*($E$78+$E$77+$E$75)/$E$70 -> 0
A31: 1.1.3.6. | B31: Расходы на страхование | C31: тыс.руб. | F31: =E31*($E$78+$E$77+$E$75)/$E$70 -> 0
A32: 1.1.3.7. | B32: Другие прочие расходы | C32: тыс.руб. | D32: ='орг. Корр-ка НВВ 2014г.'!F40 -> 52.3 | F32: =E32*($E$78+$E$77+$E$75)/$E$70 -> 0
A33: 1.1.4. | B33: Расходы из прибыли, в т.ч.: | C33: тыс.руб. | D33: 58.8 | E33: =E34+E35+E36 -> 0 | F33: =F34+F35+F36 -> 0
A34: 1.1.4.1. | B34: расходы на обслуживание заемных средств | C34: тыс.руб. | F34: =E34*($E$78+$E$77+$E$75)/$E$70 -> 0
A35: 1.1.4.2. | B35: расходы по коллективным договорам | C35: тыс.руб. | D35: ='орг. Корр-ка НВВ 2014г.'!F43 -> 58.82704 | F35: =E35*($E$78+$E$77+$E$75)/$E$70 -> 0
A36: 1.1.4.3. | B36: прочие расходы из прибыли | C36: тыс.руб. | F36: =E36*($E$78+$E$77+$E$75)/$E$70 -> 0
A38: 1.2. | B38: Неподконтрольные расходы | C38: тыс.руб. | D38: =D39+D40+D41+D42+D43+D47+D48+D49+D50+D51 -> #REF! | E38: =E39+E40+E41+E42+E43+E47+E48+E49+E50+E51+E52 -> 6973.183 | F38: =F39+F40+F41+F42+F43+F47+F48+F49+F50+F51+F52 -> 965.30381 | G38: =F38/D38 -> #REF! | I38: ='орг. Корр-ка НВВ 2014г.'!F62 -> #REF!
A39: 1.2.1. | B39: Оплата услуг ОАО "ФСК ЕЭС" | C39: тыс.руб. | F39: =E39*($E$78+$E$77+$E$75)/$E$70 -> 0
A40: 1.2.2. | B40: Электроэнергия на хоз. нужды | C40: тыс.руб. | F40: =E40*($E$78+$E$77+$E$75)/$E$70 -> 0
A41: 1.2.3. | B41: Теплоэнергия | C41: тыс.руб. | F41: =E41*($E$78+$E$77+$E$75)/$E$70 -> 0
A42: 1.2.4. | B42: Плата за аренду имущества и лизинг | C42: тыс.руб. | F42: =E42*($E$78+$E$77+$E$75)/$E$70 -> 0
A43: 1.2.5. | B43: Налоги, всего, в том числе: | C43: тыс.руб. | D43: =SUM(D44:D46) -> #REF! | E43: =E44+E45+E46 -> 0 | F43: =E43*($E$78+$E$77+$E$75)/$E$70 -> 0
A44: 1.2.5.1. | B44: плата за землю | C44: тыс.руб. | F44: =E44*($E$78+$E$77+$E$75)/$E$70 -> 0
A45: 1.2.5.2. | B45: Налог на имущество | C45: тыс.руб. | D45: ='орг. Корр-ка НВВ 2014г.'!F54 -> #REF! | E45: 0 | F45: =E45*($E$78+$E$77+$E$75)/$E$70 -> 0
A46: 1.2.5.3. | B46: Прочие налоги и сборы | C46: тыс.руб. | F46: =E46*($E$78+$E$77+$E$75)/$E$70 -> 0
A47: 1.2.6. | B47: Отчисления на социальные нужды (ЕСН) | C47: тыс.руб. | D47: ='орг. Корр-ка НВВ 2014г.'!F56 -> 450.5 | E47: 4692.956 | F47: =E47*($E$78+$E$77+$E$75)/$E$70 -> 649.64999 | G47: =F47/D47 -> 1.4420644
A48: 1.2.7. | B48: Амортизация основных средств | C48: тыс.руб. | D48: ='орг. Корр-ка НВВ 2014г.'!F60 -> 80.6 | E48: 2280.227 | F48: =E48*($E$78+$E$77+$E$75)/$E$70 -> 315.65381 | G48: =F48/D48 -> 3.9163004
A49: 1.2.8. | B49: Расходы на финансирование капитальных вложений | C49: тыс.руб. | F49: =E49*($E$78+$E$77+$E$75)/$E$70 -> 0
A50: 1.2.11. | B50: Прочие неподконтрольные расходы | C50: тыс.руб. | F50: =E50*($E$78+$E$77+$E$75)/$E$70 -> 0
A51: 1.2.12. | B51: Налог на прибыль | C51: тыс.руб. | D51: ='орг. Корр-ка НВВ 2014г.'!F58 -> 14.70676 | F51: =E51*($E$78+$E$77+$E$75)/$E$70 -> 0
A52: 1.2.13. | B52: Выпадающие доходы/экономия средств (вспомогательные материалы для выполнения ремонтов собственными силами) | C52: тыс.руб. | D52: ='орг. Корр-ка НВВ 2014г.'!F65 -> 515 | F52: =E52*($E$78+$E$77+$E$75)/$E$70 -> 0
A53: 2 | B53: Затраты на компенсацию потерь электрической энергии | C53: тыс.руб. | E53: Х | F53: 2259
A54: 3 | B54: Платежи компании в адрес смежных сетевых организаций: | C54: тыс.руб. | E54: Х | F54: =SUM(F55:F56) -> 12685.704
A55: 3.1. | B55: ОАО "РЖД" | C55: тыс.руб. | E55: Х | F55: 8.692
A56: 3.2. | B56: ОАО "МРСК Волги" | C56: тыс.руб. | E56: Х | F56: 12677.012
A57: ….. | C57: тыс.руб. | E57: Х
A58: 4 | B58: Платежи в компанию от смежных организаций | C58: тыс.руб. | E58: Х | F58: =SUM(F59:F60) -> 4942.934
A59: 4.1. | B59: М.п. городского округа Самара "Самарский метрополитен" | C59: тыс.руб. | E59: Х | F59: 569.833
A60: 4.2. | B60: ООО "Энерго" | C60: тыс.руб. | E60: Х | F60: 4373.101
A61: …. | C61: тыс.руб. | E61: Х
A62: 5 | B62: Платежи в сетевую организацию по котловым тарифам | C62: тыс.руб. | E62: Х | F62: 15183.061
A63: 6 | B63: Количество условных единиц электрооборудования, необходимых для осуществления регулируемой деятельности. | C63: у.е. | E63: 1744.497 | F63: 577.297
A64: 7 | B64: Протяженность электрических сетей | C64: км. | E64: 88.87 | F64: 16.08
A65: 7.1. | B65: в том числе нуждающихся в замене | C65: км. | E65: 88.87
A66: 8 | B66: Количество аварий и повреждений на сетях | C66: ед. | E66: 0
A67: 9 | B67: Количество аварий и повреждений на сооружениях | C67: ед. | E67: 0
A68: 10 | B68: Износ сетей | C68: % | E68: 70
A69: 11 | B69: Износ оборудования | C69: % | E69: 100
A70: 12 | B70: Поступление в сеть всего | C70: тыс. кВт*ч | E70: 155503.47
A71: 13 | B71: Расход электроэнергии на хозяйственные нужды, всего | C71: тыс. кВт*ч
A72: 14 | B72: Потери электрической энергии, всего | C72: тыс. кВт*ч | E72: 1357.359
B73: в том числе
A74: 14.1. | B74: отнесенные на собственное производство (потребление) | C74: тыс. кВт*ч | E74: 0
A75: 14.2. | B75: технологические потери | C75: тыс. кВт*ч | E75: 1357.359
A76: 15 | B76: Собственное потребление | C76: тыс. кВт*ч | E76: 133976.99
A77: 16 | B77: Передача по транзиту (сальдо-переток) | C77: тыс. кВт*ч | E77: 11789.017 | I77: =(E78+E77+E75)/E70 -> 0.13843087
A78: 17 | B78: Полезный отпуск конечным потербителям | C78: тыс. кВт*ч | E78: 8380.105
B80: Руководитель организации _______________________ | E80: __________________
B81: (подпись) | E81: (расшифровка подписи)
B82: Должностное лицо, ответственное за составление формы
B83: ____________________________________________________ | E83: ______________ | F83: ______________ | G83: ______________
B84: (должность) | E84: (подпись) | F84: (расшифровка подписи) | G84: (расшифровка подписи)
B85: "______" _________________ 20___ год
B86: (дата составления документа)

Sheet Реестр всп.мат.2010 пром.+ПСХ
A1: Реестр документов, подтверждающих поступление электротехнических материалов на обслуживание и ремонт оборудования участка электроснабжения потребителей ФГУП «ГНПРКЦ «ЦСКБ-Прогресс» 2010 г.
G2: на передачу сторонним потребителям
A3: № | B3: Поставщик | C3: Дата | D3: Счет-фактура | E3: Сумма, руб. с НДС | F3: Дата | G3: Платежное поручение | H3: Сумма, руб. с НДС
A4: Цех 2426
A5: 2010 год
A6: 1. | B6: ООО "ЭТК "Содействие" | C6: 31.05.10 | D6: № КЭТ 0003024 | E6: 15336.65 | F6: 28.05.10 | G6: № 10745 | H6: 15336.65
A7: 2. | D7: № КЭТ 0003011 | E7: 6420.78
A8: 3. | D8: № КЭТ 0002999 | E8: 2923.33 | F8: 28.05.10 | G8: № 10804 | H8: 2923.33 | I8: =SUM(E7:E8) -> 9344.11
A9: 4. | C9: 21.06.10 | D9: № КЭТ 0003399 | E9: 15402.52 | F9: 10.06.10 | G9: № 12009 | H9: 104720.99
A10: 5. | D10: № КЭТ 0003411 | E10: 2552.58 | F10: 10.06.10 | G10: № 12032 | H10: 2552.58 | I10: =SUM(E9:E10) -> 17955.1
A11: 6. | D11: № КЭТ 0003397 | E11: 126885.02
A12: 7. | D12: № КЭТ 0003443 | E12: 23553.91 | I12: =SUM(E11:E12) -> 150438.93
A13: 8. | D13: № КЭТ 0003442 | E13: 82142.09 | F13: 10.06.10 | G13: № 12001 | H13: 150438.93
A14: 9. | D14: № КЭТ 0003432 | E14: 3736.47
A15: 10. | C15: 02.07.10 | D15: № КЭТ 0003663 | E15: 2541.72 | I15: =SUM(E13:E15) -> 88420.28 | J15: =H13-I15 -> 62018.65
A16: 11. | D16: № КЭТ 0003654 | E16: 3818.13 | F16: 13.07.10 | G16: № 14959 | H16: 106235.18
A17: 12. | D17: № КЭТ 0003655 | E17: 18842.43 | F17: 13.07.10 | G17: № 14954 | H17: 78349.75
A18: 13. | C18: 20.07.10 | D18: № КЭТ 0003963 | E18: 106235.18 | F18: 13.07.10 | G18: № 14933 | H18: 201596.97
A19: 14. | D19: № КЭТ 0003956 | E19: 5437.44 | I19: =SUM(E18:E19) -> 111672.62
A20: 12. | D20: № КЭТ 0003964 | E20: 78349.75
A21: 13. | C21: 24.09.10 | D21: № КЭТ 0004933 | E21: 17121.51 | F21: 17.09.2010 | G21: № 20618 | H21: 17121.51
A22: 14. | B22: ООО "Раскат" | C22: 19.07.10 | D22: № 42 | E22: 201596.97 | I22: =SUM(E18:E22) -> 408740.85
I23: =SUM(E19:E23) -> 302505.67
I24: =SUM(E20:E24) -> 297068.23
I25: =SUM(E21:E25) -> 218718.48
A26: Итого | E26: =SUM(E6:E25) -> 712896.48 | H26: =SUM(H6:H25) -> 679275.89 | J26: 679275.89
A27: По цеху 2426
A28: Затраты на электротехнические материалы в расчет тарифов на 2011 г. взяты с Кинд.к 2010г. 1,079 и составят: | J28: =#REF!/1.18/9*12/1000 -> #REF!
C29: 679 275,89 /1,18 /1000 х 1,079= | D29: =$H$26/1000/1.18*1.079 -> 621.13448 | E29: тыс.руб. без НДС
A30: На 2012 г. затраты по статье "вспомогательные материалы" проиндексированы на Кинд.к 2011г. = 1,06
B31: и составят = 621,1 х 1,06 = | C31: =D29*1.079 -> 670.2041 | D31: тыс.руб.
A33: № | B33: Поставщик | C33: Дата | D33: Счет-фактура | E33: Сумма, руб. с НДС | F33: Дата | G33: Платежное поручение | H33: Сумма, руб. с НДС
A34: Цех 2496 (подсобное хозяйство)
A35: 2010 год
A36: 1. | B36: ООО "Техкомплектсервис" | C36: 04.02.10 | D36: № Тк0014 | E36: 15642.8 | F36: 03.02.2010 | G36: 68 | H36: 37678.5
A37: 2. | C37: 08.02.10 | D37: № Тк0019 | E37: 20392.5 | F37: 12.02.2010 | G37: 98 | H37: 3180 | J37: =SUM(E36:E37) -> 36035.3 | K37: =SUM(H36:H37) -> 40858.5
A38: 3. | C38: 26.02.10 | D38: № Тк0038 | E38: 24197 | F38: 19.02.2010 | G38: 119 | H38: 24197
A39: 4. | C39: 01.03.10 | D39: № Тк0039 | E39: 6850 | F39: 30.03.2010 | G39: 231 | H39: 6850
A40: 5. | C40: 18.03.10 | D40: № Тк0054 | E40: 78415.88 | F40: 15.03.2010 | G40: 196 | H40: 86085.88
A41: 6. | C41: 18.03.10 | D41: № Тк0055 | E41: 7670 | J41: =SUM(E40:E41) -> 86085.88 | K41: =SUM(H40) -> 86085.88
A42: 7. | C42: 04.05.10 | D42: № Тк0100 | E42: 1195 | J42: =SUM(E36:E41) -> 153168.18 | K42: =SUM(H36:H42) -> 157991.38
A43: 8. | C43: 01.04.10 | D43: № Тк0069 | E43: 20725 | F43: 01.04.2010 | G43: 242 | H43: 20725
A44: 9. | C44: 06.05.10 | D44: № Тк0104 | E44: 12840 | F44: 15.04.2010 | G44: 276 | H44: 3005 | J44: =E42+E44 -> 14035
A45: 10. | C45: 11.06.10 | D45: № Тк0157 | E45: 4350 | F45: 06.05.2010 | G45: 336 | H45: 13045 | J45: =E44+E45 -> 17190 | K45: =H44+H45 -> 16050
A46: 11. | C46: 21.06.10 | D46: № Тк0167 | E46: 37232 | F46: 12.05.2010 | G46: 345 | H46: 990
A47: 12. | C47: 21.06.10 | D47: № Тк0168 | E47: 7716 | F47: 25.05.2010 | G47: 394 | H47: 42545 | J47: =E46+E47 -> 44948 | K47: =H47 -> 42545
A48: 13. | C48: 30.06.10 | D48: № Тк0177 | E48: 16914 | F48: 15.06.2010 | G48: 496 | H48: 41582
A49: 14. | B49: ООО "ЭТМ" | C49: 30.06.10 | D49: № 2.п09.41403 | E49: 1213.49 | F49: 21.06.2010 | G49: 520 | H49: 2815 | J49: =E49+E50 -> 2333.05 | K49: =H49 -> 2815
A50: 15. | C50: 30.06.10 | D50: № 2.п09.41403 | E50: 1119.56
A51: 16. | B51: ООО "Техкомплектсервис" | C51: 02.07.10 | D51: № Тк0181 | E51: 9400 | F51: 24.06.2010 | G51: 534 | H51: 15924
A52: 17. | C52: 16.07.10 | D52: № Тк0196 | E52: 3485 | F52: 29.06.2010 | G52: 544 | H52: 990
A53: 18. | C53: 16.07.10 | D53: № Тк0196 | E53: 4550 | F53: 09.08.2010. | G53: 722 | H53: 5626
A54: 19. | C54: 30.08.10 | D54: № Тк0241 | E54: 7735 | F54: 17.09.2010 | G54: 860 | H54: 38620 | J54: =SUM(E51:E54) -> 25170 | K54: =SUM(H51:H54) -> 61160
A55: 20. | B55: ООО "ЭТМ" | C55: 10.09.10 | D55: № 2.п07.1336 | E55: 35413.81 | F55: 03.09.2010 | G55: 803 | H55: 35414
A56: 21. | B56: ООО "Техкомплектсервис" | C56: 01.10.10 | D56: № Тк0267 | E56: 24225 | F56: 11.10.2010 | G56: 929 | H56: 24225
A57: 22. | C57: 15.10.10 | D57: № Тк0285 | E57: 47687 | F57: 18.10.2010 | G57: 947 | H57: 47687
A58: 23. | C58: 20.10.10 | D58: № Тк0292 | E58: 5740 | F58: 10.11.2010 | G58: 994 | H58: 13340
A59: 24. | C59: 03.11.10 | D59: № 00000309 | E59: 5500 | J59: =SUM(E58:E59) -> 11240
A60: 25. | C60: 13.11.10 | D60: № 00000322 | E60: 7600
A61: 26. | C61: 13.11.10 | D61: № 00000323 | E61: 3250 | F61: 12.11.2010 | G61: 1026 | H61: 3250
A62: 27. | C62: 27.12.10 | D62: № Тк0363 | E62: 21291
A75: Итого | E75: =SUM(E36:E74) -> 432350.04 | H75: =SUM(H36:H74) -> 467774.38
A76: По цеху 2496 ПСХ
A77: Затраты на электротехнические материалы по участку ПСХ в расчет тарифов на 2011 г. взяты | J77: =H26/1.18/9*12/1000 -> 767.54338
A78: с Кинд.к 2010г. 1,079 пропорционально полезному отпуску:
B79: ПСХ | D79: кВтч | E79: доля
C80: На передачу потребителям всего : | D80: =SUM(D82:D83) -> 588.058 | E80: =D80/$D$85*100 -> 22.232329 | J80: ='П1.30 - 07.06.11г.'!C76 -> 6486.583 | S80: =D83/$D$24*100 -> #DIV/0!
C81: в т.ч.
C82: ЗАО ССК | D82: ='П1.30 - 07.06.11г.'!$C$28 -> 531.558
C83: конечные потребители | D83: =16.5+40 -> 56.5
B84: Собственное потребление | D84: ='2012 Баланс '!D10+'2012 Баланс '!E10+'2012 Баланс '!F10 -> 2057 | E84: =D84/$D$85*100 -> 77.767671 | I84: =825+807 -> 1632 | J84: ='2012 Баланс '!C69 -> 0 | S84: =D84/$D$24*100 -> #DIV/0!
B85: Итого | D85: =D80+D84 -> 2645.058 | E85: =SUM(E80:E84) -> 100 | J85: =SUM(J80:J84) -> 6486.583 | S85: =D85/$D$24*100 -> #DIV/0!
A86: Затраты на электротехнические материалы в расчет тарифа на 2011 г. по участку ПСХ на передачу сторонним | J86: =H27/1.18/9*12/1000 -> 0
A87: потребителям составят: | E87: 432 350,04 /1,18 /1000 х 1,079 х22,23%= | F87: =$E$75/1000/1.18*1.079*$E$80/100 -> 87.894137 | G87: тыс.руб. без НДС
A88: На 2012 г. затраты по статье "вспомогательные материалы" по участку ПСХ проиндексированы на Кинд.к 2011г. = 1,06
B89: и составят = 87,9 х 1,06 = | C89: =$F$87*1.06 -> 93.167785 | D89: тыс.руб. без НДС
A91: Итого затраты по статье "вспомогательные материалы" на передачу сторонним потребителям
A92: ФГУП «ГНПРКЦ «ЦСКБ-Прогресс» составляют:
D93: 2011 г. = 621,1 тыс.руб. + 87, 9 тыс.руб. = | E93: =D29+F87 -> 709.02862 | F93: тыс.руб.
D94: 2012 г. = 670,2 тыс.руб. + 93,2 тыс.руб. = | E94: =C31+C89 -> 763.37189 | F94: тыс.руб.
A95: Исполнитель
A96: Харитонова Л. С.

Sheet Реестр вспомог.мат.2011 ПСХ
A1: Реестр документов, подтверждающих поступление электротехнических материалов на обслуживание и ремонт оборудования участка электроснабжения потребителей ФГУП «ГНПРКЦ «ЦСКБ-Прогресс» за 1 полугодие 2011 г.
G2: на передачу сторонним потребителям
A3: № | B3: Поставщик | C3: Дата | D3: Счет-фактура | E3: Сумма, руб. с НДС | F3: Дата | G3: Платежное поручение | H3: Сумма, руб. с НДС
A4: Цех 2496 (подсобное хозяйство)
A5: 1 полугодие 2011 г.
A6: 1. | B6: ООО "Торговый дом техноград" | F6: 10.06.2011 | G6: 256 | H6: 5952
A7: 2. | B7: ООО "Техкомплектсервис" | C7: 11.01.11 | D7: № Тк0001 | E7: 5697 | F7: 25.03.2011 | G7: 112 | H7: 2490
A8: 3. | F8: 31.05.2011 | G8: 235 | H8: 5658.1
A9: 4. | F9: 15.06.2011 | G9: 262 | H9: 5522.4
A10: 5. | F10: 17.06.2011 | G10: 287 | H10: 8968
A11: 6. | F11: 24.06.2011 | G11: 302 | H11: 18874.1
A12: 7.
A13: 8.
A14: 9.
A15: 10.
A16: 11.
A17: 12.
A18: 13.
A19: 16.
A20: 17. | B20: ООО "Техкомплектсервис"
A21: 18.
A22: 19.
A23: 20.
A24: 21. | B24: ООО "ЭТМ"
A25: 22. | B25: ООО "Техкомплектсервис"
A26: 23.
A27: 24.
A28: 25.
A29: 26.
A30: 27.
A31: 28.
A44: Итого | E44: =SUM(E7:E43) -> 5697 | H44: =SUM(H7:H43) -> 41512.6
A47: Исполнитель
A48: Харитонова Л. С.

Sheet Работы и услуги 2011г.
A1: Работы и услуги производственного характера
A2: по участку электроснабжения ФГУП «ГНПРКЦ «ЦСКБ-Прогресс» 2011 г.
D3: на передачу сторонним потребителям | E3: без НДС
A4: № | B4: Наименование работ и услуг | C4: Исполнитель | D4: Обосновывающий документ | E4: 2011 г.
E5: тыс.руб.
A6: Услуги сторонних организаций
A7: 1 | I7: =(71.4+71+40+30)/1.18 -> 180
F9: =SUM(E7:E9) -> 0
A10: 1 | B10: ='РСЭО 2012г.'!B25 -> Ежегодное медицинское освидетельствование электротехнического персонала | E10: =273*1.079-158.9 -> 135.667
A11: 2 | B11: Расходы на стандарты раскрытия информации организации, осуществляющей регулируемые виды деятельности (публикация в газете Волжская коммуна бухгалтерской отчетности) | E11: 30
A12: 3 | B12: Обучение (повышение квалификации по направлению «Электроэнергетика» , проведение предэкзаменационной подготовки электротехнического персонала ) | C12: НОУ «ЦДО «Промэнерго- безопасность» | D12: Счета на оплату от 20.05.2013 г., от 24.06.2013 г.,от 15.11.2013 г. | E12: =1.7+3.4+1.7 -> 6.8 | F12: =8+5.1+1.7+35.7+1.7 -> 52.2 | G12: по плат.
A13: 4 | B13: Экспертиза технологических потерь электрической энергии | C13: ООО "СамараЭСКО" | D13: Дог. № 95/11 от 25.01.2011 г. | E13: =59-9 -> 50
A14: 5 | B14: Организация информационного взаимодействия с органом исполнительной власти субъекта РФ в области государственного регулирования тарифов в рамках функционирования ЕАИС ФСТ | D14: Дог. № 21/11 от 14.01.2011 г. | E14: =17-2.59321 -> 14.40679
A15: 6 | B15: Расчет НВВ на 2012 г., обеспечивающей компенсацию экономически обоснованных расходов на осуществление деятельности по передаче электрической энергии | C15: ООО "СамараЭСКО" | D15: Дог. № 94/11 от 25.01.2011 г. | E15: =70-10.67796 -> 59.32204
B16: Итого услуги | E16: =SUM(E7:E15) -> 296.19583
B17: Итого ремонт п.1 | E17: =SUM(E7:E9) -> 0
A18: Вспомогательные материалы при выполнении работ по ремонту и техническому обслуживанию
A19: 4 | B19: Электротехнические материалы | C19: хоз.способ | D19: счета-фактуры, платежные поручения), расшифровка материальных затрат за 9мес.10 г. (стр.___ дела) | E19: ='Реестр всп.мат.2010 пром.+ПСХ'!E93 -> 709.02862
B20: Итого вспомогательные материалы | E20: =E19 -> 709.02862
B21: ИТОГО | E21: =E16+E20 -> 1005.2244
A24: Примечание:
A25: Затраты по п.1 и п.3 рассчитаны на численность ППП по участку передачи эл.энергии сторонним потребителям - 15 чел.
A27: Исполнитель
A28: Харитонова Л. С.

Sheet РСЭО 2012г.
A1: Расходы по содержанию и эксплуатации оборудования
A2: по участку электроснабжения ФГУП «ГНПРКЦ «ЦСКБ-Прогресс» на 2012 г.
A4: уточненные электротехнические материалы - с учетом участка ПСХ (п.7)
D5: на передачу сторонним потребителям | E5: без НДС
A6: № | B6: Наименование | C6: Исполнитель | D6: Обосновывающий документ | E6: 2012 г.
E7: тыс.руб.
A8: Услуги сторонних организаций
A9: 1. | B9: Ремонтно-строительные работы на ТП | C9: хоз.способ (строительное подразделение) | D9: 2011г. с Кинд.на 2012г.=1,06 | E9: =E10+E18 -> 0
A10: 1.1. | B10: ТП-212 | E10: =SUM(E12:E17) -> 0
B11: материалы на ремонт + зарплата рабочих строительного подразделения
A12: 1.1.1. | B12: Ремонт крыши 42 кв.м
A13: 1.1.2. | B13: Замена 3-х дверей на металлические
A14: 1.1.3. | B14: Ремонт пола 42,0 кв.м
A15: 1.1.4. | B15: Ремонт стен внутри подстанции 138 кв.м
A16: 1.1.5. | B16: Приобретение и монтаж ячеек КРУ-2-10 в кол-ве 6 шт.
A17: 1.1.6. | B17: Обустройство вентиляции
A18: 1.2. | B18: ТП-3 | E18: =SUM(E20:E22) -> 0
B19: материалы на ремонт + зарплата рабочих строительного подразделения
A20: 1.2.1. | B20: Ремонт пола (бетонирование) 40 кв.м
A21: 1.2.2. | B21: Покраска дверей - 4 шт.
A22: 1.2.3. | B22: Приобретение и монтаж ячеек КРУ-2-10
A23: 2. | B23: Проверка сопротивления изоляции кабельных сетей | C23: сторонние организации
A24: 1 | B24: Обучение специалистов правилам и нормам безопасной эксплуатации электроустановок | E24: ='Работы и услуги 2011г.'!E12*1.06 -> 7.208
A25: 2 | B25: Ежегодное медицинское освидетельствование электротехнического персонала | E25: ='Работы и услуги 2011г.'!E10*1.06 -> 143.80702 | H25: =SUM(E23:E25)+E9 -> 151.01502
A26: 5. | B26: Приобретение и монтаж резервного трансформатора ТМ-250 6/0,4 на ТП-203 | I26: =(71.4+71+40+30)/1.18 -> 180
A27: 6. | B27: Ремонт и обслуживание злектрических сетей (90,0тыс.руб.)
A28: 3 | B28: Экспертиза технологических потерь электрической энергии, расчет и обоснование тарифов на услуги по передаче электроэнергии , ЕИАС | C28: ООО "СамараЭСКО" | E28: ='Работы и услуги 2011г.'!E13+'Работы и услуги 2011г.'!E14+'Работы и услуги 2011г.'!E15 -> 123.72883
A29: 4 | B29: Расходы на стандарты раскрытия информации организации, осуществляющей регулируемые виды деятельности (публикация в газете Волжская коммуна бухгалтерской отчетности) | C29: сторонняя организация | D29: Постановление правительства РФ от 30.12.2009г. № 1140 | E29: ='Работы и услуги 2011г.'!E11 -> 30
B30: Итого услуги | E30: =SUM(E23:E29)+E9 -> 304.74385
B31: Итого ремонт п.1 | E31: =E9+E27 -> 0
A32: Вспомогательные материалы
A33: 5 | B33: Обеспечение огнетушителями, средствами электрозащиты, медицинскими аптечками и т.д. (противоаварийные и противопожарные мероприятия) | C33: сторонние организации | E33: =8+4.5+7.5+12 -> 32
A34: 6 | B34: Расходы на приобретение спецодежды | E34: =ROUND((50.2958970767035),1) -> 50.3 | H34: 50.295897
A35: 7 | B35: Расходы на приобретение инструмента и инвентаря электрохозяйственного назначения (бокорезы, отвертки, пассатижы, круглогубцы, вольтметры)
A36: 8 | B36: Расходы на трансформаторное масло | G36: =SUM(E33:E37) -> 82.3
A37: 9 | B37: Вспомогательные материалы для проведения профилактических работ на ТП
A38: 7 | B38: Электротехнические материалы (ремонт и обслуживание злектрических сетей и ТП) | C38: хоз.способ | D38: по факту 2010 г. с учетом Кинд.к 2011г.= 1,079 и Кинд.к 2012г.=1,06 | E38: ='Реестр всп.мат.2010 пром.+ПСХ'!E94 -> 763.37189 | H38: =710.2-'Реестр всп.мат.2010 пром.+ПСХ'!C89 -> 617.03222
B39: Итого вспомогательные материалы | E39: =SUM(E33:E38) -> 845.67189
B40: ИТОГО | E40: =E30+E39 -> 1150.4157 | G40: =1115-90+E38 -> 1788.3719 | H40: 1087.2642 | I40: 1180.5156
I41: =E40-H40 -> 63.151539
D42: На 2012 г. затраты по статье "электротехнические материалы" проиндексированы на Кинд.к 2010г. = 1,079 И к =1,06 | I42: ='Реестр всп.мат.2010 пром.+ПСХ'!J77*1.07 -> 821.27142
B43: и составят (тыс.руб. ) = 393,7 тыс.руб. х 1,079 = | D43: ='Реестр всп.мат.2010 пром.+ПСХ'!F87*1.079*1.06 -> 100.52804
A44: Примечание:
A45: Затраты по п.6 "Расходы на приобретение спецодежды" рассчитаны на численность ППП по участку передачи эл.энергии
A46: сторонним потребителям - 16 чел.
A63: Исполнитель
A64: Харитонова Л. С.

Sheet Распред.приб. на соц.разв.2011
A1: Прибыль на социальное развитие, оздоровление и отдых
A2: по участку передачи электрической энергии
A3: ФГУП «ГНПРКЦ «ЦСКБ-Прогресс»
A6: № | B6: Статьи затрат | C6: План 2011 г., тыс. руб
A9: 1 | B9: Расходы социального характера - выплаты и льготы работникам (премии к праздничным датами, поощрения к юбилеям, прочие премии из прибыли) | C9: =5*5 -> 25
A10: 2 | B10: Материальная помощь (к отпуску, по заявлениям и т.д.) | C10: =5*5 -> 25
A11: 3 | B11: Лечение и оздоровление работников и членов семей работников | C11: =2*20 -> 40
A12: 4 | B12: Организация культмассовых мероприятий (приобретение детских новогодних подарков, проведение праздников и др.) | C12: =2*1+3*5 -> 17
A13: 5
B14: Итого | C14: =SUM(C9:C13) -> 107
E16: 2009г. | G16: 9 мес.2010 г. | H16: 2010 г.
E17: =552.6 -> 552.6 | F17: т.р. | G17: 320
E18: =E17/242 -> 2.2834711 | F18: на 1-ого раб. | G18: =320/227 -> 1.4096916 | H18: =G18/9*12 -> 1.8795888
A20: Первый зам. генерального директора -
A21: главный инженер | C21: С. В. Тюлевин
A26: Главный бухгалтер | C26: Дедюрина Н.В.

Sheet П 1.17 цех.
D1: Таблица N П1.17
A3: Расчет амортизационных отчислений
A4: на восстановление основных производственных фондов
A5: общецехового назначения энергохозяйства ФГУП «ГНПРКЦ «ЦСКБ-Прогресс»
D7: тыс. руб.
A8: п/п | B8: Показатели | C8: Базовый период | D8: Период регулирования
A9: 1. | B9: Первоначальная стоимость основных производственных фондов на начало периода регулирования
A10: 2. | B10: Балансовая (остаточная) стоимость основных производственных фондов на начало периода регулирования
A11: 3. | B11: Ввод основных производственных фондов
A12: 4. | B12: Выбытие основных производственных фондов
A13: 5. | B13: Средняя за отчетный период стоимость основных производственных фондов
A14: 6. | B14: Средняя норма амортизации
A15: 7. | B15: Сумма амортизационных отчислений | C15: ='Амортизация цех10г. - 11г.'!K7*'Амортизация цех10г. - 11г.'!I13/1000 -> 0 | D15: =C15 -> 0
A18: Первый зам. генерального директора -
A19: главный инженер | D19: С. В. Тюлевин
B43: Исполнитель
B44: Харитонова Л. С.

Sheet Амортизация цех10г. - 11г.
A1: Расчет амортизационных отчислений
A2: общецехового назначения энергохозяйства ОАО «1253 ЦРБРЛВ»
A3: 2010 г. - 2011 г.
H4: скрыть | L4: руб.
A5: Наименование | B5: Инв. № | C5: г.вв. | D5: Балансовая стоимость | E5: Остаточная стоимость на 01.01.10г. | F5: Ввод октябрь 2010 г. | G5: Амортиза- ция за январь 2010г. | H5: Остаточная стоимость на 01.11.10г. | I5: Амортиза- ция за 2010год, руб. | J5: Остаточная стоимость на 01.01.11г. | K5: Амортиза- ция за 2011год, руб. | L5: Остаточная стоимость на 01.01.12г. | M5: Норма аморти- зации 2011г., %
A6: Здание № 20 (энергомеханический участок) | B6: 100020 | C6: 1957 | H6: =E6-G6*10 -> 0 | I6: =G6*12 -> 0 | J6: =E6+F6-I6 -> 0 | K6: =I6 -> 0 | L6: =J6-K6 -> 0 | M6: =K6/D6*100 -> #DIV/0!
A7: Итого | D7: =D6 -> 0 | E7: =E6 -> 0 | F7: =F6 -> 0 | G7: =G6 -> 0 | H7: =H6 -> 0 | I7: =I6 -> 0 | J7: =J6 -> 0 | K7: =K6 -> 0 | ... M7: =M6 -> #DIV/0!
A9: Амортизация общецехового назначения энергохозяйства распределена на участок передачи электроэнергии пропорционально основной зарплате рабочих службы ЭМО.
A10: Согласно предоставленному штатному расписанию службы энергомеханического обеспечения
A11: тарифная ставка (оклад) в месяц производственных рабочих участка энергоснабжения (4 чел.) - 30 070,00 руб.,
A12: тарифная ставка (оклад) в месяц всех рабочих службы ЭМО (15,5 чел.) - 98 604,60 руб.
G13: Доля на участок передачи электроэнергии составит Д = 30 070,00 руб. / 98 604,60 тыс.руб. = | I13: =30070/98604.6 -> 0.30495535
A14: Амортизационные отчисления общецехового назначения энергохозяйства ОАО «1253 ЦРБРЛВ» на участок электроснабжения составят - | L14: =K7/1000*I13 -> 0 | N14: тыс.руб.
A15: (7 078,20 руб. / 1000 х 30,50% = 2,2 тыс.руб.)
A17: Исполнитель
A18: Харитонова Л. С.

Sheet П 1.17 ОХР
D1: Таблица N П1.17
A3: Расчет амортизационных отчислений
A4: на восстановление основных производственных фондов
A5: общезаводского назначения ФГУП «ГНПРКЦ «ЦСКБ-Прогресс»
D7: тыс. руб.
A8: п/п | B8: Показатели | C8: Базовый период | D8: Период регулирования
A9: 1. | B9: Первоначальная стоимость основных производственных фондов на начало периода регулирования
A10: 2. | B10: Балансовая (остаточная) стоимость основных производственных фондов на начало периода регулирования
A11: 3. | B11: Ввод основных производственных фондов
A12: 4. | B12: Выбытие основных производственных фондов
A13: 5. | B13: Средняя за отчетный период стоимость основных производственных фондов
A14: 6. | B14: Средняя норма амортизации
A15: 7. | B15: Сумма амортизационных отчислений | C15: =#REF! -> #REF! | D15: =#REF! -> #REF!
A22: Первый зам. генерального директора -
A23: главный инженер | D23: С. В. Тюлевин
B45: Исполнитель
B46: Харитонова Л. С.

Sheet 1 И 2 ПОЛУГОДИЕ 2012
A1: Единые (котловые) тарифы на услуги по передаче | I1: платит Самараэнерго по одноставочным
A2: электрической энергии по сетям Самарской области
L3: по договорам 2012 г. (Самараэнерго - одноставочный)
A4: 2009 г.
A5: Уровень напря- жения | B5: 2-х ставочный | F5: одноставочный | H5: часов в год
B6: Ставка за содержание электрических сетей | C6: Индекс роста к пред. году | D6: Ставка за оплату потерь электрической энергии в сетях | E6: Индекс роста к пред. году | F6: Тариф на услуги по передаче электрической энергии | G6: Индекс роста к пред. году
B7: ТСОД | C7: % | D7: ТПОТ | E7: % | G7: % | H7: чччи
B8: руб./МВт.мес. | D8: руб./МВт.ч. | F8: руб./МВт.ч. | H8: час.
A9: ВН | B9: 124404 | D9: 228.06 | F9: 433 | H9: =(B9*12/(F9-D9)) -> 7284.3174
A10: СН1 | B10: 166069 | D10: 749.32 | F10: 1022.95 | H10: =(B10*12/(F10-D10)) -> 7282.9295
A11: СН2 | B11: 417747 | D11: 810.58 | F11: 1498.78 | H11: =(B11*12/(F11-D11)) -> 7284.1674
A12: НН | B12: 481133 | D12: 1074.45 | F12: 1903 | H12: =(B12*12/(F12-D12)) -> 6968.3133
A13: Население | H13: =(B13*12/(F13-D13)) -> #DIV/0!
A15: 2010 г.
A16: Уровень напря- жения | B16: 2-х ставочный | F16: одноставочный | H16: часов в год
B17: Ставка за содержание электрических сетей | C17: Индекс роста к пред. году | D17: Ставка за оплату потерь электрической энергии в сетях | E17: Индекс роста к пред. году | F17: Тариф на услуги по передаче электрической энергии | G17: Индекс роста к пред. году
B18: ТСОД | C18: % | D18: ТПОТ | E18: % | G18: % | H18: чччи
B19: руб./МВт.мес. | D19: руб./МВт.ч. | F19: руб./МВт.ч. | H19: час.
A20: ВН | B20: 300621.82 | C20: =B20/B9-1 -> 1.4164964 | D20: 176.8 | E20: =D20/D9-1 -> -0.22476541 | F20: 592.41 | G20: =F20/F9-1 -> 0.36815242 | H20: =(B20*12/(F20-D20)) -> 8679.9207
A21: СН1 | B21: 490793.23 | C21: =B21/B10-1 -> 1.9553573 | D21: 180 | E21: =D21/D10-1 -> -0.7597822 | F21: 969.48 | G21: =F21/F10-1 -> -0.052270394 | H21: =(B21*12/(F21-D21)) -> 7459.9974
A22: СН2 | B22: 680321 | C22: =B22/B11-1 -> 0.6285479 | D22: 210 | E22: =D22/D11-1 -> -0.74092625 | F22: 1441.35 | G22: =F22/F11-1 -> -0.038317832 | H22: =(B22*12/(F22-D22)) -> 6630.0012
A23: НН | B23: 851305.82 | C23: =B23/B12-1 -> 0.76937732 | D23: 432 | E23: =D23/D12-1 -> -0.59793383 | F23: 2296.17 | G23: =F23/F12-1 -> 0.20660536 | H23: =(B23*12/(F23-D23)) -> 5480.0098
A24: Население | B24: 116581.82 | D24: 162.7 | F24: 380.24 | H24: =(B24*12/(F24-D24)) -> 6430.9177
F25: на 2011г. изм. пр.27 от 28.04.11
A26: 2011 г. | J26: с 01.01.2011
A27: Уровень напря- жения | B27: 2-х ставочный | F27: одноставочный | H27: часов в год
B28: Ставка за содержание электрических сетей | C28: Индекс роста к пред. году | D28: Ставка за оплату потерь электрической энергии в сетях | E28: Индекс роста к пред. году | F28: Тариф на услуги по передаче электрической энергии | G28: Индекс роста к пред. году | J28: 2011 г. к 2009 г. (за два года)
B29: ТСОД | C29: % | D29: ТПОТ | E29: % | G29: % | H29: ччим | J29: двухстав. | L29: одностав.
B30: руб./МВт.мес. | D30: руб./МВт.ч. | F30: руб./МВт.ч. | H30: час. | J30: содерж. | K30: опл.пот.
A31: ВН | B31: 364484.63 | C31: =B31/B20-1 -> 0.21243571 | D31: 151.36 | E31: =D31/D20-1 -> -0.1438914 | F31: 671 | G31: =F31/F20-1 -> 0.1326615 | H31: =(B31*12/(F31-D31)) -> 8417.0109 | J31: =B31/B9-1 -> 1.9298465 | K31: =D31/D9-1 -> -0.336315 | L31: =F31/F9-1 -> 0.54965358 | N31: 0.21461488
A32: СН1 | B32: 684381.17 | C32: =B32/B21-1 -> 0.3944389 | D32: 162.12 | E32: =D32/D21-1 -> -0.099333333 | F32: 1153.65 | G32: =F32/F21-1 -> 0.18996782 | H32: =(B32*12/(F32-D32)) -> 8282.7288 | J32: =B32/B10-1 -> 3.1210652 | K32: =D32/D10-1 -> -0.78364384 | L32: =F32/F10-1 -> 0.12776773 | N32: 0.2451211
A33: СН2 | B33: 942948.34 | C33: =B33/B22-1 -> 0.38603445 | J33: =B33/B11-1 -> 1.2572235 | K33: =D33/D11-1 -> -1 | L33: =F33/F11-1 -> -1 | N33: 0.35747736
A34: НН | B34: 1640145.1 | C34: =B34/B23-1 -> 0.9266227 | D34: 472.06 | E34: =D34/D23-1 -> 0.092731481 | F34: 2747.68 | G34: =F34/F23-1 -> 0.19663614 | H34: =(B34*12/(F34-D34)) -> 8648.9578 | J34: =B34/B12-1 -> 2.4089225 | K34: =D34/D12-1 -> -0.56064963 | L34: =F34/F12-1 -> 0.44386758 | N34: 0.32037262
A35: Население | B35: 133702.84 | C35: =B35/B24-1 -> 0.1468584 | D35: 150 | E35: =D35/D24-1 -> -0.078057775 | F35: 437.28 | G35: =F35/F24-1 -> 0.15001052 | H35: =(B35*12/(F35-D35)) -> 5584.914 | N35: -0.38102251
A37: 2012 г.
A38: Уровень напря- жения | B38: 2-х ставочный | F38: одноставочный | H38: часов в год
B39: Ставка за содержание электрических сетей | C39: Индекс роста к пред. году | D39: Ставка за оплату потерь электрической энергии в сетях | E39: Индекс роста к пред. году | F39: Тариф на услуги по передаче электрической энергии | G39: Индекс роста к пред. году
B40: ТСОД | C40: % | D40: ТПОТ | E40: % | H40: ччим
B41: руб./МВт.мес. | D41: руб./МВт.ч. | F41: руб./МВт.ч. | G41: % | H41: час.
A42: ВН | B42: 427956.36 | C42: =B42/B31-1 -> 0.17414103 | D42: 179.28 | E42: =D42/D31-1 -> 0.18446089 | F42: 789.41 | G42: =F42/F31-1 -> 0.17646796 | H42: =(B42*12/(F42-D42)) -> 8417.0198
A43: СН1 | B43: 781756.21 | C43: =B43/B32-1 -> 0.14228188 | D43: 191.71 | E43: =D43/D32-1 -> 0.18251912 | F43: 1324.32 | G43: =F43/F32-1 -> 0.14793915 | H43: =(B43*12/(F43-D43)) -> 8282.705
A44: СН2 | B44: 1110334.7 | C44: =B44/B33-1 -> 0.17751384 | D44: 469.5 | E44: =D44/D33-1 -> #DIV/0! | F44: 2146.56 | G44: =F44/F33-1 -> #DIV/0! | H44: =(B44*12/(F44-D44)) -> 7944.8658
A45: НН | B45: 2019526.5 | C45: =B45/B34-1 -> 0.23130963 | D45: 535.8 | E45: =D45/D34-1 -> 0.13502521 | F45: 3325.91 | G45: =F45/F34-1 -> 0.21044299 | H45: =(B45*12/(F45-D45)) -> 8685.7929
A46: Население | B46: 22308.96 | C46: =B46/B35-1 -> -0.8331452 | D46: 210.289 | E46: =D46/D35-1 -> 0.40192667 | F46: 258.21 | G46: =F46/F35-1 -> -0.40950878 | H46: =(B46*12/(F46-D46)) -> 5586.4343
A48: 1 полугодие 2012 г.
A49: Уровень напря- жения | B49: 2-х ставочный | F49: одноставочный | H49: часов в 1 полугодии
B50: Ставка за содержание электрических сетей | C50: Индекс роста к пред. году | D50: Ставка за оплату потерь электрической энергии в сетях | E50: Индекс роста к пред. году | F50: Тариф на услуги по передаче электрической энергии | G50: Индекс роста к пред. году
B51: ТСОД | C51: % | D51: ТПОТ | E51: % | G51: % | H51: ччим
B52: руб./МВт.мес. | D52: руб./МВт.ч. | F52: руб./МВт.ч. | H52: час.
A53: ВН | B53: 364484.63 | C53: =B53/B31-1 -> 0 | D53: 151.36 | E53: =D53/D31-1 -> 0 | F53: 671 | G53: =F53/F31-1 -> 0 | H53: =(B53*6/(F53-D53)) -> 4208.5055
A54: СН1 | B54: 684381.17 | C54: =B54/B32-1 -> 0 | D54: 162.12 | E54: =D54/D32-1 -> 0 | F54: 1153.65 | G54: =F54/F32-1 -> 0 | H54: =(B54*6/(F54-D54)) -> 4141.3644
A55: СН2 | B55: 942948.34 | C55: =B55/B33-1 -> 0 | D55: 414.16 | E55: =D55/D33-1 -> #DIV/0! | F55: 1847.1 | G55: =F55/F33-1 -> #DIV/0! | H55: =(B55*6/(F55-D55)) -> 3948.3091
A56: НН | B56: 1640145.1 | C56: =B56/B34-1 -> 0 | D56: 472.06 | E56: =D56/D34-1 -> 0 | F56: 2747.68 | G56: =F56/F34-1 -> 0 | H56: =(B56*6/(F56-D56)) -> 4324.4789
A57: Население | F57: 437.28 | G57: =F57/F35-1 -> 0
A59: 2 полугодие 2012 г.
A60: Уровень напря- жения | B60: 2-х ставочный | F60: одноставочный | H60: часов во 2 полугодии | I60: часов в год
B61: Ставка за содержание электрических сетей | C61: Индекс роста к пред. году | D61: Ставка за оплату потерь электрической энергии в сетях | E61: Индекс роста к пред. году | F61: Тариф на услуги по передаче электрической энергии | G61: Индекс роста к пред. году
B62: ТСОД | C62: % | D62: ТПОТ | E62: % | G62: % | H62: ччим | I62: ччим
B63: руб./МВт.мес. | D63: руб./МВт.ч. | F63: руб./МВт.ч. | H63: час. | I63: час.
A64: ВН | B64: 397387.35 | C64: =B64/B53-1 -> 0.0902719 | D64: 158.29 | E64: =D64/D53-1 -> 0.045784884 | F64: 690.41 | G64: =F64/F53-1 -> 0.028926975 | H64: =(B64*6/(F64-D64)) -> 4480.8015 | I64: =H53+H64 -> 8689.307
A65: СН1 | B65: 740597.33 | C65: =B65/B54-1 -> 0.082141594 | D65: 168.14 | E65: =D65/D54-1 -> 0.037132988 | F65: 1174.03 | G65: =F65/F54-1 -> 0.01766567 | H65: =(B65*6/(F65-D65)) -> 4417.5645 | I65: =H54+H65 -> 8558.9289
A66: СН2 | B66: 1021368.4 | C66: =B66/B55-1 -> 0.0831648 | D66: 432.48 | E66: =D66/D55-1 -> 0.044234112 | F66: 1817.25 | G66: =F66/F55-1 -> -0.016160468 | H66: =(B66*6/(F66-D66)) -> 4425.4358 | I66: =H55+H66 -> 8373.7449
A67: НН | B67: 1766107.6 | C67: =B67/B56-1 -> 0.076799607 | D67: 495.34 | E67: =D67/D56-1 -> 0.049315765 | F67: 2688.41 | G67: =F67/F56-1 -> -0.021570925 | H67: =(B67*6/(F67-D67)) -> 4831.8776 | I67: =H56+H67 -> 9156.3565
A68: Население | F68: 422.2 | G68: =F68/F57-1 -> -0.034485913
A70: 1 полугодие 2013 г.
A71: Уровень напря- жения | B71: 2-х ставочный | F71: одноставочный | H71: часов в 1 полугодии
B72: Ставка за содержание электрических сетей | C72: Индекс роста к пред. году | D72: Ставка за оплату потерь электрической энергии в сетях | E72: Индекс роста к пред. году | F72: Тариф на услуги по передаче электрической энергии | G72: Индекс роста к пред. году
B73: ТСОД | C73: % | D73: ТПОТ | E73: % | H73: ччим
B74: руб./МВт.мес. | D74: руб./МВт.ч. | F74: руб./МВт.ч. | G74: % | H74: час.
A75: ВН | B75: 397387.35 | C75: =B75/B64-1 -> 0 | D75: 158.29 | E75: =D75/D64-1 -> 0 | F75: 690.41 | G75: =F75/F64-1 -> 0 | H75: =(B75*6/(F75-D75)) -> 4480.8015
A76: СН1 | B76: 740597.33 | C76: =B76/B65-1 -> 0 | D76: 168.14 | E76: =D76/D65-1 -> 0 | F76: 1174.03 | G76: =F76/F65-1 -> 0 | H76: =(B76*6/(F76-D76)) -> 4417.5645
A77: СН2 | B77: 1021368.4 | C77: =B77/B66-1 -> 0 | D77: 432.48 | E77: =D77/D66-1 -> 0 | F77: 1817.25 | G77: =F77/F66-1 -> 0 | H77: =(B77*6/(F77-D77)) -> 4425.4358
A78: НН | B78: 1766107.6 | C78: =B78/B67-1 -> 0 | D78: 495.34 | E78: =D78/D67-1 -> 0 | F78: 2688.41 | G78: =F78/F67-1 -> 0 | H78: =(B78*6/(F78-D78)) -> 4831.8776
A79: Население | F79: 422.2 | G79: =F79/F68-1 -> 0
A81: 2 полугодие 2013 г.
A82: Уровень напря- жения | B82: 2-х ставочный | F82: одноставочный | H82: часов во 2 полугодии | I82: часов в год
B83: Ставка за содержание электрических сетей | C83: Индекс роста к пред. году | D83: Ставка за оплату потерь электрической энергии в сетях | E83: Индекс роста к пред. году | F83: Тариф на услуги по передаче электрической энергии | G83: Индекс роста к пред. году
B84: ТСОД | C84: % | D84: ТПОТ | E84: % | H84: ччим | I84: ччим
B85: руб./МВт.мес. | D85: руб./МВт.ч. | F85: руб./МВт.ч. | G85: % | H85: час. | I85: час.
A86: ВН | B86: 448807.96 | C86: =B86/B75-1 -> 0.1293967 | D86: 182.92 | E86: =D86/D75-1 -> 0.15560048 | F86: 779.62 | G86: =F86/F75-1 -> 0.12921308 | H86: =(B86*6/(F86-D86)) -> 4512.9006 | I86: =H75+H86 -> 8993.7021
A87: СН1 | B87: 815684.34 | C87: =B87/B76-1 -> 0.10138709 | D87: 173.48 | E87: =D87/D76-1 -> 0.031759248 | F87: 1325.68 | G87: =F87/F76-1 -> 0.12917046 | H87: =(B87*6/(F87-D87)) -> 4247.6185 | I87: =H76+H87 -> 8665.183
A88: СН2 | B88: 1123518.3 | C88: =B88/B77-1 -> 0.10001276 | D88: 480.74 | E88: =D88/D77-1 -> 0.11158898 | F88: 2041.19 | G88: =F88/F77-1 -> 0.12323016 | H88: =(B88*6/(F88-D88)) -> 4319.9782 | I88: =H77+H88 -> 8745.414
A89: НН | B89: 1832396 | C89: =B89/B78-1 -> 0.03753359 | D89: 509.65 | E89: =D89/D78-1 -> 0.028889248 | F89: 3019.54 | G89: =F89/F78-1 -> 0.12316946 | H89: =(B89*6/(F89-D89)) -> 4380.4214 | I89: =H78+H89 -> 9212.299
A90: Население | F90: 632.74 | G90: =F90/F79-1 -> 0.49867361
A92: 2014 г. | I92: исправить
A93: Уровень напря- жения | B93: 2-х ставочный | F93: одноставочный | H93: часов в год
B94: Ставка за содержание электрических сетей | C94: Индекс роста к пред. году | D94: Ставка за оплату потерь электрической энергии в сетях | E94: Индекс роста к пред. году | F94: Тариф на услуги по передаче электрической энергии | G94: Индекс роста к пред. году
B95: ТСОД | C95: % | D95: ТПОТ | E95: % | H95: ччим
B96: руб./МВт.мес. | D96: руб./МВт.ч. | F96: руб./МВт.ч. | G96: % | H96: час.
A97: ВН | B97: 556235.52 | C97: =B97/B86-1 -> 0.23936198 | D97: 233.02 | E97: =D97/D75-1 -> 0.47210816 | F97: 1026.03 | G97: =F97/F75-1 -> 0.48611695 | H97: =(B97*12/(F97-D97)) -> 8417.077
A98: СН1 | B98: 1016086.2 | C98: =B98/B76-1 -> 0.37198203 | D98: 249.17 | E98: =D98/D76-1 -> 0.48191983 | F98: 1721.28 | G98: =F98/F76-1 -> 0.46612949 | H98: =(B98*12/(F98-D98)) -> 8282.6927
A99: СН2 | B99: 1443155.6 | C99: =B99/B77-1 -> 0.41296275 | D99: 600.1 | E99: =D99/D77-1 -> 0.38757862 | F99: 2789.99 | G99: =F99/F77-1 -> 0.53528133 | H99: =(B99*12/(F99-D99)) -> 7908.099
A100: НН | B100: 2624875.9 | C100: =B100/B78-1 -> 0.48624914 | D100: 684.4 | E100: =D100/D78-1 -> 0.38167723 | F100: 4322.84 | G100: =F100/F78-1 -> 0.60795414 | H100: =(B100*12/(F100-D100)) -> 8657.1473
A101: Население | B101: 28996.04 | C101: =B101/B79-1 -> #DIV/0! | D101: 273.31 | E101: =D101/D79-1 -> #DIV/0! | F101: 335.61 | G101: =F101/F79-1 -> -0.20509237 | H101: =(B101*12/(F101-D101)) -> 5585.112
A104: 1 полугодие 2015 г.
A105: Уровень напря- жения | B105: 2-х ставочный | F105: одноставочный | H105: часов в год | I105: верно
B106: Ставка за содержание электрических сетей | C106: Индекс роста к пред. году | D106: Ставка за оплату потерь электрической энергии в сетях | E106: Индекс роста к пред. году | F106: Тариф на услуги по передаче электрической энергии | G106: Индекс роста к пред. году
B107: ТСОД | C107: % | D107: ТПОТ | E107: % | H107: ччим
B108: руб./МВт.мес. | D108: руб./МВт.ч. | F108: руб./МВт.ч. | G108: % | H108: час.
A109: ВН | B109: 446315.56 | C109: =B109/B97-1 -> -0.19761406 | D109: 182.68 | E109: =D109/D97-1 -> -0.21603296 | F109: 783.69 | G109: =F109/F97-1 -> -0.23619192 | H109: =(B109*12/(F109-D109)) -> 8911.3105
...

Sheet 2012
A1: Расчет по договорам оказания услуг по передаче электрической энергии на 2012 г.
A2: ФГУП «ГНПРКЦ «ЦСКБ-Прогресс»
A3: Объемы организ.по стр-ре Самараэнерго
B4: Единые (котловые) тарифы на услуги по передаче электрической энергии на 2010 г.
B6: Уровень напряжения | D6: Ставка за содержание электрических сетей | E6: Ставка за оплату потерь электрической энергии в сетях | F6: Тариф на услуги по передаче электрической энергии
D8: ТСОД | E8: ТПОТ
D9: руб./МВт.мес. | E9: руб./МВт.ч | F9: руб./МВт.ч | G9: часов в год
B10: ВН | D10: 300621.82 | E10: 176.8 | F10: 592.41 | G10: =(D10*12/(F10-E10)) -> 8679.9207
B11: СН1 | D11: 490793.23 | E11: 180 | F11: 969.48 | G11: =(D11*12/(F11-E11)) -> 7459.9974
B12: СН2 | D12: 680321 | E12: 210 | F12: 1441.35 | G12: =(D12*12/(F12-E12)) -> 6630.0012 | H12: МРСК
B13: НН | D13: 851305.82 | E13: 432 | F13: 2296.17 | G13: =(D13*12/(F13-E13)) -> 5480.0098 | H13: =(365-53)*16 -> 4992 | I13: 16 час.в день, за "_" воскрес. | L13: 16 час.в день, за "_" воскрес.
B15: Показатели | D15: Полезный отпуск | F15: Единый (котловой) тариф | I15: Платежи за год, тыс.руб.
F16: двухставочный | H16: одно- ставочный | I16: по 2- ставочному | L16: по одностав. 2012 г.
D17: Мощность, Мвт | E17: ЭЭ, тыс.кВт.ч | F17: Ставка за содержание электрических сетей, руб./ МВт.мес. | G17: Ставка за оплату потерь электрической энергии в сетях, руб./МВт.ч | H17: по факту потребления электро- энергии, руб./МВт.ч | I17: Содержание | J17: Потери | K17: Итого | L17: Содер- жание | M17: Потери | N17: Итого
A18: 1 | B18: 2 | D18: 3 | E18: 4 | F18: 5 | G18: 6 | H18: 7 | I18: 8= ст.3 х ст.5 х 12 мес. | J18: 9= ст.4 х ст.6 | K18: 10=8+9 | L18: 11 | M18: 12 | N18: 13 | O18: потери, тыс.руб. | Q18: по дог.должно получ.
A19: I. | B19: Необходимая валовая выручка (НВВ) | I19: 2744.8 | J19: =E42*E43/1000 -> 2216.7543 | K19: =ROUND((I19+J19),1) -> 4961.6 | L19: при работе с сетевыми по одностав.тарифу | N19: =N23-N31+N36 -> 5002.0371 | O19: =$E$42*$E$43/1000 -> 2216.7543 | Q19: =N23+K36-N32-K35 -> 15947.535
B20: Тарифная выручка | I20: =I23+I36-I31 -> 3764.1667 | J20: =ROUND((J23+J36-J31),1) -> 2944.4 | K20: =ROUND((I20+J20),1) -> 6708.6 | L20: при работе по 2-х став.тарифу с ОАО "МРСК Волги" | N20: =N23-K31+N36 -> 5009.7354
B21: Строка проверки | I21: =K19-K20 -> -1747
A22: II. | B22: Платежи ОАО "Самараэнерго" в адрес ФГУП «ГНПРКЦ «ЦСКБ-Прогресс» | I22: по двухставочному тарифу | L22: по одноставочному тарифу
I23: =SUM(I25:I29) -> 11373.245 | J23: =SUM(J25:J29) -> 2756.1878 | K23: =I23+J23 -> 14129.433 | N23: =SUM(N25:N29) -> 12425.6 | O23: =N23-K23 -> -1703.8326 | P23: =N19-K20 -> -1706.5629
B24: Полезный отпуск всего | C24: чччи, час. | D24: =SUM(D25:D29) -> 1.37 | E24: =SUM(E25:E29) -> 9367.7
B25: в т.ч. ВН несетевым организациям | C25: =E25/D25 -> 7140.3509 | D25: 0.57 | E25: =2033.37+2036.63 -> 4070 | F25: 364484.63 | G25: 151.36 | H25: 671 | I25: =D25*F25*12/1000 -> 2493.0749 | J25: =E25*G25/1000 -> 616.0352 | K25: =I25+J25 -> 3109.1101 | N25: =ROUND((E25*H25/1000),1) -> 2731 | O25: ='2012г.об.под факт2010'!N23-'2012'!N23 -> 3125.2
B26: в т.ч. СН II несетевым организациям | C26: =E26/D26 -> 6689.3333 | D26: 0.75 | E26: =2506.49+2510.51 -> 5017 | F26: 942948.34 | G26: 414.16 | H26: 1847.1 | I26: =D26*F26*12/1000 -> 8486.5351 | J26: =E26*G26/1000 -> 2077.8407 | K26: =I26+J26 -> 10564.376 | N26: =ROUND((E26*H26/1000),1) -> 9266.9 | O26: др.стр-ра
B27: НН несетевым организациям | C27: =E27/D27 -> 6600 | D27: 0.02 | E27: =65.4+66.6 -> 132 | F27: 1640145.1 | G27: 472.06 | H27: 2747.68 | I27: =D27*F27*12/1000 -> 393.63483 | J27: =E27*G27/1000 -> 62.31192 | K27: =I27+J27 -> 455.94675 | N27: =ROUND((E27*H27/1000),1) -> 362.7 | Q27: 2011 год НВВ | R27: потери | S27: итого
B28: СН II несетевым организациям (НАСЕЛЕНИЕ) | C28: =E28/D28 -> #DIV/0! | D28: 0 | E28: =7.75+8.95 -> 16.7 | H28: 437.28 | I28: =D28*F28*12/1000 -> 0 | J28: =E28*G28/1000 -> 0 | K28: =E28*H28/1000 -> 7.302576 | N28: =ROUND((E28*H28/1000),1) -> 7.3 | Q28: 2006.8 | R28: 2623.4 | S28: =SUM(Q28:R28) -> 4630.2
B29: НН несетевым организациям (НАСЕЛЕНИЕ) | C29: =E29/D29 -> 4400 | D29: 0.03 | E29: =61.29+70.71 -> 132 | H29: =H28 -> 437.28 | K29: =H29*E29/1000 -> 57.72096 | N29: =ROUND((E29*H29/1000),1) -> 57.7
A30: III. | B30: Платежи ФГУП «ГНПРКЦ «ЦСКБ-Прогресс» в адрес: | D30: Сальдо-переток | F30: Индивидуальный тариф | I30: по двухставочному тарифу | L30: по одноставочному тарифу
D31: Мощность, Мвт | E31: ЭЭ, тыс.кВт.ч | F31: руб./ МВт.мес. | G31: руб./МВт.ч | H31: одност. руб./МВт.ч | I31: =SUM(I32:I35) -> 10236.238 | J31: =SUM(J32:J35) -> 1118.5294 | K31: =SUM(K32:K35) -> 11354.767 | L31: =SUM(L35:L35) -> 0 | M31: =SUM(M35:M35) -> 0 | N31: =SUM(N32:N35) -> 11362.466
A32: 1 | B32: ЗАО "ССК" (п.179) | C32: =E32/D32 -> 7593.7143 | D32: 0.07 | E32: 531.56 | F32: 397902.31 | G32: 93.93 | H32: =K32/E32*1000+35.93 -> 758.64685 | I32: =$D32*$F32*12/1000 -> 334.23794 | J32: =$E32*$G32/1000 -> 49.929431 | K32: =I32+J32 -> 384.16737 | N32: =E32*H32/1000 -> 403.26632
A33: 2 | B33: ООО "Энергонефть Самара" (п.182) | C33: =E33/D33 -> 6603 | D33: 0.07 | E33: 462.21 | F33: 139799.97 | G33: 95.89 | H33: =K33/E33*1000-18.03 -> 331.81098 | I33: =ROUND(($D$33*$F$33*12/1000),1) -> 117.4 | J33: =ROUND(($E$33*$G$33/1000),1) -> 44.3 | K33: =I33+J33 -> 161.7 | N33: =E33*H33/1000 -> 153.36635
A34: 3 | B34: ОАО "МРСК Волги" (п.181) | C34: =E34/D34 -> 7634.3021 | D34: =D24+D32+D35+D38+D39+G42-D33+0.01 -> 2.87 | E34: =$E$24+$E$38+$E$39+$E$32+$E$35+$E$42-$E$33 -> 21910.447 | F34: 283891.76 | G34: 46.69 | H34: =K34/E34*1000-0.15 -> 492.77468 | I34: =ROUND(($D$34*$F$34*12/1000),1) -> 9777.2 | J34: =ROUND(($E$34*$G$34/1000),1) -> 1023 | K34: =I34+J34 -> 10800.2 | N34: =E34*H34/1000 -> 10796.913
A35: 4 | B35: ОАО "РЖД" (п.180) | C35: =E35/D35 -> 9036.7889 | D35: 0.09 | E35: 813.311 | F35: 6820.2 | G35: 1.61 | H35: =K35/E35*1000+0.27 -> 10.967015 | I35: =ROUND(($D$35*$F$35*12/1000),1) -> 7.4 | J35: =ROUND(($E$35*$G$35/1000),1) -> 1.3 | K35: =I35+J35 -> 8.7 | N35: =E35*H35/1000 -> 8.919594
A36: IV. | B36: Платежи в адрес ФГУП «ГНПРКЦ «ЦСКБ-Прогресс» от смежных сетевых всего: | F36: руб./ МВт.мес. | G36: руб./МВт.ч | H36: руб./МВт.ч | I36: =SUM(I37:I39) -> 2627.1599 | J36: =SUM(J37:J39) -> 1306.7418 | K36: =SUM(K37:K39) -> 3933.9017 | L36: =SUM(L38:L39) -> 0 | M36: =SUM(M38:M39) -> 0 | N36: =SUM(N37:N39) -> 3938.9028
A37: 1 | B37: ОАО "МРСК Волги" (п.162) | C37: =E37/D37 -> 7660.9955 | D37: =$D$24+$D$38+$D$39+$D$32+$D$35+$G$42-$D$33 -> 2.86 | E37: =$E$24+$E$38+$E$39+$E$32+$E$35+$E$42-$E$33 -> 21910.447 | H37: =K37/E37*1000 -> 0 | I37: =$D$37*$F$37*12/1000 -> 0 | J37: =$E$37*$G$37/1000 -> 0 | K37: =I37+J37 -> 0 | N37: =E37*H37/1000 -> 0
A38: 1 | B38: ООО "Энерго" (п.140) | C38: =E38/D38 -> 8642.2018 | D38: 1.09 | E38: 9420 | F38: 181738.41 | G38: 125.28 | H38: =K38/E38*1000 -> 377.63015 | I38: =$D38*$F38*12/1000 -> 2377.1384 | J38: =$E38*$G38/1000 -> 1180.1376 | K38: =I38+J38 -> 3557.276 | N38: =E38*H38/1000 -> 3557.276
A39: 2 | B39: МП г.о.Самара "Самарский метрополитен" (п.57) | C39: =E39/D39 -> 6740 | D39: 0.1 | E39: 674 | F39: 208351.27 | G39: 187.84 | H39: =K39/E39*1000+7.42 -> 566.21182 | I39: =$D$39*$F$39*12/1000 -> 250.02152 | J39: =$E$39*$G$39/1000 -> 126.60416 | K39: =I39+J39 -> 376.62568 | N39: =E39*H39/1000 -> 381.62676
B41: Число месяцев работы М = 12
D42: Потери в сетях ФГУП «ГНПРКЦ «ЦСКБ-Прогресс» на потребителя - | E42: =(E24+E32+E35+E38+E39)/(1-7/100)*7/100 -> 1566.086 | F42: тыс.кВт.ч | G42: 0.21 | H42: =E42/(E34+E33) -> 0.07
D43: Тариф покупки потерь на потребителя - | E43: =2216.76/1566.09*1000 -> 1415.4742 | F43: руб./тыс.кВт.ч
E45: руб./тыс.кВт.ч | G45: платежи от 3-х орг. В адрес ОАО "1253 ЦРБРЛВ" по один.тарифу
G46: Индивидуальный тариф | J46: проверка по 2-х став.
G47: руб./ МВт.мес. | H47: руб./МВт.ч | I47: одност. руб./МВт.ч
F49: Платежи в адрес ОАО "1253 ЦРБРЛВ" от :
F50: ОАО "МРСК Волги"
F51: ООО "Энерго"
F52: ЗАО "ЗаСеКо"
F53: ИТОГО
B59: 1 полугодие 2012 г.
B60: Уровень напряжения | E60: Ставка за содержание электрических сетей | F60: Ставка | G60: Тариф на услуги по передаче электрической энергии
F61: за оплату потерь электрической энергии в сетях
E62: ТСОД | F62: ТПОТ | H62: часов в год
E63: руб./МВт.мес. | F63: руб./МВт.ч. | G63: руб./МВт.ч.
B64: ВН | E64: ='1 И 2 ПОЛУГОДИЕ 2012'!B53 -> 364484.63 | F64: ='1 И 2 ПОЛУГОДИЕ 2012'!D53 -> 151.36 | G64: ='1 И 2 ПОЛУГОДИЕ 2012'!F53 -> 671 | H64: =(E64*12/(G64-F64)) -> 8417.0109
B65: СН1 | E65: ='1 И 2 ПОЛУГОДИЕ 2012'!B54 -> 684381.17 | F65: ='1 И 2 ПОЛУГОДИЕ 2012'!D54 -> 162.12 | G65: ='1 И 2 ПОЛУГОДИЕ 2012'!F54 -> 1153.65 | H65: =(E65*12/(G65-F65)) -> 8282.7288
B66: СН2 | E66: ='1 И 2 ПОЛУГОДИЕ 2012'!B55 -> 942948.34 | F66: ='1 И 2 ПОЛУГОДИЕ 2012'!D55 -> 414.16 | G66: ='1 И 2 ПОЛУГОДИЕ 2012'!F55 -> 1847.1 | H66: =(E66*12/(G66-F66)) -> 7896.6182
B67: НН | E67: ='1 И 2 ПОЛУГОДИЕ 2012'!B56 -> 1640145.1 | F67: ='1 И 2 ПОЛУГОДИЕ 2012'!D56 -> 472.06 | G67: ='1 И 2 ПОЛУГОДИЕ 2012'!F56 -> 2747.68 | H67: =(E67*12/(G67-F67)) -> 8648.9578
B68: Население | G68: ='1 И 2 ПОЛУГОДИЕ 2012'!F57 -> 437.28 | H68: =(E68*12/(G68-F68)) -> 0

Sheet 1п-е 2012
A1: Расчет по договорам оказания услуг по передаче электрической энергии на 1 полугодие 2012 г.
A2: ФГУП «ГНПРКЦ «ЦСКБ-Прогресс»
A3: Объемы организ.по стр-ре Самараэнерго
B4: Единые (котловые) тарифы на услуги по передаче электрической энергии на 2010 г.
B6: Уровень напряжения | D6: Ставка за содержание электрических сетей | E6: Ставка за оплату потерь электрической энергии в сетях | F6: Тариф на услуги по передаче электрической энергии
D8: ТСОД | E8: ТПОТ
D9: руб./МВт.мес. | E9: руб./МВт.ч | F9: руб./МВт.ч | G9: часов в год
B10: ВН | D10: 300621.82 | E10: 176.8 | F10: 592.41 | G10: =(D10*12/(F10-E10)) -> 8679.9207
B11: СН1 | D11: 490793.23 | E11: 180 | F11: 969.48 | G11: =(D11*12/(F11-E11)) -> 7459.9974
B12: СН2 | D12: 680321 | E12: 210 | F12: 1441.35 | G12: =(D12*12/(F12-E12)) -> 6630.0012 | H12: МРСК
B13: НН | D13: 851305.82 | E13: 432 | F13: 2296.17 | G13: =(D13*12/(F13-E13)) -> 5480.0098 | H13: =(365-53)*16 -> 4992 | I13: 16 час.в день, за "_" воскрес. | L13: 16 час.в день, за "_" воскрес.
B15: Показатели | D15: Полезный отпуск | F15: Единый (котловой) тариф | I15: Платежи за 1 полугодие, тыс.руб.
F16: двухставочный | H16: одно- ставочный | I16: по 2- став. | L16: по одностав.
D17: Мощность, Мвт | E17: ЭЭ, тыс.кВт.ч | F17: Ставка за содержание электрических сетей, руб./ МВт.мес. | G17: Ставка за оплату потерь электрической энергии в сетях, руб./МВт.ч | H17: по факту потребления электро- энергии, руб./МВт.ч | I17: Содержание | J17: Потери | K17: Итого | L17: Содер- жание | M17: Потери | N17: Итого
A18: 1 | B18: 2 | D18: 3 | E18: 4 | F18: 5 | G18: 6 | H18: 7 | I18: 8= ст.3 х ст.5 х 12 мес. | J18: 9= ст.4 х ст.6 | K18: 10=8+9 | L18: 11 | M18: 12 | N18: 13 | O18: потери, тыс.руб.
A19: I. | B19: Необходимая валовая выручка (НВВ) | I19: ='2012'!I19/2 -> 1372.4 | J19: =E42*E43/1000 -> 1090.8186 | K19: =ROUND((I19+J19),1) -> 2463.2 | L19: при работе с сетевыми по одностав.тарифу | N19: =N23-N31+N36 -> 2514.6138 | O19: =$E$42*$E$43/1000 -> 1090.8186
B20: Тарифная выручка | I20: =I23+I36-I31 -> 1882.0834 | J20: =ROUND((J23+J36-J31),1) -> 1485.8 | K20: =ROUND((I20+J20),1) -> 3367.9 | L20: при работе по 2-х став.тарифу с ОАО "МРСК Волги" | N20: =N23-K31+N36 -> 2437.3974 | P20: =N20-J20 -> 951.5974
B21: Строка проверки | I21: =K19-K20 -> -904.7
A22: II. | B22: Платежи ОАО "Самараэнерго" в адрес ФГУП «ГНПРКЦ «ЦСКБ-Прогресс» | I22: по двухставочному тарифу | L22: по одноставочному тарифу
I23: =SUM(I25:I29) -> 5686.6224 | J23: =SUM(J25:J29) -> 1406.9213 | K23: =SUM(K25:K29) -> 7093.5437 | N23: =SUM(N25:N29) -> 6204 | O23: =N23-K23 -> -889.5437 | P23: =N19-K20 -> -853.28619
B24: Полезный отпуск всего | C24: чччи, час. | D24: =SUM(D25:D29) -> 1.37 | E24: =SUM(E25:E29) -> 4674.3
B25: в т.ч. ВН несетевым организациям | C25: =E25/D25 -> 3567.3158 | D25: ='2012'!D25 -> 0.57 | E25: =2033.37 -> 2033.37 | F25: =E64 -> 364484.63 | G25: =F64 -> 151.36 | H25: =G64 -> 671 | I25: =D25*F25*6/1000 -> 1246.5374 | J25: =E25*G25/1000 -> 307.77088 | K25: =I25+J25 -> 1554.3083 | N25: =ROUND((E25*H25/1000),1) -> 1364.4 | O25: ='2012г.об.под факт2010'!N23-'1п-е 2012'!N23 -> 9346.8
B26: в т.ч. СН II несетевым организациям | C26: =E26/D26 -> 3341.9867 | D26: ='2012'!D26 -> 0.75 | E26: =2506.49 -> 2506.49 | F26: =E66 -> 942948.34 | G26: =F66 -> 414.16 | H26: =G66 -> 1847.1 | I26: =D26*F26*6/1000 -> 4243.2675 | J26: =E26*G26/1000 -> 1038.0879 | K26: =I26+J26 -> 5281.3554 | N26: =ROUND((E26*H26/1000),1) -> 4629.7 | O26: др.стр-ра
B27: НН несетевым организациям | C27: =E27/D27 -> 3270 | D27: ='2012'!D27 -> 0.02 | E27: =65.4 -> 65.4 | F27: =E67 -> 1640145.1 | G27: =F67 -> 472.06 | H27: =G67 -> 2747.68 | I27: =D27*F27*6/1000 -> 196.81741 | J27: =E27*G27/1000 -> 30.872724 | K27: =I27+J27 -> 227.69014 | N27: =ROUND((E27*H27/1000),1) -> 179.7
B28: СН II несетевым организациям (НАСЕЛЕНИЕ) | C28: =E28/D28 -> #DIV/0! | D28: ='2012'!D28 -> 0 | E28: =7.75 -> 7.75 | H28: =G68 -> 437.28 | I28: =D28*F28*6/1000 -> 0 | J28: =K28 -> 3.38892 | K28: =E28*H28/1000 -> 3.38892 | N28: =ROUND((E28*H28/1000),1) -> 3.4
B29: НН несетевым организациям (НАСЕЛЕНИЕ) | C29: =E29/D29 -> 2043 | D29: ='2012'!D29 -> 0.03 | E29: =61.29 -> 61.29 | H29: =H28 -> 437.28 | J29: =K29 -> 26.800891 | K29: =H29*E29/1000 -> 26.800891 | N29: =ROUND((E29*H29/1000),1) -> 26.8
A30: III. | B30: Платежи ФГУП «ГНПРКЦ «ЦСКБ-Прогресс» в адрес: | D30: Сальдо-переток | F30: Индивидуальный тариф | I30: по двухставочному тарифу | L30: по одноставочному тарифу
D31: Мощность, Мвт | E31: ЭЭ, тыс.кВт.ч | F31: руб./ МВт.мес. | G31: руб./МВт.ч | H31: одност. руб./МВт.ч | I31: =SUM(I32:I35) -> 5118.119 | J31: =SUM(J32:J35) -> 552.97983 | K31: =SUM(K32:K35) -> 5671.0988 | L31: =SUM(L35:L35) -> 0 | M31: =SUM(M35:M35) -> 0 | N31: =SUM(N32:N35) -> 5593.8824
A32: 1 | B32: ЗАО "ССК" (п.179) | C32: =E32/D32 -> 3875.2 | D32: ='2012'!D32 -> 0.07 | E32: 271.264 | F32: 397902.31 | G32: 93.93 | H32: 758.64685 | I32: =$D32*$F32*6/1000 -> 167.11897 | J32: =$E32*$G32/1000 -> 25.479828 | K32: =I32+J32 -> 192.5988 | N32: =E32*H32/1000 -> 205.79358
A33: 2 | B33: ООО "Энергонефть Самара" (п.182) | C33: =E33/D33 -> 3689.8286 | D33: ='2012'!D33 -> 0.07 | E33: 258.288 | F33: 139799.97 | G33: 95.89 | H33: 331.81098 | I33: =ROUND(($D$33*$F$33*6/1000),1) -> 58.7 | J33: =ROUND(($E$33*$G$33/1000),1) -> 24.8 | K33: =I33+J33 -> 83.5 | N33: =E33*H33/1000 -> 85.702795
A34: 3 | B34: ОАО "МРСК Волги" (п.181) | C34: =E34/D34 -> 3745.9339 | D34: ='2012'!D34 -> 2.87 | E34: =$E$24+$E$38+$E$39+$E$32+$E$35+$E$42-$E$33 -> 10750.83 | F34: 283891.76 | G34: 46.69 | H34: 492.77468 | I34: =ROUND(($D$34*$F$34*6/1000),1) -> 4888.6 | J34: =ROUND(($E$34*$G$34/1000),1) -> 502 | K34: =I34+J34 -> 5390.6 | N34: =E34*H34/1000 -> 5297.7369
A35: 4 | B35: ОАО "РЖД" (п.180) | C35: =E35/D35 -> 4710.1778 | D35: ='2012'!D35 -> 0.09 | E35: 423.916 | F35: 6820.2 | G35: 1.61 | H35: 10.967015 | I35: =ROUND(($D$35*$F$35*6/1000),1) -> 3.7 | J35: =ROUND(($E$35*$G$35/1000),1) -> 0.7 | K35: =I35+J35 -> 4.4 | N35: =E35*H35/1000 -> 4.6490931
A36: IV. | B36: Платежи в адрес ФГУП «ГНПРКЦ «ЦСКБ-Прогресс» от смежных сетевых всего: | F36: руб./ МВт.мес. | G36: руб./МВт.ч | H36: руб./МВт.ч | I36: =SUM(I37:I39) -> 1313.58 | J36: =SUM(J37:J39) -> 631.82176 | K36: =SUM(K37:K39) -> 1945.4017 | L36: =SUM(L38:L39) -> 0 | M36: =SUM(M38:M39) -> 0 | N36: =SUM(N37:N39) -> 1904.4962
A37: 1 | B37: ОАО "МРСК Волги" (п.162) | C37: =E37/D37 -> 3759.0316 | D37: =$D$24+$D$38+$D$39+$D$32+$D$35+$G$42-$D$33 -> 2.86 | E37: =$E$24+$E$38+$E$39+$E$32+$E$35+$E$42-$E$33 -> 10750.83 | H37: 0 | I37: =$D$37*$F$37*12/1000 -> 0 | J37: =$E$37*$G$37/1000 -> 0 | K37: =I37+J37 -> 0 | N37: =E37*H37/1000 -> 0
A38: 1 | B38: ООО "Энерго" (п.140) | C38: =E38/D38 -> 4146.789 | D38: ='2012'!D38 -> 1.09 | E38: 4520 | F38: 181738.41 | G38: 125.28 | H38: 377.63015 | I38: =$D38*$F38*6/1000 -> 1188.5692 | J38: =$E38*$G38/1000 -> 566.2656 | K38: =I38+J38 -> 1754.8348 | N38: =E38*H38/1000 -> 1706.8883
A39: 2 | B39: МП г.о.Самара "Самарский метрополитен" (п.57) | C39: =E39/D39 -> 3490 | D39: ='2012'!D39 -> 0.1 | E39: 349 | F39: 208351.27 | G39: 187.84 | H39: 566.21182 | I39: =$D$39*$F$39*6/1000 -> 125.01076 | J39: =$E$39*$G$39/1000 -> 65.55616 | K39: =I39+J39 -> 190.56692 | N39: =E39*H39/1000 -> 197.60792
B41: Число месяцев работы М = 12
D42: Потери в сетях ФГУП «ГНПРКЦ «ЦСКБ-Прогресс» на потребителя - | E42: =(E24+E32+E35+E38+E39)/(1-7/100)*7/100 -> 770.63828 | F42: тыс.кВт.ч | G42: 0.21 | H42: =E42/(E34+E33) -> 0.07
D43: Тариф покупки потерь на потребителя - | E43: =2216.76/1566.09*1000 -> 1415.4742 | F43: руб./тыс.кВт.ч
E45: руб./тыс.кВт.ч | G45: платежи от 3-х орг. В адрес ОАО "1253 ЦРБРЛВ" по один.тарифу
G46: Индивидуальный тариф | J46: проверка по 2-х став.
G47: руб./ МВт.мес. | H47: руб./МВт.ч | I47: одност. руб./МВт.ч
F49: Платежи в адрес ОАО "1253 ЦРБРЛВ" от :
F50: ОАО "МРСК Волги"
F51: ООО "Энерго"
F52: ЗАО "ЗаСеКо"
F53: ИТОГО
B59: 1 полугодие 2012 г.
B60: Уровень напряжения | E60: Ставка за содержание электрических сетей | F60: Ставка | G60: Тариф на услуги по передаче электрической энергии
F61: за оплату потерь электрической энергии в сетях
E62: ТСОД | F62: ТПОТ | H62: часов в год
E63: руб./МВт.мес. | F63: руб./МВт.ч. | G63: руб./МВт.ч.
B64: ВН | E64: ='1 И 2 ПОЛУГОДИЕ 2012'!B53 -> 364484.63 | F64: ='1 И 2 ПОЛУГОДИЕ 2012'!D53 -> 151.36 | G64: ='1 И 2 ПОЛУГОДИЕ 2012'!F53 -> 671 | H64: =(E64*12/(G64-F64)) -> 8417.0109
B65: СН1 | E65: ='1 И 2 ПОЛУГОДИЕ 2012'!B54 -> 684381.17 | F65: ='1 И 2 ПОЛУГОДИЕ 2012'!D54 -> 162.12 | G65: ='1 И 2 ПОЛУГОДИЕ 2012'!F54 -> 1153.65 | H65: =(E65*12/(G65-F65)) -> 8282.7288
B66: СН2 | E66: ='1 И 2 ПОЛУГОДИЕ 2012'!B55 -> 942948.34 | F66: ='1 И 2 ПОЛУГОДИЕ 2012'!D55 -> 414.16 | G66: ='1 И 2 ПОЛУГОДИЕ 2012'!F55 -> 1847.1 | H66: =(E66*12/(G66-F66)) -> 7896.6182
B67: НН | E67: ='1 И 2 ПОЛУГОДИЕ 2012'!B56 -> 1640145.1 | F67: ='1 И 2 ПОЛУГОДИЕ 2012'!D56 -> 472.06 | G67: ='1 И 2 ПОЛУГОДИЕ 2012'!F56 -> 2747.68 | H67: =(E67*12/(G67-F67)) -> 8648.9578
B68: Население | G68: ='1 И 2 ПОЛУГОДИЕ 2012'!F57 -> 437.28 | H68: =(E68*12/(G68-F68)) -> 0

Sheet 2п-е 2012
A1: Расчет по договорам оказания услуг по передаче электрической энергии на 2 полугодие 2012 г.
A2: ФГУП «ГНПРКЦ «ЦСКБ-Прогресс»
A3: Объемы организ.по стр-ре Самараэнерго
B4: Единые (котловые) тарифы на услуги по передаче электрической энергии на 2010 г.
B6: Уровень напряжения | D6: Ставка за содержание электрических сетей | E6: Ставка за оплату потерь электрической энергии в сетях | F6: Тариф на услуги по передаче электрической энергии
D8: ТСОД | E8: ТПОТ
D9: руб./МВт.мес. | E9: руб./МВт.ч | F9: руб./МВт.ч | G9: часов в год
B10: ВН | D10: 300621.82 | E10: 176.8 | F10: 592.41 | G10: =(D10*12/(F10-E10)) -> 8679.9207
B11: СН1 | D11: 490793.23 | E11: 180 | F11: 969.48 | G11: =(D11*12/(F11-E11)) -> 7459.9974
B12: СН2 | D12: 680321 | E12: 210 | F12: 1441.35 | G12: =(D12*12/(F12-E12)) -> 6630.0012 | H12: МРСК
B13: НН | D13: 851305.82 | E13: 432 | F13: 2296.17 | G13: =(D13*12/(F13-E13)) -> 5480.0098 | H13: =(365-53)*16 -> 4992 | I13: 16 час.в день, за "_" воскрес. | L13: 16 час.в день, за "_" воскрес.
B15: Показатели | D15: Полезный отпуск | F15: Единый (котловой) тариф | I15: Платежи за 2 полугодие, тыс.руб.
F16: двухставочный | H16: одно- ставочный | I16: по 2- став. | L16: по одностав.
D17: Мощность, Мвт | E17: ЭЭ, тыс.кВт.ч | F17: Ставка за содержание электрических сетей, руб./ МВт.мес. | G17: Ставка за оплату потерь электрической энергии в сетях, руб./МВт.ч | H17: по факту потребления электро- энергии, руб./МВт.ч | I17: Содержание | J17: Потери | K17: Итого | L17: Содер- жание | M17: Потери | N17: Итого
A18: 1 | B18: 2 | D18: 3 | E18: 4 | F18: 5 | G18: 6 | H18: 7 | I18: 8= ст.3 х ст.5 х 12 мес. | J18: 9= ст.4 х ст.6 | K18: 10=8+9 | L18: 11 | M18: 12 | N18: 13 | O18: потери, тыс.руб.
A19: I. | B19: Необходимая валовая выручка (НВВ) | I19: ='2012'!I19/2 -> 1372.4 | J19: =E42*E43/1000 -> 1125.9355 | K19: =ROUND((I19+J19),1) -> 2498.3 | L19: при работе с сетевыми по одностав.тарифу | N19: =N23-N31+N36 -> 2446.8263 | O19: =$E$42*$E$43/1000 -> 1125.9355
B20: Тарифная выручка | I20: =I23+I36-I31 -> 2362.6167 | J20: =ROUND((J23+J36-J31),1) -> 1584 | K20: =ROUND((I20+J20),1) -> 3946.6 | L20: при работе по 2-х став.тарифу с ОАО "МРСК Волги" | N20: =N23-K31+N36 -> 2531.6382 | P20: =N20-J20 -> 947.63818 | Q20: ='1п-е 2012'!P20+'2п-е 2012'!P20 -> 1899.2356
B21: Строка проверки | I21: =K19-K20 -> -1448.3
A22: II. | B22: Платежи ОАО "Самараэнерго" в адрес ФГУП «ГНПРКЦ «ЦСКБ-Прогресс» | I22: по двухставочному тарифу | L22: по одноставочному тарифу
I23: =SUM(I25:I29) -> 6167.1557 | J23: =SUM(J25:J29) -> 1474.7456 | K23: =I23+J23 -> 7641.9013 | N23: =SUM(N25:N29) -> 6181 | O23: =N23-K23 -> -1460.9013 | P23: =N19-K20 -> -1499.7737
B24: Полезный отпуск всего | C24: чччи, час. | D24: =SUM(D25:D29) -> 1.37 | E24: =SUM(E25:E29) -> 4693.4
B25: в т.ч. ВН несетевым организациям | C25: =E25/D25 -> 3573.0351 | D25: ='2012'!D25 -> 0.57 | E25: =2036.63 -> 2036.63 | F25: =E64 -> 397387.35 | G25: =F64 -> 158.29 | H25: =G64 -> 690.41 | I25: =D25*F25*6/1000 -> 1359.0647 | J25: =E25*G25/1000 -> 322.37816 | K25: =I25+J25 -> 1681.4429 | N25: =ROUND((E25*H25/1000),1) -> 1406.1 | O25: ='2012г.об.под факт2010'!N23-'2п-е 2012'!N23 -> 9369.8
B26: в т.ч. СН II несетевым организациям | C26: =E26/D26 -> 3347.3467 | D26: ='2012'!D26 -> 0.75 | E26: =2510.51 -> 2510.51 | F26: =E66 -> 1021368.4 | G26: =F66 -> 432.48 | H26: =G66 -> 1817.25 | I26: =D26*F26*6/1000 -> 4596.158 | J26: =E26*G26/1000 -> 1085.7454 | K26: =I26+J26 -> 5681.9034 | N26: =ROUND((E26*H26/1000),1) -> 4562.2 | O26: др.стр-ра
B27: НН несетевым организациям | C27: =E27/D27 -> 3330 | D27: ='2012'!D27 -> 0.02 | E27: =66.6 -> 66.6 | F27: =E67 -> 1766107.6 | G27: =F67 -> 495.34 | H27: =G67 -> 2688.41 | I27: =D27*F27*6/1000 -> 211.93291 | J27: =E27*G27/1000 -> 32.989644 | K27: =I27+J27 -> 244.92256 | N27: =ROUND((E27*H27/1000),1) -> 179
B28: СН II несетевым организациям (НАСЕЛЕНИЕ) | C28: =E28/D28 -> #DIV/0! | D28: ='2012'!D28 -> 0 | E28: =8.95 -> 8.95 | H28: =G68 -> 422.2 | I28: =D28*F28*6/1000 -> 0 | J28: =K28 -> 3.77869 | K28: =E28*H28/1000 -> 3.77869 | N28: =ROUND((E28*H28/1000),1) -> 3.8
B29: НН несетевым организациям (НАСЕЛЕНИЕ) | C29: =E29/D29 -> 2357 | D29: ='2012'!D29 -> 0.03 | E29: =70.71 -> 70.71 | H29: =H28 -> 422.2 | J29: =K29 -> 29.853762 | K29: =H29*E29/1000 -> 29.853762 | N29: =ROUND((E29*H29/1000),1) -> 29.9
A30: III. | B30: Платежи ФГУП «ГНПРКЦ «ЦСКБ-Прогресс» в адрес: | D30: Сальдо-переток | F30: Индивидуальный тариф | I30: по двухставочному тарифу | L30: по одноставочному тарифу
D31: Мощность, Мвт | E31: ЭЭ, тыс.кВт.ч | F31: руб./ МВт.мес. | G31: руб./МВт.ч | H31: одност. руб./МВт.ч | I31: =SUM(I32:I35) -> 5118.119 | J31: =SUM(J32:J35) -> 565.64942 | K31: =SUM(K32:K35) -> 5683.7684 | L31: =SUM(L35:L35) -> 0 | M31: =SUM(M35:M35) -> 0 | N31: =SUM(N32:N35) -> 5768.5803
A32: 1 | B32: ЗАО "ССК" (п.179) | C32: =E32/D32 -> 3718.4857 | D32: ='2012'!D32 -> 0.07 | E32: 260.294 | F32: 397902.31 | G32: 93.93 | H32: 758.64685 | I32: =$D32*$F32*6/1000 -> 167.11897 | J32: =$E32*$G32/1000 -> 24.449415 | K32: =I32+J32 -> 191.56839 | N32: =E32*H32/1000 -> 197.47122
A33: 2 | B33: ООО "Энергонефть Самара" (п.182) | C33: =E33/D33 -> 2913.2143 | D33: ='2012'!D33 -> 0.07 | E33: 203.925 | F33: 139799.97 | G33: 95.89 | H33: 331.81098 | I33: =ROUND(($D$33*$F$33*6/1000),1) -> 58.7 | J33: =ROUND(($E$33*$G$33/1000),1) -> 19.6 | K33: =I33+J33 -> 78.3 | N33: =E33*H33/1000 -> 67.664554
A34: 3 | B34: ОАО "МРСК Волги" (п.181) | C34: =E34/D34 -> 3888.3664 | D34: ='2012'!D34 -> 2.87 | E34: =$E$24+$E$38+$E$39+$E$32+$E$35+$E$42-$E$33 -> 11159.612 | F34: 283891.76 | G34: 46.69 | H34: 492.77468 | I34: =ROUND(($D$34*$F$34*6/1000),1) -> 4888.6 | J34: =ROUND(($E$34*$G$34/1000),1) -> 521 | K34: =I34+J34 -> 5409.6 | N34: =E34*H34/1000 -> 5499.174
A35: 4 | B35: ОАО "РЖД" (п.180) | C35: =E35/D35 -> 4326.6111 | D35: ='2012'!D35 -> 0.09 | E35: 389.395 | F35: 6820.2 | G35: 1.61 | H35: 10.967015 | I35: =ROUND(($D$35*$F$35*6/1000),1) -> 3.7 | J35: =ROUND(($E$35*$G$35/1000),1) -> 0.6 | K35: =I35+J35 -> 4.3 | N35: =E35*H35/1000 -> 4.2705008
A36: IV. | B36: Платежи в адрес ФГУП «ГНПРКЦ «ЦСКБ-Прогресс» от смежных сетевых всего: | F36: руб./ МВт.мес. | G36: руб./МВт.ч | H36: руб./МВт.ч | I36: =SUM(I37:I39) -> 1313.58 | J36: =SUM(J37:J39) -> 674.92 | K36: =SUM(K37:K39) -> 1988.5 | L36: =SUM(L38:L39) -> 0 | M36: =SUM(M38:M39) -> 0 | N36: =SUM(N37:N39) -> 2034.4066
A37: 1 | B37: ОАО "МРСК Волги" (п.162) | C37: =E37/D37 -> 3901.9621 | D37: =$D$24+$D$38+$D$39+$D$32+$D$35+$G$42-$D$33 -> 2.86 | E37: =$E$24+$E$38+$E$39+$E$32+$E$35+$E$42-$E$33 -> 11159.612 | H37: 0 | I37: =$D$37*$F$37*12/1000 -> 0 | J37: =$E$37*$G$37/1000 -> 0 | K37: =I37+J37 -> 0 | N37: =E37*H37/1000 -> 0
A38: 1 | B38: ООО "Энерго" (п.140) | C38: =E38/D38 -> 4495.4128 | D38: ='2012'!D38 -> 1.09 | E38: 4900 | F38: 181738.41 | G38: 125.28 | H38: 377.63015 | I38: =$D38*$F38*6/1000 -> 1188.5692 | J38: =$E38*$G38/1000 -> 613.872 | K38: =I38+J38 -> 1802.4412 | N38: =E38*H38/1000 -> 1850.3877
A39: 2 | B39: МП г.о.Самара "Самарский метрополитен" (п.57) | C39: =E39/D39 -> 3250 | D39: ='2012'!D39 -> 0.1 | E39: 325 | F39: 208351.27 | G39: 187.84 | H39: 566.21182 | I39: =$D$39*$F$39*6/1000 -> 125.01076 | J39: =$E$39*$G$39/1000 -> 61.048 | K39: =I39+J39 -> 186.05876 | N39: =E39*H39/1000 -> 184.01884
B41: Число месяцев работы М = 12
D42: Потери в сетях ФГУП «ГНПРКЦ «ЦСКБ-Прогресс» на потребителя - | E42: =(E24+E32+E35+E38+E39)/(1-7/100)*7/100 -> 795.44756 | F42: тыс.кВт.ч | G42: 0.21 | H42: =E42/(E34+E33) -> 0.07
D43: Тариф покупки потерь на потребителя - | E43: =2216.76/1566.09*1000 -> 1415.4742 | F43: руб./тыс.кВт.ч
E45: руб./тыс.кВт.ч | G45: платежи от 3-х орг. В адрес ОАО "1253 ЦРБРЛВ" по один.тарифу
G46: Индивидуальный тариф | J46: проверка по 2-х став.
G47: руб./ МВт.мес. | H47: руб./МВт.ч | I47: одност. руб./МВт.ч
F49: Платежи в адрес ОАО "1253 ЦРБРЛВ" от :
F50: ОАО "МРСК Волги"
F51: ООО "Энерго"
F52: ЗАО "ЗаСеКо"
F53: ИТОГО
B59: 2 полугодие 2012 г.
B60: Уровень напряжения | E60: Ставка за содержание электрических сетей | F60: Ставка | G60: Тариф на услуги по передаче электрической энергии
F61: за оплату потерь электрической энергии в сетях
E62: ТСОД | F62: ТПОТ | H62: часов в год
E63: руб./МВт.мес. | F63: руб./МВт.ч. | G63: руб./МВт.ч.
B64: ВН | E64: ='1 И 2 ПОЛУГОДИЕ 2012'!B64 -> 397387.35 | F64: ='1 И 2 ПОЛУГОДИЕ 2012'!D64 -> 158.29 | G64: ='1 И 2 ПОЛУГОДИЕ 2012'!F64 -> 690.41 | H64: =(E64*12/(G64-F64)) -> 8961.603
B65: СН1 | E65: ='1 И 2 ПОЛУГОДИЕ 2012'!B65 -> 740597.33 | F65: ='1 И 2 ПОЛУГОДИЕ 2012'!D65 -> 168.14 | G65: ='1 И 2 ПОЛУГОДИЕ 2012'!F65 -> 1174.03 | H65: =(E65*12/(G65-F65)) -> 8835.129
B66: СН2 | E66: ='1 И 2 ПОЛУГОДИЕ 2012'!B66 -> 1021368.4 | F66: ='1 И 2 ПОЛУГОДИЕ 2012'!D66 -> 432.48 | G66: ='1 И 2 ПОЛУГОДИЕ 2012'!F66 -> 1817.25 | H66: =(E66*12/(G66-F66)) -> 8850.8716
B67: НН | E67: ='1 И 2 ПОЛУГОДИЕ 2012'!B67 -> 1766107.6 | F67: ='1 И 2 ПОЛУГОДИЕ 2012'!D67 -> 495.34 | G67: ='1 И 2 ПОЛУГОДИЕ 2012'!F67 -> 2688.41 | H67: =(E67*12/(G67-F67)) -> 9663.7551
B68: Население | G68: ='1 И 2 ПОЛУГОДИЕ 2012'!F68 -> 422.2 | H68: =(E68*12/(G68-F68)) -> 0

Sheet 2012 год
A1: Расчет по договорам оказания услуг по передаче электрической энергии на 2012 г.
A2: ФГУП «ГНПРКЦ «ЦСКБ-Прогресс»
A3: Объемы организ.по стр-ре Самараэнерго | O3: если объемы увелич. - выбрать 2-х став.тариф с МРСК
B4: Единые (котловые) тарифы на услуги по передаче электрической энергии на 2010 г.
B6: Уровень напряжения | D6: Ставка за содержание электрических сетей | E6: Ставка за оплату потерь электрической энергии в сетях | F6: Тариф на услуги по передаче электрической энергии
D8: ТСОД | E8: ТПОТ
D9: руб./МВт.мес. | E9: руб./МВт.ч | F9: руб./МВт.ч | G9: часов в год
B10: ВН | D10: 300621.82 | E10: 176.8 | F10: 592.41 | G10: =(D10*12/(F10-E10)) -> 8679.9207
B11: СН1 | D11: 490793.23 | E11: 180 | F11: 969.48 | G11: =(D11*12/(F11-E11)) -> 7459.9974
B12: СН2 | D12: 680321 | E12: 210 | F12: 1441.35 | G12: =(D12*12/(F12-E12)) -> 6630.0012 | H12: МРСК
B13: НН | D13: 851305.82 | E13: 432 | F13: 2296.17 | G13: =(D13*12/(F13-E13)) -> 5480.0098 | H13: =(365-53)*16 -> 4992 | I13: 16 час.в день, за "_" воскрес. | L13: 16 час.в день, за "_" воскрес.
B15: Показатели | D15: Полезный отпуск | F15: Единый (котловой) тариф | I15: Платежи за 2012 год, тыс.руб.
F16: двухставочный | H16: одно- ставочный | I16: по 2- став. | L16: по одностав.
D17: Мощность, Мвт | E17: ЭЭ, тыс.кВт.ч | F17: Ставка за содержание электрических сетей, руб./ МВт.мес. | G17: Ставка за оплату потерь электрической энергии в сетях, руб./МВт.ч | H17: по факту потребления электро- энергии, руб./МВт.ч | I17: Содержание | J17: Потери | K17: Итого | L17: Содер- жание | M17: Потери | N17: Итого
A18: 1 | B18: 2 | D18: 3 | E18: 4 | F18: 5 | G18: 6 | H18: 7 | I18: 8= ст.3 х ст.5 х 12 мес. | J18: 9= ст.4 х ст.6 | K18: 10=8+9 | L18: 11 | M18: 12 | N18: 13 | O18: потери, тыс.руб. | Q18: 2012 год НВВ
A19: I. | B19: Необходимая валовая выручка (НВВ) | H19: год | I19: ='1п-е 2012'!I19+'2п-е 2012'!I19 -> 2744.8 | J19: =E42*E43/1000 -> 2216.7541 | K19: =ROUND((I19+J19),1) -> 4961.6 | L19: при работе с сетевыми по одностав.тарифу | N19: =N23-N31+N36 -> 4961.4401 | O19: =$E$42*$E$43/1000 -> 2216.7541 | P19: =N20-O19 -> 2752.2815 | Q19: =K20-J19 -> 5097.7459 | S19: =Q19/P28-1 -> 1.5402361
B20: Тарифная выручка | I20: =I23+I36-I31 -> 4244.7 | J20: =ROUND((J23+J36-J31),1) -> 3069.8 | K20: =ROUND((I20+J20),1) -> 7314.5 | L20: при работе по 2-х став.тарифу с ОАО "МРСК Волги" | N20: =N23-K31+N36 -> 4969.0356 | P20: =N20-J20 -> 1899.2356
B21: Строка проверки | I21: =K19-K20 -> -2352.9
A22: II. | B22: Платежи ОАО "Самараэнерго" в адрес ФГУП «ГНПРКЦ «ЦСКБ-Прогресс» | I22: по двухставочному тарифу | L22: по одноставочному тарифу | P22: 1583.1356 | Q22: год
I23: =SUM(I25:I29) -> 11853.778 | J23: =SUM(J25:J29) -> 2881.6669 | K23: =I23+J23 -> 14735.445 | N23: =SUM(N25:N29) -> 12385 | O23: =N23-K23 -> -2350.445 | P23: =N19-K20 -> -2353.0599
B24: Полезный отпуск всего | C24: чччи, час. | D24: =SUM(D25:D29) -> 1.37 | E24: =SUM(E25:E29) -> 9367.7
B25: в т.ч. ВН несетевым организациям | C25: =E25/D25 -> 7140.3509 | D25: ='2012'!D25 -> 0.57 | E25: ='1п-е 2012'!E25+'2п-е 2012'!E25 -> 4070 | I25: ='1п-е 2012'!I25+'2п-е 2012'!I25 -> 2605.6022 | J25: ='1п-е 2012'!J25+'2п-е 2012'!J25 -> 630.14905 | K25: =I25+J25 -> 3235.7512 | N25: ='1п-е 2012'!N25+'2п-е 2012'!N25 -> 2770.5 | O25: ='2012г.об.под факт2010'!N23-'2012 год'!N23 -> 3165.8
B26: в т.ч. СН II несетевым организациям | C26: =E26/D26 -> 6689.3333 | D26: ='2012'!D26 -> 0.75 | E26: ='1п-е 2012'!E26+'2п-е 2012'!E26 -> 5017 | I26: ='1п-е 2012'!I26+'2п-е 2012'!I26 -> 8839.4256 | J26: ='1п-е 2012'!J26+'2п-е 2012'!J26 -> 2123.8333 | K26: =I26+J26 -> 10963.259 | N26: ='1п-е 2012'!N26+'2п-е 2012'!N26 -> 9191.9 | O26: др.стр-ра
B27: НН несетевым организациям | C27: =E27/D27 -> 6600 | D27: ='2012'!D27 -> 0.02 | E27: ='1п-е 2012'!E27+'2п-е 2012'!E27 -> 132 | I27: ='1п-е 2012'!I27+'2п-е 2012'!I27 -> 408.75033 | J27: ='1п-е 2012'!J27+'2п-е 2012'!J27 -> 63.862368 | K27: =I27+J27 -> 472.6127 | N27: ='1п-е 2012'!N27+'2п-е 2012'!N27 -> 358.7 | P27: 2011 год НВВ | Q27: потери | R27: итого
B28: СН II несетевым организациям (НАСЕЛЕНИЕ) | C28: =E28/D28 -> #DIV/0! | D28: ='2012'!D28 -> 0 | E28: ='1п-е 2012'!E28+'2п-е 2012'!E28 -> 16.7 | J28: ='1п-е 2012'!J28+'2п-е 2012'!J28 -> 7.16761 | K28: ='1п-е 2012'!K28+'2п-е 2012'!K28 -> 7.16761 | N28: ='1п-е 2012'!N28+'2п-е 2012'!N28 -> 7.2 | P28: 2006.8 | Q28: 2623.4 | R28: =SUM(P28:Q28) -> 4630.2
B29: НН несетевым организациям (НАСЕЛЕНИЕ) | C29: =E29/D29 -> 4400 | D29: ='2012'!D29 -> 0.03 | E29: ='1п-е 2012'!E29+'2п-е 2012'!E29 -> 132 | J29: ='1п-е 2012'!J29+'2п-е 2012'!J29 -> 56.654653 | K29: ='1п-е 2012'!K29+'2п-е 2012'!K29 -> 56.654653 | N29: ='1п-е 2012'!N29+'2п-е 2012'!N29 -> 56.7
A30: III. | B30: Платежи ФГУП «ГНПРКЦ «ЦСКБ-Прогресс» в адрес: | D30: Сальдо-переток | F30: Индивидуальный тариф | I30: по двухставочному тарифу | L30: по одноставочному тарифу
D31: Мощность, Мвт | E31: ЭЭ, тыс.кВт.ч | F31: руб./ МВт.мес. | G31: руб./МВт.ч | H31: одност. руб./МВт.ч | I31: =SUM(I32:I35) -> 10236.238 | J31: =SUM(J32:J35) -> 1118.6292 | K31: =SUM(K32:K35) -> 11354.867 | L31: =SUM(L35:L35) -> 0 | M31: =SUM(M35:M35) -> 0 | N31: =SUM(N32:N35) -> 11362.463 | O31: =N31-K31 -> 7.5954594
A32: 1 | B32: ЗАО "ССК" (п.179) | C32: =E32/D32 -> 7593.6857 | D32: ='2012'!D32 -> 0.07 | E32: ='1п-е 2012'!E32+'2п-е 2012'!E32 -> 531.558 | F32: 397902.31 | G32: 93.93 | H32: 758.65003 | I32: ='1п-е 2012'!I32+'2п-е 2012'!I32 -> 334.23794 | J32: ='1п-е 2012'!J32+'2п-е 2012'!J32 -> 49.929243 | K32: =I32+J32 -> 384.16718 | N32: ='1п-е 2012'!N32+'2п-е 2012'!N32 -> 403.2648
A33: 2 | B33: ООО "Энергонефть Самара" (п.182) | C33: =E33/D33 -> 6603.0429 | D33: ='2012'!D33 -> 0.07 | E33: ='1п-е 2012'!E33+'2п-е 2012'!E33 -> 462.213 | F33: 139799.97 | G33: 95.89 | H33: 331.81384 | I33: ='1п-е 2012'!I33+'2п-е 2012'!I33 -> 117.4 | J33: ='1п-е 2012'!J33+'2п-е 2012'!J33 -> 44.4 | K33: =I33+J33 -> 161.8 | N33: ='1п-е 2012'!N33+'2п-е 2012'!N33 -> 153.36735
A34: 3 | B34: ОАО "МРСК Волги" (п.181) | C34: =E34/D34 -> 7634.3003 | D34: ='2012'!D34 -> 2.87 | E34: =$E$24+$E$38+$E$39+$E$32+$E$35+$E$42-$E$33 -> 21910.442 | F34: 283891.76 | G34: 46.69 | H34: 492.76609 | I34: ='1п-е 2012'!I34+'2п-е 2012'!I34 -> 9777.2 | J34: ='1п-е 2012'!J34+'2п-е 2012'!J34 -> 1023 | K34: =I34+J34 -> 10800.2 | N34: ='1п-е 2012'!N34+'2п-е 2012'!N34 -> 10796.911
A35: 4 | B35: ОАО "РЖД" (п.180) | C35: =E35/D35 -> 9036.7889 | D35: ='2012'!D35 -> 0.09 | E35: ='1п-е 2012'!E35+'2п-е 2012'!E35 -> 813.311 | F35: 6820.2 | G35: 1.61 | H35: 10.972923 | I35: ='1п-е 2012'!I35+'2п-е 2012'!I35 -> 7.4 | J35: ='1п-е 2012'!J35+'2п-е 2012'!J35 -> 1.3 | K35: =I35+J35 -> 8.7 | N35: ='1п-е 2012'!N35+'2п-е 2012'!N35 -> 8.919594
A36: IV. | B36: Платежи в адрес ФГУП «ГНПРКЦ «ЦСКБ-Прогресс» от смежных сетевых всего: | F36: руб./ МВт.мес. | G36: руб./МВт.ч | H36: руб./МВт.ч | I36: =SUM(I37:I39) -> 2627.1599 | J36: =SUM(J37:J39) -> 1306.7418 | K36: =SUM(K37:K39) -> 3933.9017 | L36: =SUM(L38:L39) -> 0 | M36: =SUM(M38:M39) -> 0 | N36: =SUM(N37:N39) -> 3938.9028 | O36: =N36-K36 -> 5.00108
A37: 1 | B37: ОАО "МРСК Волги" (п.162) | C37: =E37/D37 -> 7660.9936 | D37: =$D$24+$D$38+$D$39+$D$32+$D$35+$G$42-$D$33 -> 2.86 | E37: =$E$24+$E$38+$E$39+$E$32+$E$35+$E$42-$E$33 -> 21910.442 | H37: =K37/E37*1000 -> 0 | I37: =$D$37*$F$37*12/1000 -> 0 | J37: =$E$37*$G$37/1000 -> 0 | K37: =I37+J37 -> 0 | N37: =E37*H37/1000 -> 0
A38: 1 | B38: ООО "Энерго" (п.140) | C38: =E38/D38 -> 8642.2018 | D38: ='2012'!D38 -> 1.09 | E38: ='1п-е 2012'!E38+'2п-е 2012'!E38 -> 9420 | F38: 181738.41 | G38: 125.28 | H38: 377.63015 | I38: ='1п-е 2012'!I38+'2п-е 2012'!I38 -> 2377.1384 | J38: ='1п-е 2012'!J38+'2п-е 2012'!J38 -> 1180.1376 | K38: =I38+J38 -> 3557.276 | N38: ='1п-е 2012'!N38+'2п-е 2012'!N38 -> 3557.276
A39: 2 | B39: МП г.о.Самара "Самарский метрополитен" (п.57) | C39: =E39/D39 -> 6740 | D39: ='2012'!D39 -> 0.1 | E39: ='1п-е 2012'!E39+'2п-е 2012'!E39 -> 674 | F39: 208351.27 | G39: 187.84 | H39: 566.21182 | I39: ='1п-е 2012'!I39+'2п-е 2012'!I39 -> 250.02152 | J39: ='1п-е 2012'!J39+'2п-е 2012'!J39 -> 126.60416 | K39: =I39+J39 -> 376.62568 | N39: ='1п-е 2012'!N39+'2п-е 2012'!N39 -> 381.62676
B41: Число месяцев работы М = 12
D42: Потери в сетях ФГУП «ГНПРКЦ «ЦСКБ-Прогресс» на потребителя - | E42: =(E24+E32+E35+E38+E39)/(1-7/100)*7/100 -> 1566.0858 | F42: тыс.кВт.ч | G42: 0.21 | H42: =E42/(E34+E33) -> 0.07
D43: Тариф покупки потерь на потребителя - | E43: =2216.76/1566.09*1000 -> 1415.4742 | F43: руб./тыс.кВт.ч
B45: 2 полугодие 2012 г.
B46: Уровень напряжения | E46: Ставка за содержание электрических сетей | F46: Ставка | G46: Тариф на услуги по передаче электрической энергии
F47: за оплату потерь электрической энергии в сетях
E48: ТСОД | F48: ТПОТ | H48: часов в год
E49: руб./МВт.мес. | F49: руб./МВт.ч. | G49: руб./МВт.ч.
B50: ВН | E50: ='1 И 2 ПОЛУГОДИЕ 2012'!B64 -> 397387.35 | F50: ='1 И 2 ПОЛУГОДИЕ 2012'!D64 -> 158.29 | G50: ='1 И 2 ПОЛУГОДИЕ 2012'!F64 -> 690.41 | H50: =(E50*12/(G50-F50)) -> 8961.603
B51: СН1 | E51: ='1 И 2 ПОЛУГОДИЕ 2012'!B65 -> 740597.33 | F51: ='1 И 2 ПОЛУГОДИЕ 2012'!D65 -> 168.14 | G51: ='1 И 2 ПОЛУГОДИЕ 2012'!F65 -> 1174.03 | H51: =(E51*12/(G51-F51)) -> 8835.129
B52: СН2 | E52: ='1 И 2 ПОЛУГОДИЕ 2012'!B66 -> 1021368.4 | F52: ='1 И 2 ПОЛУГОДИЕ 2012'!D66 -> 432.48 | G52: ='1 И 2 ПОЛУГОДИЕ 2012'!F66 -> 1817.25 | H52: =(E52*12/(G52-F52)) -> 8850.8716
B53: НН | E53: ='1 И 2 ПОЛУГОДИЕ 2012'!B67 -> 1766107.6 | F53: ='1 И 2 ПОЛУГОДИЕ 2012'!D67 -> 495.34 | G53: ='1 И 2 ПОЛУГОДИЕ 2012'!F67 -> 2688.41 | H53: =(E53*12/(G53-F53)) -> 9663.7551
B54: Население | G54: ='1 И 2 ПОЛУГОДИЕ 2012'!F68 -> 422.2 | H54: =(E54*12/(G54-F54)) -> 0
K56: В случае увеличения объема передачи эл.энергии в сети Энерго
K57: 1. с Энерго выгоднее работать по одностав.тарифу
K58: платежи Энерго в адрес ЦСКБ Прогресс тыс.руб.
K59: тыс.кВтч | L59: за объем 9 420,0 | N59: за объем 20 123,0
K60: по 2-х став. | L60: 3557.276 | N60: 8082.2
K61: по одностав. | L61: 3557.276 | N61: 7599.1
K62: отклон. | L62: =L61-L60 -> 0 | N62: =N61-N60 -> -483.1
L63: Выручка ЦСКБ =
K64: 2. с МРСК выгоднее работать по 2-х ставочн.тарифу
K65: платежи ЦСКБ Прогресс в адрес МРСК тыс.руб.
K66: тыс.кВтч | L66: за объем 22 751,776 | N66: за объем 33 419,04
K67: по 2-х став. | L67: 11208.9 | N67: 16639.8
K68: по одностав. | L68: 11211.3 | N68: 16468.1
K69: отклон. | L69: =L68-L67 -> 2.4 | N69: =N68-N67 -> -171.7
L70: Выручка ЦСКБ =

Sheet НВВ на содержание
E1: Приложение 1
A2: ФГУП «ГНПРКЦ «ЦСКБ-Прогресс»
A4: (наименование сетевой организации)
E5: на передачу сторонним потребителям | H5: =D8/0.8*0.2 -> #REF! | J5: =J7-E8 -> #REF!
A6: №п/п | B6: Показатель | C6: Ед.изм. | D6: Утверждено на 2011 год | E6: Базовый (первый) год долгосрочного периода регулирования 2012 год | J6: без ПСХ
A7: 1 | B7: 2 | C7: 3 | D7: 4 | E7: 5 | G7: НВВ 2011 | H7: НВВ 2012 | I7: 2006.8 | J7: 7572.833 | K7: стр-ра измен., сторонн.меньше- Энерго ум.
A8: 1 | B8: НВВ сетевой организации ВСЕГО (без учета расходов на оплату услуг территориальных сетевых организаций, расходов на оплату потерь электроэнергии) | C8: тыс.руб. | D8: =D9+D33 -> #REF! | E8: =E9+E33 -> #REF! | F8: =F9+F33 -> 2758.519 | G8: =1911.2+95.6 -> 2006.8 | H8: =#REF! -> #REF! | I8: Табл. П.1.24 | K8: =H8-E8 -> #REF!
A9: 1.1. | B9: Подконтрольные расходы | C9: тыс.руб. | D9: =D10+D13+D14+D28 -> 1575.74 | E9: =E10+E13+E14+E28 -> #REF! | F9: =F10+F13+F14+F28 -> 1658.685
A10: 1.1.1. | B10: Материальные затраты | C10: тыс.руб. | D10: =SUM(D11:D12) -> 273 | E10: =SUM(E11:E12) -> #REF! | F10: =SUM(F11:F12) -> 285.558 | I10: без ПСХ
A11: 1.1.1.1. | B11: Сырье, материалы, запасные части, инструмент, топливо | C11: тыс.руб. | E11: =#REF! -> #REF! | F11: =273*1.046 -> 285.558 | I11: 7572.833 | J11: измен.доля на потребит -раб., амортиз, ОХР
A12: 1.1.1.2. | B12: Работы и услуги производственного характера (в т.ч. услуги сторонних организаций по содержанию сетей и распределительных устройств) | C12: тыс.руб. | D12: 273 | E12: =ROUND((#REF!-#REF!),1) -> #REF! | I12: 21,37% было | J12: стало 20,55%
A13: 1.1.2. | B13: Расходы на оплату труда | C13: тыс.руб. | D13: 1196.5 | E13: =#REF! -> #REF! | F13: =1252+10 -> 1262 | I13: ЭНЕРГО было - | J13: 22060 | K13: тыс.квтч
A14: 1.1.3. | B14: Прочие расходы, всего, в том числе: | C14: тыс.руб. | D14: =SUM(D15:D16,D23:D27) -> 50 | E14: =SUM(E15:E16,E23:E27) -> #REF! | F14: =SUM(F15:F16,F23:F27) -> 52.3 | I14: стало - | J14: ='П1.30 - 07.06.11г.'!C22 -> 20123 | K14: тыс.квтч
A15: 1.1.3.1. | B15: Ремонт основных фондов | C15: тыс.руб. | G15: механизмы по ЛС
A16: 1.1.3.2. | B16: Оплата работ и услуг сторонних организаций | C16: тыс.руб. | D16: =SUM(D17:D22) -> 0 | E16: =SUM(E17:E22) -> 0
A17: 1.1.3.2.1. | B17: услуги связи | C17: тыс.руб.
A18: 1.1.3.2.2. | B18: Расходы на услуги вневедомственной охраны и коммунального хозяйства | C18: тыс.руб.
A19: 1.1.3.2.3. | B19: Расходы на юридические и информационные услуги | C19: тыс.руб.
A20: 1.1.3.2.4. | B20: Расходы на аудиторские и консультационные услуги | C20: тыс.руб.
A21: 1.1.3.2.5. | B21: Транспортные услуги | C21: тыс.руб.
A22: 1.1.3.2.6. | B22: Прочие услуги сторонних организаций | C22: тыс.руб. | G22: усл.банка, ремонт
A23: 1.1.3.3. | B23: Расходы на командировки и представительские | C23: тыс.руб.
A24: 1.1.3.4. | B24: Расходы на подготовку кадров | C24: тыс.руб.
A25: 1.1.3.5. | B25: Расходы на обеспечение нормальных условий труда и мер по технике безопасности | C25: тыс.руб. | E25: =ROUND(('РСЭО 2012г.'!E33+'РСЭО 2012г.'!E34),1) -> 82.3 | G25: прочие ОХР
A26: 1.1.3.6. | B26: Расходы на страхование | C26: тыс.руб.
A27: 1.1.3.7. | B27: Другие прочие расходы (ОХР) | C27: тыс.руб. | D27: 50 | E27: =ROUND((#REF!),1) -> #REF! | F27: =50*1.046 -> 52.3 | G27: прочие ОХР
A28: 1.1.4. | B28: Расходы из прибыли, в т.ч.: | C28: тыс.руб. | D28: =SUM(D29:D31) -> 56.24 | E28: =SUM(E29:E31) -> #REF! | F28: =SUM(F29:F31) -> 58.82704
A29: 1.1.4.1. | B29: расходы на обслуживание заемных средств | C29: тыс.руб. | D29: 0 | E29: 0
A30: 1.1.4.2. | B30: расходы по коллективным договорам | C30: тыс.руб. | D30: =(95.6-25.3)*0.8 -> 56.24 | E30: =#REF!+#REF! -> #REF! | F30: =D30*1.046 -> 58.82704
A31: 1.1.4.3. | B31: прочие расходы из прибыли | C31: тыс.руб. | D31: 0 | E31: 0
A33: 1.2. | B33: Неподконтрольные расходы | C33: тыс.руб. | D33: =SUM(D34:D38,D42:D47) -> #REF! | E33: =SUM(E34:E38,E42:E47) -> #REF! | F33: =SUM(F34:F38,F42:F47) -> 1099.834
A34: 1.2.1. | B34: Оплата услуг ОАО "ФСК ЕЭС" | C34: тыс.руб. | D34: 0 | E34: 0
A35: 1.2.2. | B35: Электроэнергия на хоз. нужды | C35: тыс.руб. | D35: 0 | E35: 0
A36: 1.2.3. | B36: Теплоэнергия | C36: тыс.руб. | D36: 0 | E36: 0
A37: 1.2.4. | B37: Плата за аренду имущества и лизинг | C37: тыс.руб. | D37: 0 | E37: 0
A38: 1.2.5. | B38: Налоги,всего, в том числе: | C38: тыс.руб. | D38: =SUM(D39:D41) -> #REF! | E38: =SUM(E39:E41) -> #REF! | F38: =SUM(F39:F41) -> 25.3
A39: 1.2.5.1. | B39: плата за землю | C39: тыс.руб.
A40: 1.2.5.2. | B40: Налог на имущество | C40: тыс.руб. | D40: =E40 -> #REF! | E40: =#REF! -> #REF! | F40: 25.3
A41: 1.2.5.3. | B41: Прочие налоги и сборы | C41: тыс.руб. | G41: плата за негативное возд.на окр.среду
A42: 1.2.6. | B42: Отчисления на социальные нужды (ЕСН) | C42: тыс.руб. | D42: 311.1 | E42: =E13*0.357 -> #REF! | F42: =0.357*F13 -> 450.534 | H42: =D42/D13 -> 0.26000836 | I42: =E42/E13 -> #REF!
A43: 1.2.7. | B43: Амортизация основных средств | C43: тыс.руб. | D43: 80.6 | E43: =#REF! -> #REF! | F43: 80.6
A44: 1.2.8. | B44: Расходы на финансирование капитальных вложений | C44: тыс.руб.
A45: 1.2.11. | B45: Прочие неподконтрольные расходы | C45: тыс.руб. | D45: 0 | E45: 0 | G45: плата за ОС
A46: 1.2.12. | B46: Налог на прибыль | C46: тыс.руб. | D46: =95.6-D30-D40 -> #REF! | E46: =#REF! -> #REF! | F46: 28.4 | I46: =D40+D46+D30 -> #REF! | J46: =E40+E46+E30 -> #REF!
A47: 1.2.13. | B47: Выпадающие доходы/экономия средств | C47: тыс.руб. | D47: 0 | E47: 0 | F47: 515 | G47: амортиз.
A49: Первый зам. генерального директора -
A50: главный инженер | E50: С. В. Тюлевин

Sheet послед2012г.об.по стр-ре СЭ (2)
A1: Расчет по договорам оказания услуг по передаче электрической энергии на 2012 г.
A2: ФГУП «ГНПРКЦ «ЦСКБ-Прогресс»
A3: Объемы организ.по стр-ре Самараэнерго
B4: Единые (котловые) тарифы на услуги по передаче электрической энергии на 2010 г.
B6: Уровень напряжения | D6: Ставка за содержание электрических сетей | E6: Ставка за оплату потерь электрической энергии в сетях | F6: Тариф на услуги по передаче электрической энергии
D8: ТСОД | E8: ТПОТ
D9: руб./МВт.мес. | E9: руб./МВт.ч | F9: руб./МВт.ч | G9: часов в год
B10: ВН | D10: 300621.82 | E10: 176.8 | F10: 592.41 | G10: =(D10*12/(F10-E10)) -> 8679.9207
B11: СН1 | D11: 490793.23 | E11: 180 | F11: 969.48 | G11: =(D11*12/(F11-E11)) -> 7459.9974
B12: СН2 | D12: 680321 | E12: 210 | F12: 1441.35 | G12: =(D12*12/(F12-E12)) -> 6630.0012 | H12: МРСК
B13: НН | D13: 851305.82 | E13: 432 | F13: 2296.17 | G13: =(D13*12/(F13-E13)) -> 5480.0098 | H13: =(365-53)*16 -> 4992 | I13: 16 час.в день, за "_" воскрес. | L13: 16 час.в день, за "_" воскрес.
B15: Показатели | D15: Полезный отпуск | F15: Единый (котловой) тариф | I15: Платежи за год, тыс.руб.
F16: двухставочный | H16: одно- ставочный | I16: по расчету УГРКЭ | L16: по договорам 2011 г.
D17: Мощность, Мвт | E17: ЭЭ, тыс.кВт.ч | F17: Ставка за содержание электрических сетей, руб./ МВт.мес. | G17: Ставка за оплату потерь электрической энергии в сетях, руб./МВт.ч | H17: по факту потребления электро- энергии, руб./МВт.ч | I17: Содержание | J17: Потери | K17: Итого | L17: Содер- жание | M17: Потери | N17: Итого
A18: 1 | B18: 2 | D18: 3 | E18: 4 | F18: 5 | G18: 6 | H18: 7 | I18: 8= ст.3 х ст.5 х 12 мес. | J18: 9= ст.4 х ст.6 | K18: 10=8+9 | L18: 11 | M18: 12 | N18: 13 | O18: потери, тыс.руб. | Q18: по дог.должно получ.
A19: I. | B19: Необходимая валовая выручка (НВВ) | I19: ='НВВ на содержание'!E8 -> #REF! | J19: =E41*E42/1000 -> #REF! | K19: =ROUND((I19+J19),1) -> #REF! | N19: =N23-N31+N35 -> 14422.645 | O19: =$E$41*$E$42/1000 -> #REF! | Q19: =N23+K35-N32-K34 -> 14344.047
B20: Тарифная выручка | I20: =I23+I35-I31 -> 13573.639 | J20: =ROUND((J23+J35-J31),1) -> 2864 | K20: =ROUND((I20+J20),1) -> 16437.6
B21: Строка проверки | I21: =K19-K20 -> #REF!
A22: II. | B22: Платежи ОАО "Самараэнерго" в адрес ФГУП «ГНПРКЦ «ЦСКБ-Прогресс» | I22: по двухставочному тарифу | L22: по одноставочному тарифу
I23: =SUM(I25:I29) -> 13359.547 | J23: =SUM(J25:J29) -> 3187.1467 | K23: =I23+J23 -> 16546.694 | N23: =SUM(N25:N29) -> 14459.6 | O23: =N23-K23 -> -2087.0939 | P23: =N19-K20 -> -2014.9551
B24: Полезный отпуск всего | C24: чччи, час. | D24: =SUM(D25:D29) -> 1.378 | E24: =SUM(E25:E29) -> 9367.7
B25: в т.ч. ВН несетевым организациям | C25: =E25/D25 -> 7115.3846 | D25: 0.572 | E25: =2033.37+2036.63 -> 4070 | F25: =E63 -> 427956.36 | G25: ='изм.приказ 27 от 28.04.2011'!D42 -> 179.28 | H25: ='изм.приказ 27 от 28.04.2011'!F42 -> 789.41 | I25: =D25*F25*12/1000 -> 2937.4925 | J25: =E25*G25/1000 -> 729.6696 | K25: =I25+J25 -> 3667.1621 | N25: =ROUND((E25*H25/1000),1) -> 3212.9 | O25: ='2012г.об.под факт2010'!N23-'послед2012г.об.по стр-ре СЭ (2)'!N23 -> 1091.2
B26: в т.ч. СН II несетевым организациям | C26: =E26/D26 -> 6734.2282 | D26: 0.745 | E26: =2506.49+2510.51 -> 5017 | F26: =E65 -> 1110334.7 | G26: ='изм.приказ 27 от 28.04.2011'!D44 -> 469.5 | H26: ='изм.приказ 27 от 28.04.2011'!F44 -> 2146.56 | I26: =D26*F26*12/1000 -> 9926.3924 | J26: =E26*G26/1000 -> 2355.4815 | K26: =I26+J26 -> 12281.874 | N26: =ROUND((E26*H26/1000),1) -> 10769.3 | O26: др.стр-ра
B27: НН несетевым организациям | C27: =E27/D27 -> 6600 | D27: 0.02 | E27: =65.4+66.6 -> 132 | F27: ='изм.приказ 27 от 28.04.2011'!B45 -> 2019526.5 | G27: ='изм.приказ 27 от 28.04.2011'!D45 -> 535.8 | H27: ='изм.приказ 27 от 28.04.2011'!F45 -> 3325.91 | I27: =D27*F27*12/1000 -> 484.68636 | J27: =E27*G27/1000 -> 70.7256 | K27: =I27+J27 -> 555.41196 | N27: =ROUND((E27*H27/1000),1) -> 439
B28: СН II несетевым организациям (НАСЕЛЕНИЕ) | C28: =E28/D28 -> 5566.6667 | D28: =0.003 -> 0.003 | E28: =7.75+8.95 -> 16.7 | F28: ='изм.приказ 27 от 28.04.2011'!B46 -> 22308.96 | G28: ='изм.приказ 27 от 28.04.2011'!D46 -> 210.289 | H28: ='изм.приказ 27 от 28.04.2011'!F46 -> 258.21 | I28: =D28*F28*12/1000 -> 0.80312256 | J28: =E28*G28/1000 -> 3.5118263 | K28: =I28+J28 -> 4.3149489 | N28: =ROUND((E28*H28/1000),1) -> 4.3
B29: НН несетевым организациям (НАСЕЛЕНИЕ) | C29: =E29/D29 -> 3473.6842 | D29: =0.038 -> 0.038 | E29: =61.29+70.71 -> 132 | F29: =F28 -> 22308.96 | G29: =G28 -> 210.289 | H29: =G67 -> 258.21 | I29: =D29*F29*12/1000 -> 10.172886 | J29: =E29*G29/1000 -> 27.758148 | K29: =I29+J29 -> 37.931034 | N29: =ROUND((E29*H29/1000),1) -> 34.1
A30: III. | B30: Платежи ФГУП «ГНПРКЦ «ЦСКБ-Прогресс» в адрес: | D30: Сальдо-переток | F30: Индивидуальный тариф | I30: по двухставочному тарифу | L30: по одноставочному тарифу
D31: Мощность, Мвт | E31: ЭЭ, тыс.кВт.ч | F31: руб./ МВт.мес. | G31: руб./МВт.ч | H31: одност. руб./МВт.ч | I31: =SUM(I32:I34) -> 2325.3076 | J31: =SUM(J32:J34) -> 1689.7857 | K31: =SUM(K32:K34) -> 4015.0933 | L31: =SUM(L34:L34) -> 0 | M31: =SUM(M34:M34) -> 0 | N31: =SUM(N32:N34) -> 3943.6471
A32: 1 | B32: ЗАО "ССК" (п.77) | C32: =E32/D32 -> 7183.2162 | D32: 0.074 | E32: 531.558 | F32: 279175.21 | G32: 108.71 | H32: =K32/E32*1000+12.17 -> 587.25918 | I32: =$D32*$F32*12/1000 -> 247.90759 | J32: =$E32*$G32/1000 -> 57.78567 | K32: =I32+J32 -> 305.69326 | N32: =E32*H32/1000 -> 312.16232
A33: 2 | B33: ООО "Энергонефть Самара" ???? | C33: =E33/D33 -> 7111 | D33: ='П1.30 - 07.06.11г.'!D14 -> 0.065 | E33: ='П1.30 - 07.06.11г.'!C14 -> 462.215 | I33: =ROUND(($D$33*$F$33*12/1000),1) -> 0 | J33: =ROUND(($E$33*$G$33/1000),1) -> 0 | K33: =I33+J33 -> 0 | N33: =E33*H33/1000 -> 0
A34: 3 | B34: ОАО "РЖД" (п.78) | C34: =E34/D34 -> 8745.2796 | D34: 0.093 | E34: 813.311 | F34: 1861465 | G34: 2006.61 | H34: =K34/E34*1000-95.8 -> 4465.0629 | I34: =ROUND(($D$34*$F$34*12/1000),1) -> 2077.4 | J34: =ROUND(($E$34*$G$34/1000),1) -> 1632 | K34: =I34+J34 -> 3709.4 | N34: =E34*H34/1000 -> 3631.4848
A35: IV. | B35: Платежи в адрес ФГУП «ГНПРКЦ «ЦСКБ-Прогресс» от смежных сетевых всего: | F35: руб./ МВт.мес. | G35: руб./МВт.ч | H35: руб./МВт.ч | I35: =SUM(I36:I38) -> 2539.3997 | J35: =SUM(J36:J38) -> 1366.6098 | K35: =SUM(K36:K38) -> 3906.0094 | L35: =SUM(L37:L38) -> 0 | M35: =SUM(M37:M38) -> 0 | N35: =SUM(N36:N38) -> 3906.692
A36: 1 | B36: ОАО "МРСК Волги" (п.162) | C36: =E36/D36 -> 7638.9249 | D36: =D24+D37+D38+D32+D34+G41-D33 -> 2.9784 | E36: =E24+E37+E38+E32+E34+E41-E33 -> 22751.774 | F36: 451.08 | G36: 0.82 | H36: =K36/E36*1000+0.03 -> 1.5586023 | I36: =$D$36*$F$36*12/1000 -> 16.12196 | J36: =$E$36*$G$36/1000 -> 18.656455 | K36: =I36+J36 -> 34.778415 | N36: =E36*H36/1000 -> 35.460968
A37: 2 | B37: ООО "Энерго" (п.48) | C37: =E37/D37 -> 8642.2018 | D37: 1.09 | E37: 9420 | F37: 169906.8 | G37: 114.55 | H37: =K37/E37*1000 -> 350.47154 | I37: =$D37*$F37*12/1000 -> 2222.3809 | J37: =$E37*$G37/1000 -> 1079.061 | K37: =I37+J37 -> 3301.4419 | N37: =E37*H37/1000 -> 3301.4419
A38: 3 | B38: МП г.о.Самара "Самарский метрополитен" (п.123) | C38: =E38/D38 -> 6607.8431 | D38: 0.102 | E38: 674 | F38: 245830.7 | G38: 398.95 | H38: =K38/E38*1000 -> 845.38439 | I38: =$D$38*$F$38*12/1000 -> 300.89678 | J38: =$E$38*$G$38/1000 -> 268.8923 | K38: =I38+J38 -> 569.78908 | N38: =E38*H38/1000 -> 569.78908
B40: Число месяцев работы М = 12
D41: Потери в сетях ФГУП «ГНПРКЦ «ЦСКБ-Прогресс» на потребителя - | E41: 2407.42 | F41: тыс.кВт.ч | G41: 0.3064 | H41: =E37+E38+E29+E41 -> 12633.42
D42: Тариф покупки потерь на потребителя - | E42: =#REF! -> #REF! | F42: руб./тыс.кВт.ч
E44: руб./тыс.кВт.ч | G44: платежи от 3-х орг. В адрес ОАО "1253 ЦРБРЛВ" по один.тарифу
G45: Индивидуальный тариф | J45: проверка по 2-х став.
G46: руб./ МВт.мес. | H46: руб./МВт.ч | I46: одност. руб./МВт.ч
F48: Платежи в адрес ОАО "1253 ЦРБРЛВ" от :
F49: ОАО "МРСК Волги"
F50: ООО "Энерго"
F51: ЗАО "ЗаСеКо"
F52: ИТОГО
B58: 2012 г.
B59: Уровень напряжения | E59: Ставка за содержание электрических сетей | F59: Ставка | G59: Тариф на услуги по передаче электрической энергии
F60: за оплату потерь электрической энергии в сетях
E61: ТСОД | F61: ТПОТ | H61: часов в год
E62: руб./МВт.мес. | F62: руб./МВт.ч. | G62: руб./МВт.ч.
B63: ВН | E63: ='изм.приказ 27 от 28.04.2011'!B42 -> 427956.36 | F63: ='изм.приказ 27 от 28.04.2011'!D42 -> 179.28 | G63: ='изм.приказ 27 от 28.04.2011'!F42 -> 789.41 | H63: =(E63*12/(G63-F63)) -> 8417.0198
B64: СН1 | E64: ='изм.приказ 27 от 28.04.2011'!B43 -> 781756.21 | F64: ='изм.приказ 27 от 28.04.2011'!D43 -> 191.71 | G64: ='изм.приказ 27 от 28.04.2011'!F43 -> 1324.32 | H64: =(E64*12/(G64-F64)) -> 8282.705
B65: СН2 | E65: ='изм.приказ 27 от 28.04.2011'!B44 -> 1110334.7 | F65: ='изм.приказ 27 от 28.04.2011'!D44 -> 469.5 | G65: ='изм.приказ 27 от 28.04.2011'!F44 -> 2146.56 | H65: =(E65*12/(G65-F65)) -> 7944.8658
B66: НН | E66: ='изм.приказ 27 от 28.04.2011'!B45 -> 2019526.5 | F66: ='изм.приказ 27 от 28.04.2011'!D45 -> 535.8 | G66: ='изм.приказ 27 от 28.04.2011'!F45 -> 3325.91 | H66: =(E66*12/(G66-F66)) -> 8685.7929
B67: Население | E67: ='изм.приказ 27 от 28.04.2011'!B46 -> 22308.96 | F67: ='изм.приказ 27 от 28.04.2011'!D46 -> 210.289 | G67: ='изм.приказ 27 от 28.04.2011'!F46 -> 258.21 | H67: =(E67*12/(G67-F67)) -> 5586.4343

Sheet 12г.Бал.уточ.Энерг+подсобн.хоз.
A1: 2012 г. | F1: Приложение № 1 | H1: =B10+B13+B17+B30 -> 160376.17 | I1: 159801.12
A2: Баланс электрической энергии | H2: =B11+B14+B18+B31 -> 31.726348 | I2: 31.358098
A4: ФГУП «ГНПРКЦ «ЦСКБ-Прогресс»
A5: (наименование сетевой организации) | H5: П1.30
H6: 36138.021 | I6: =B13+B17+B30 -> 34656.069 | J6: =I6-H6 -> -1481.952
A7: Объемы потребления | B7: Всего | C7: Уровни напряжения | H7: 4.358098 | I7: =B14+B18+B31 -> 4.4254079 | J7: =I7-H7 -> 0.067309921
C8: ВН | D8: СН I | E8: СН II | F8: НН
A9: СОБСТВЕННОЕ ПОТРЕБЛЕНИЕ | J9: =-21700+19763+531.558+16.5+40-133.01 -> -1481.952
A10: Электрическая энергия, тыс.кВтч | B10: =SUM(C10:F10) -> 125720.1 | C10: 123663.1 | D10: 825 | E10: =807 -> 807 | F10: =425 -> 425 | J10: =-2.51+2.51+0.074+0.0033+0.0053-0.01531 -> 0.06729
A11: Мощность, МВт | B11: =SUM(C11:F11) -> 27.30094 | C11: 27 | D11: =825/6942 -> 0.11884183 | E11: =E10/6837 -> 0.11803423 | F11: =F10/6634 -> 0.064063913
A12: ПОТЕРИ ПРИ ПЕРЕДАЧЕ ПО ЭЛЕКТРИЧЕСКИМ СЕТЯМ
A13: Электрическая энергия, тыс.кВтч | B13: =SUM(C13:F13) -> 2529.7 | C13: 2529.7
A14: Мощность, МВт | B14: =SUM(C14:F14) -> 0.30878943 | C14: 0.30878943
A15: ПОЛЕЗНЫЙ ОТПУСК
A16: Всего:
A17: Электрическая энергия, тыс.кВтч | B17: =SUM(C17:F17) -> 9984.5 | C17: =C21+C24+C27 -> 4070 | D17: =D21+D24+D27 -> 16.5 | E17: =E21+E24+E27 -> 5412.3 | F17: =F21+F24+F27 -> 485.7
A18: Мощность, МВт | B18: =SUM(C18:F18) -> 1.2976184 | C18: =C22+C25+C28 -> 0.537 | D18: =D22+D25+D28 -> 0.0033 | E18: =E22+E25+E28 -> 0.682 | F18: =F22+F25+F28 -> 0.075318442
A19: в т.ч.
A20: Прочие потребители
A21: Электрическая энергия, тыс.кВтч | B21: =SUM(C21:F21) -> 9713 | C21: 4070 | D21: 0 | E21: =5395.4 -> 5395.4 | F21: =207.599999999999+40 -> 247.6
A22: Мощность, МВт | B22: =SUM(C22:F22) -> 1.2503184 | C22: 0.537 | D22: 0 | E22: =0.679 -> 0.679 | F22: =0.029+40/7521 -> 0.034318442
A23: Население, проживающее в городских населенных пунктах, оборудованных в установленном порядке стационарными газовыми плитами, а также потребители городских населенных пунктов, приравненные к населению
A24: Электрическая энергия, тыс.кВтч | B24: =SUM(C24:F24) -> 255 | C24: 0 | D24: 0 | E24: 16.9 | F24: 238.1
A25: Мощность, МВт | B25: =SUM(C25:F25) -> 0.044 | C25: 0 | D25: 0 | E25: 0.003 | F25: 0.041 | H25: =E24/E25 -> 5633.3333 | I25: =F24/F25 -> 5807.3171
A26: Население, проживающее в домах, оборудованных в установленном порядке стационарными электроплитами; население, проживающее в сельских населенных пунктах, а также потребители сельских населенных пунктов, приравненные к населению
A27: Электрическая энергия, тыс.кВтч | B27: =SUM(C27:F27) -> 16.5 | D27: =16.5 -> 16.5
A28: Мощность, МВт | B28: =SUM(C28:F28) -> 0.0033 | D28: =D27/5000 -> 0.0033
A29: ПЕРЕДАЧА ПО ТРАНЗИТУ
A30: Электрическая энергия, тыс.кВтч | B30: =SUM(C30:F30) -> 22141.869 | C30: =23187.311-21700+19763 -> 21250.311 | D30: 0 | E30: 360 | F30: =531.558 -> 531.558 | I30: 23680.321
A31: Мощность, МВт | B31: =SUM(C31:F31) -> 2.819 | C31: =2.705-2.51+2.51 -> 2.705 | D31: 0 | E31: 0.04 | F31: =0.074 -> 0.074 | I31: 2.7603135
A35: Руководитель | D35: Первый зам. генерального директора -
A36: ОАО "Самараэнерго" | D36: главный инженер
D37: ФГУП «ГНПРКЦ «ЦСКБ-Прогресс»
A39: ______________________ М. В. Сойфер | D39: _____________________ С. В. Тюлевин
A40: М.П. | D40: М.П.
D102: =D127+#REF! -> #REF! | E102: =E127+#REF! -> #REF!

Sheet Прилож.1-2012г.
A1: На бланке организации
C11: Приложение № 1 к анкете организации, осуществляющей деятельность в электроэнергетике Самарской области
A12: Перечень
A13: потребителей электрической энергии
A14: ФГУП «ГНПРКЦ «ЦСКБ-Прогресс»
A16: № п/п | B16: Наименование организации – абонента, юридический адрес, телефон | C16: Объем электрической энергии 2012 г. (тыс. кВтч) | D16: Заявленная мощность, МВт | E16: Уровень напряжения | F16: . | H16: чччи
A17: Конечные потребители ОАО "Самараэнерго" | F17: .
C18: Прочие потребители
A19: 1. | B19: РЖД, собственное потребление | C19: =C34+(4940.64-4069.969) -> 3074.64 | D19: =D34+(0.6033-0.537) -> 0.3193 | E19: ВН | H19: =C19/D19 -> 9629.3141
A20: 2. | B20: “Самарский метрополитен” | C20: =C46 -> 1866 | D20: =D46 -> 0.284 | E20: ВН | G20: =SUM(C19:C20) -> 4940.64 | H20: =C20/D20 -> 6570.4225
B21: ИТОГО собственное потребление сетевых организаций | C21: =SUM(C19:C20) -> 4940.64 | D21: =ROUND((SUM(D19:D20)),4) -> 0.6033 | E21: ВН | G21: =SUM(D19:D20) -> 0.6033 | H21: =C21/D21 -> 8189.3585
A22: 3. | B22: Прочие потребители | C22: 4637.94 | D22: 0.5988 | E22: СН II | H22: =C22/D22 -> 7745.3908
A23: 4. | B23: Прочие потребители | C23: 54.15 | D23: 0.0072 | E23: НН | H23: =C23/D23 -> 7520.8333
B24: ИТОГО прочие потребители | C24: =C21+C22+C23 -> 9632.73 | D24: =D21+D22+D23 -> 1.2093 | H24: =C24/D24 -> 7965.542
C25: гр.Население
E26: ВН | H26: =C26/D26 -> #DIV/0!
A27: 5. | B27: гр.Население | C27: 21.36 | D27: 0.0043 | E27: СН II | H27: =C27/D27 -> 4967.4419
A28: 6. | B28: гр.Население | C28: 188.37 | D28: 0.0375 | E28: НН | H28: =C28/D28 -> 5023.2
B29: ИТОГО гр.население | C29: =SUM(C27:C28) -> 209.73 | D29: =SUM(D27:D28) -> 0.0418 | H29: =C29/D29 -> 5017.4641
B30: Итого конечные потребители ОАО "Самараэнерго" | C30: =C24+C29 -> 9842.46 | D30: =D24+D29 -> 1.2511 | H30: =C30/D30 -> 7867.045
A31: Сетевые организации -транзит | F31: .
A32: =A18+1 -> 1 | B32: Куйбышевская дирекция по энергообеспечению – структурное подразделение Трансэнерго - филиал ОАО "РЖД", 107174, г. Москва, ул. Новая Басманная, д.2, тел. (846) 270-73-56,270-73-57,30-45-86 (дог.отд.), факс. (846) 270-73-56, 270-73-57 | C32: 3017.28 | D32: 0.346 | E32: ВН | G32: =C33+C35+C45 -> 21250.311 | H32: =C32/D32 -> 8720.4624 | I32: 8417.0198 | J32: =SUM(D33:D34) -> 0.346
A33: 2.1. | B33: в т.ч. Транзит | C33: 813.311 | D33: 0.093 | E33: ВН | G33: заявка 2012г. | H33: =C33/D33 -> 8745.2796
A34: 2.2. | B34: в т.ч. Собственное потребление | C34: =C32-C33 -> 2203.969 | D34: =D32-D33 -> 0.253 | E34: ВН | F34: РЖД собств. | G34: 2203.969 | H34: =C34/D34 -> 8711.3399
A35: =A32+1 -> 2 | B35: ООО "Энерго", 443035, г.Самара, ул. Минская, д.25, тел.269-13-71 | C35: 19763 | D35: 2.51 | E35: ВН | F35: з.м. | G35: 0.253 | H35: =C35/D35 -> 7873.7052 | I35: ВН | J35: 21700 | K35: 2.56 | L35: Энерго заявка на 13.04.2011
C36: 360 | D36: 0.04 | E36: СН II | F36: =SUM(D35:D36) -> 2.55 | G36: =G34/G35 -> 8711.3399 | H36: =C36/D36 -> 9000 | I36: СН2 | J36: 360 | K36: 0.04
A37: =A35+1 -> 3 | B37: ЗАО "ССК", 443546, Самарская обл., Волжский район, пос. Петра Дубрава, ул. Коммунаров, 3, тел./факс (846) 342-60-00 | C37: 531.558 | D37: 0.074 | E37: НН | H37: =C37/D37 -> 7183.2162 | J37: =SUM(J35:J36) -> 22060 | K37: =SUM(K35:K36) -> 2.6
A38: =A37+1 -> 4 | B38: “Самарский метрополитен” (Муниципальное предприятие г.о. Самара), 443079, ул. Гагарина, 11-а | C38: 2540 | D38: =D46+D45 -> 0.386 | E38: ВН | H38: =C38/D38 -> 6580.3109
A39: =A38+1 -> 5 | E39: ВН | H39: =C39/D39 -> #DIV/0!
A40: =A39+1 -> 6 | E40: ВН | H40: =C40/D40 -> #DIV/0!
A41: =A40+1 -> 7 | E41: ВН | H41: =C41/D41 -> #DIV/0!
A42: =A41+1 -> 8 | E42: ВН | H42: =C42/D42 -> #DIV/0!
A43: =A42+1 -> 9 | E43: ВН | H43: =C43/D43 -> #DIV/0!
A44: =A43+1 -> 10 | E44: ВН | H44: =C44/D44 -> #DIV/0!
A45: 5.1. | B45: в т.ч. Транзит | C45: 674 | D45: 0.102 | E45: ВН | H45: =C45/D45 -> 6607.8431
A46: 5.2. | B46: в т.ч. Собственное потребление | C46: =C38-C45 -> 1866 | D46: 0.284 | E46: ВН | H46: =C46/D46 -> 6570.4225
B47: Итого ТРАНЗИТ | C47: =C33+C35+C36+C37+C45 -> 22141.869 | D47: =D33+D35+D36+D37+D45 -> 2.819 | H47: =C47/D47 -> 7854.5119
B48: ИТОГО ПЕРЕДАЧА ЭЛЕКТРИЧЕСКОЙ ЭНЕРГИИ | C48: =C30+C47 -> 31984.329 | D48: =D30+D47 -> 4.0701 | H48: =C48/D48 -> 7858.3644
A53: Первый зам. генерального директора
A54: главный инженер | D54: С. В. Тюлевин

Sheet 2012 Баланс  
A1: 2012 г. | F1: Приложение № 1 | G1: 160111.85 | H1: =B10+B17+B30+B13 -> 160111.85 | I1: ='Прилож.1-2012г.'!C48 -> 31984.329 | J1: отпуск | K1: по данным Самараэнерго
A2: Баланс электрической энергии | G2: 31.67744 | H2: =B11+B18+B31+B14 -> 31.67744 | I2: ='Прилож.1-2012г.'!D48 -> 4.0701
A4: ФГУП «ГНПРКЦ «ЦСКБ-Прогресс»
A5: (наименование сетевой организации) | H5: П1.30 | L5: 34391.749
H6: ='П1.30 - 07.06.11г.'!C8 -> 34391.749 | I6: =B13+B17+B30 -> 34391.749 | J6: =I6-H6 -> 0 | L6: 4.3765
A7: Объемы потребления | B7: Всего | C7: Уровни напряжения | H7: ='П1.30 - 07.06.11г.'!D8 -> 4.3765 | I7: =B14+B18+B31 -> 4.3765 | J7: =I7-H7 -> 0
C8: ВН | D8: СН I | E8: СН II | F8: НН
A9: СОБСТВЕННОЕ ПОТРЕБЛЕНИЕ | J9: =-21700+19763+531.558+16.5+40-133.01 -> -1481.952
A10: Электрическая энергия, тыс.кВтч | B10: =SUM(C10:F10) -> 125720.1 | C10: 123663.1 | D10: 825 | E10: =807 -> 807 | F10: =425 -> 425 | I10: =SUM(D10:F10) -> 2057 | J10: =-2.51+2.51+0.074+0.0033+0.0053-0.01531 -> 0.06729
A11: Мощность, МВт | B11: =SUM(C11:F11) -> 27.30094 | C11: 27 | D11: =825/6942 -> 0.11884183 | E11: =E10/6837 -> 0.11803423 | F11: =F10/6634 -> 0.064063913 | I11: =I10+531.558+56.5 -> 2645.058
A12: ПОТЕРИ ПРИ ПЕРЕДАЧЕ ПО ЭЛЕКТРИЧЕСКИМ СЕТЯМ | H12: =C10+C17 -> 128603.74
A13: Электрическая энергия, тыс.кВтч | B13: =ROUND((B17+B30)/(1-7/100)*7/100,2) -> 2407.42
A14: Мощность, МВт | B14: =ROUND((B18+B31)/(1-7/100)*7/100,4) -> 0.3064
A15: ПОЛЕЗНЫЙ ОТПУСК
A16: Всего:
A17: Электрическая энергия, тыс.кВтч | B17: =SUM(C17:F17) -> 9842.46 | C17: =C21+C24+C27 -> 4940.64 | D17: =D21+D24+D27 -> 0 | E17: =E21+E24+E27 -> 4659.3 | F17: =F21+F24+F27 -> 242.52 | H17: =C17+C30 -> 26190.951
A18: Мощность, МВт | B18: =SUM(C18:F18) -> 1.2511 | C18: =C22+C25+C28 -> 0.6033 | D18: =D22+D25+D28 -> 0 | E18: =E22+E25+E28 -> 0.6031 | F18: =F22+F25+F28 -> 0.0447 | H18: =C18+C31 -> 3.3083
A19: в т.ч.
A20: Прочие потребители
A21: Электрическая энергия, тыс.кВтч | B21: =SUM(C21:F21) -> 9632.73 | C21: ='стр-ра пол.отп. 2012г.июнь'!C14 -> 4940.64 | D21: ='стр-ра пол.отп. 2012г.июнь'!D14 -> 0 | E21: ='стр-ра пол.отп. 2012г.июнь'!E14 -> 4637.94 | F21: ='стр-ра пол.отп. 2012г.июнь'!F14 -> 54.15
A22: Мощность, МВт | B22: =SUM(C22:F22) -> 1.2093 | C22: ='стр-ра пол.отп. 2012г.июнь'!C15 -> 0.6033 | D22: ='стр-ра пол.отп. 2012г.июнь'!D15 -> 0 | E22: ='стр-ра пол.отп. 2012г.июнь'!E15 -> 0.5988 | F22: ='стр-ра пол.отп. 2012г.июнь'!F15 -> 0.0072
A23: Население, проживающее в городских населенных пунктах, оборудованных в установленном порядке стационарными газовыми плитами, а также потребители городских населенных пунктов, приравненные к населению
A24: Электрическая энергия, тыс.кВтч | B24: =SUM(C24:F24) -> 209.73 | C24: 0 | D24: 0 | E24: ='стр-ра пол.отп. 2012г.июнь'!E17 -> 21.36 | F24: ='стр-ра пол.отп. 2012г.июнь'!F17 -> 188.37
A25: Мощность, МВт | B25: =SUM(C25:F25) -> 0.0418 | C25: 0 | D25: 0 | E25: ='стр-ра пол.отп. 2012г.июнь'!E18 -> 0.0043 | F25: ='стр-ра пол.отп. 2012г.июнь'!F18 -> 0.0375 | G25: =B24/B25 -> 5017.4641 | H25: =E24/E25 -> 4967.4419 | I25: =F24/F25 -> 5023.2
A26: Население, проживающее в домах, оборудованных в установленном порядке стационарными электроплитами; население, проживающее в сельских населенных пунктах, а также потребители сельских населенных пунктов, приравненные к населению
A27: Электрическая энергия, тыс.кВтч | B27: =SUM(C27:F27) -> 0
A28: Мощность, МВт | B28: =SUM(C28:F28) -> 0
A29: ПЕРЕДАЧА ПО ТРАНЗИТУ
A30: Электрическая энергия, тыс.кВтч | B30: =SUM(C30:F30) -> 22141.869 | C30: =23187.311-21700+19763 -> 21250.311 | D30: 0 | E30: 360 | F30: =531.558 -> 531.558 | I30: 23680.321
A31: Мощность, МВт | B31: =SUM(C31:F31) -> 2.819 | C31: =2.705-2.51+2.51 -> 2.705 | D31: 0 | E31: 0.04 | F31: =0.074 -> 0.074 | I31: 2.7603135
A35: Руководитель | D35: Первый зам. генерального директора -
A36: ОАО "Самараэнерго" | D36: главный инженер
D37: ФГУП «ГНПРКЦ «ЦСКБ-Прогресс»
A39: ______________________ М. В. Сойфер | D39: _____________________ С. В. Тюлевин
A40: М.П. | D40: М.П.
D102: =D127+#REF! -> #REF! | E102: =E127+#REF! -> #REF!

Sheet стр-ра пол.отп. 2012г.июнь
E1: Приложение № 1 | G1: верно | H1: П1.30 | J1: Поступление
A2: Структура полезного отпуска электрической энергии (мощности) на 2012 год | H2: =B10+B26+'2012 Баланс '!B30 -> 34391.749 | J2: =H2+B23 -> 36914.659
A3: ФГУП «ГНПРКЦ «ЦСКБ-Прогресс» | H3: =B11+B27+'2012 Баланс '!B31 -> 4.3765 | J3: =H3+B24 -> 4.7465
A4: (наименование сетевой организации)
A6: Объемы потребления | B6: Всего | C6: Уровни напряжения | J6: =H2+B23 -> 36914.659
C7: ВН | D7: СН I | E7: СН II | F7: НН | G7: уточнили июнь 2011г.по самараэнерго | J7: =H3+B24 -> 4.7465
A8: 1. ПОЛЕЗНЫЙ ОТПУСК КОНЕЧНЫМ ПОТРЕБИТЕЛЯМ *договор оказания услуг по передаче электрической энергии № 3 от 01.01.11г. | G8: =4940.64+4637.94+21.36+54.15+188.37 -> 9842.46 | H8: =0.6033+0.5988+0.0043+0.0072+0.0375 -> 1.2511
A9: Всего:
A10: Электрическая энергия, тыс.кВт.ч | B10: =SUM(C10:F10) -> 9842.46 | C10: =C14+C17+C20 -> 4940.64 | D10: =D14+D17+D20 -> 0 | E10: =E14+E17+E20 -> 4659.3 | F10: =F14+F17+F20 -> 242.52
A11: Мощность, МВт | B11: =SUM(C11:F11) -> 1.2511 | C11: =C15+C18+C21 -> 0.6033 | D11: =D15+D18+D21 -> 0 | E11: =E15+E18+E21 -> 0.6031 | F11: =F15+F18+F21 -> 0.0447 | H11: =B10/B11 -> 7867.045
A12: в т.ч.:
A13: 1.1 Прочие потребители | H13: ед.котл.
A14: Электрическая энергия, тыс.кВт.ч | B14: =SUM(C14:F14) -> 9632.73 | C14: 4940.64 | E14: 4637.94 | F14: 54.15 | G14: ВН | H14: СН II | I14: НН | J14: =B14+B17 -> 9842.46
A15: Мощность, МВт | B15: =SUM(C15:F15) -> 1.2093 | C15: 0.6033 | E15: 0.5988 | F15: 0.0072 | G15: 8417.0198 | H15: 7944.8658 | I15: 8685.7929 | J15: =3015.8+16655+1330+133.01+2540 -> 23673.81
A16: 1.2 Население, проживающее в городских населенных пунктах, оборудованных в установленном порядке стационарными газовыми плитами, а также потребители городских населенных пунктов, приравненные к населению | G16: =C14/C15 -> 8189.3585 | H16: =E14/E15 -> 7745.3908 | I16: =F14/F15 -> 7520.8333
A17: Электрическая энергия, тыс.кВт.ч | B17: =SUM(C17:F17) -> 209.73 | E17: 21.36 | F17: 188.37 | G17: чччи насел. | H17: =E14/H15 -> 0.58376568 | I17: =F14/I15 -> 0.0062343185
A18: Мощность, МВт | B18: =SUM(C18:F18) -> 0.0418 | E18: 0.0043 | F18: 0.0375 | G18: =B17/B18 -> 5017.4641 | H18: 7978.4212 | I18: СН II
A19: 1.3 Население, проживающее в домах, оборудованных в установленном порядке стационарными электроплитами; население, проживающее в сельских населенных пунктах, а также потребители сельских населенных пунктов, приравненные к населению | H19: 7778.1037 | I19: =H19-H18 -> -200.31751
A20: Электрическая энергия, тыс.кВт.ч | B20: =SUM(C20:F20) -> 0 | H20: 174.48709 | I20: НН
A21: Мощность, МВт | B21: =SUM(C21:F21) -> 0 | H21: 151.08446 | I21: =H21-H20 -> -23.402631
A22: 2. СОБСТВЕННОЕ ПОТРЕБЛЕНИЕ ** договор энергоснабжения № 0028Э от 01.02.2010 г. | I22: =I21+I19 -> -223.72014
A23: Электрическая энергия, тыс.кВт.ч | B23: =SUM(C23:F23) -> 2522.91 | C23: ** | D23: 485.92 | E23: 1572.61 | F23: 464.38
A24: Мощность, МВт | B24: =SUM(C24:F24) -> 0.37 | D24: 0.07 | E24: 0.23 | F24: 0.07
A25: 3. ТЕХНОЛОГИЧЕСКИЙ РАСХОД (ПОТЕРИ) ЭЛЕКТРИЧЕСКОЙ ЭНЕРГИИ (МОЩНОСТИ) ПРИ ПЕРЕДАЧЕ ПО ЭЛЕКТРИЧЕСКИМ СЕТЯМ ***договор на покупку электроэнергии в целях компенсации потерь № 1001Э от 01.01.2010г.
A26: Электрическая энергия, тыс.кВт.ч | B26: =ROUND((B10+22141.869)/(1-7/100)*7/100,2) -> 2407.42 | H26: 0.067002687
A27: Мощность, МВт | B27: =ROUND(((B11+2.819)/(1-7/100))*7/100,4) -> 0.3064 | H27: =C26/C27 -> #DIV/0! | J27: =(3015.8+16655+1330+2540+133.1) -> 23673.9
J28: =J27+B10 -> 33516.36
A29: Примечание: * - договор оказания услуг по передаче электрической энергии № 3 от 01.01.11г.; | H29: 2529.6586 | J29: =0.42+2.08+0.386+0.019 -> 2.905
A30: ** - договор энергоснабжения № 0028Э от 01.02.2010 г. | H30: 0.30878444 | I30: =H29/H30 -> 8192.3122 | J30: =J29+B11 -> 4.1561
A31: *** - договор на покупку электроэнергии в целях компенсации потерь № 1001Э от 01.01.2010г. | J31: =J28/J30 -> 8064.3777
A32: Первый зам. генерального директора - главный инженер | D32: Генеральный директор ОАО "Самараэнерго"
A38: ФГУП «ГНПРКЦ «ЦСКБ-Прогресс»
A39: _______________________ Тюлевин С. В. | D39: _________________________Сойфер М.В.
A40: (дата, ФИО, подпись) | D40: (дата, ФИО, подпись)
A41: М.П. | D41: М.П.

Sheet П1.30 - 07.06.11г.
F1: Таблица № П1.30 | H1: ='стр-ра пол.отп. 2012г.июнь'!H2 -> 34391.749 | J1: =C17+C16 -> 34391.749
H2: ='стр-ра пол.отп. 2012г.июнь'!H3 -> 4.3765 | J2: =D17+D16 -> 4.3765
F3: (в ред. Приказа ФСТ РФ от 31.07.2007 № 138-э/6)
A4: Отпуск (передача) электроэнергии территориальными сетевыми организациями
A5: ФГУП «ГНПРКЦ «ЦСКБ-Прогресс» на 2012 год
A6: № | C6: Отпуск ЭЭ, тыс. кВт·ч | D6: Заявленная мощность, МВт | E6: Присоединенная мощность, МВА | F6: Товарная продукция, тыс. руб.
A7: 1 | C7: 3 | D7: 4 | E7: 5 | F7: 6
A8: 1 | B8: Поступление электроэнергии в сеть - всего | C8: =C11 -> 34391.749 | D8: =D11 -> 4.3765 | J8: =C8-H1 -> 0
B9: в т.ч. из
A10: 1.1 | B10: не сетевых организаций
A11: 1.2 | B11: сетевых организаций | C11: =C13+C14 -> 34391.749 | D11: =D13+D14 -> 4.3765 | G11: МРСК | I11: Энергонефть
B12: в т.ч. из | G12: =C13/D13 -> 7869.5429 | H12: =H17+H16 -> 36015.741 | I12: =C14/D14 -> 7111
A13: 1.2.1 | B13: ОАО "МРСК Волги" | C13: =C16+C17-C14 -> 33929.534 | D13: =D16+D17-D14 -> 4.3115 | G13: потери
A14: 1.2.2 | B14: ООО "Энергонефть Самара" | C14: =C80 -> 462.215 | D14: =D80 -> 0.065 | G14: =C16/C8 -> 0.069999929 | H14: =D16/D8 -> 0.070010282
B15: …
A16: 2 | B16: Потери электроэнергии - всего | C16: =C131+C110+C63 -> 2407.42 | D16: =D131+D110+D63 -> 0.3064 | G16: =C16/D16 -> 7857.1149 | H16: ='2012 Баланс '!B13 -> 2407.42 | I16: ='2012 Баланс '!B14 -> 0.3064 | J16: =C16-H16 -> 0
A17: 3 | B17: Отпуск (передача) электроэнергии сетевыми предприятиями - всего | C17: =C19+C20 -> 31984.329 | D17: =D19+D20 -> 4.0701 | H17: 33608.321
B18: в т.ч.
A19: 3.1 | B19: не сетевым организациям | C19: =C66+C113+C134 -> 9842.46 | D19: =D66+D113+D134 -> 1.2511 | G19: 9928 | H19: 1.289
A20: 3.2 | B20: сетевым организациям | C20: =C22+C24+C26+C28 -> 22141.869 | D20: =D22+D24+D26+D28 -> 2.819 | G20: 23680.321 | H20: 2.7603135
B21: в т.ч.
A22: 3.2.2 | B22: ООО "Энерго" | C22: =C69+C116 -> 20123 | D22: =D69+D116 -> 2.55
A23: 3.2.2.1 | B23: также в сальдированном выражении (п. 3.2.1 - п. 1.2.1)
A24: 3.2.3 | B24: сетевой организации ОАО "РЖД" | C24: =C71 -> 813.311 | D24: =D71 -> 0.093
A25: 3.2.3.1 | B25: также в сальдированном выражении (п. 3.2.1 - п. 1.2.1)
A26: 3.2.4 | B26: МП “Самарский метрополитен” | C26: =C73 -> 674 | D26: =D73 -> 0.102
A27: 3.2.4.1 | B27: также в сальдированном выражении (п. 3.2.2 - п. 1.2.2)
A28: 3.2.5 | B28: ЗАО "ССК" | C28: =C137 -> 531.558 | D28: =D137 -> 0.074
A29: 3.2.5.1 | B29: также в сальдированном выражении (п. 3.2.3 - п. 1.2.3)
B30: …
A31: 4 | B31: Поступление электроэнергии в ЕНЭС
B32: в т.ч. из
A33: 4.1 | B33: не сетевых организаций
A34: 4.2 | B34: сетевых организаций
B35: в т.ч. из
A36: 4.2.1 | B36: сетевой организации 1
A37: 4.2.2 | B37: сетевой организации 2
B38: …
A39: 5 | B39: Потери электроэнергии
A40: 6 | B40: Отпуск (передача) электроэнергии
B41: в т.ч.
A42: 6.1 | B42: не сетевым организациям
A43: 6.2 | B43: сетевым организациям
B44: в т.ч.
A45: 6.2.1 | B45: сетевой организации 1
A46: 6.2.1.1 | B46: также в сальдированном выражении (п. 6.2.1 - п. 4.2.1)
A47: 6.2.2 | B47: сетевой организации 2
A48: 6.2.2.1 | B48: также в сальдированном выражении (п. 6.2.2 - п. 4.2.2)
B49: …
A50: 7 | B50: Трансформировано из сети ЕНЭС в: | F50: Х
A51: 8 | B51: - ВН | F51: Х
A52: 9 | B52: - СН1 | F52: Х
A53: 10 | B53: - СН2 | F53: Х
A54: 11 | B54: - НН | F54: Х
A55: 12 | B55: Поступление электроэнергии в сеть ВН 110 кВ | C55: =C58 -> 33929.534 | D55: =D58 -> 4.3115
B56: в т.ч. из
A57: 12.1 | B57: не сетевых организаций
A58: 12.2 | B58: сетевых организаций | C58: =C60 -> 33929.534 | D58: =D60 -> 4.3115
B59: в т.ч. из
A60: 12.2.1 | B60: ОАО "МРСК Волги" | C60: =C64+C63+C78 -> 33929.534 | D60: =D64+D63+D78 -> 4.3115
A61: 12.2.2 | B61: сетевой организации 2
B62: … | J62: =951/24727.66 -> 0.038458956
A63: 13 | B63: Потери электроэнергии | C63: =ROUND((3.69/100*(H1-C80)),3) -> 1252 | D63: =ROUND((3.69/100*(H2-D80)),5) -> 0.15909 | G63: =C63/D63 -> 7869.7593 | H63: =C63/C55 -> 0.036900006 | I63: потери | J63: =D63/D60 -> 0.036898991
A64: 14 | B64: Отпуск (передача) электроэнергии | C64: =C66+C67 -> 26190.951 | D64: =D66+D67 -> 3.3083 | G64: 27257.311 | H64: =C64/D64 -> 7916.74 | I64: чччи
B65: в т.ч. | G65: 3.242
A66: 14.1 | B66: не сетевым организациям | C66: ='2012 Баланс '!C17 -> 4940.64 | D66: ='2012 Баланс '!C18 -> 0.6033
A67: 14.2 | B67: сетевым организациям | C67: =C69+C71+C73 -> 21250.311 | D67: =D69+D71+D73 -> 2.705 | H67: =C67/D67 -> 7855.9375 | I67: чччи
B68: в т.ч.
A69: 14.2.2 | B69: ООО "Энерго" | C69: ='Прилож.1-2012г.'!C35 -> 19763 | D69: ='Прилож.1-2012г.'!D35 -> 2.51 | H69: =C69/D69 -> 7873.7052 | I69: чччи
A70: 14.2.2.1 | B70: также в сальдированном выражении (п. 14.2.1 - п. 12.2.1)
A71: 14.2.3 | B71: ОАО"РЖД" | C71: ='Прилож.1-2012г.'!C33 -> 813.311 | D71: ='Прилож.1-2012г.'!D33 -> 0.093 | H71: =C71/D71 -> 8745.2796 | I71: чччи
A72: 14.2.3.1 | B72: также в сальдированном выражении (п. 14.2.1 - п. 12.2.1)
A73: 14.2.4 | B73: МП “Самарский метрополитен” | C73: ='Прилож.1-2012г.'!C45 -> 674 | D73: ='Прилож.1-2012г.'!D45 -> 0.102 | H73: =C73/D73 -> 6607.8431 | I73: чччи
A74: 14.2.4.1 | B74: также в сальдированном выражении (п. 14.2.2 - п. 12.2.2)
B75: …
A76: 15 | B76: Трансформировано из 110 кВ в: | C76: =C78 -> 6486.583 | D76: =D78 -> 0.84411 | F76: Х
A77: 16 | B77: - СН1 | F77: Х
A78: 17 | B78: - СН2 | C78: =C102-C100 -> 6486.583 | D78: =D102-D100 -> 0.84411 | F78: Х
A79: 18 | B79: - НН | F79: Х
A80: 19 | B80: Поступление электроэнергии в сеть СН1 | C80: =C83+C82 -> 462.215 | D80: =D83+D82 -> 0.065
B81: в т.ч. из
A82: 19.1 | B82: не сетевых организаций
A83: 19.2 | B83: сетевых организаций | C83: =C85 -> 462.215 | D83: =D85 -> 0.065
B84: в т.ч из
A85: 19.2.1 | B85: ООО "Энергонефть Самара" | C85: 462.215 | D85: 0.065 | H85: =C85/D85 -> 7111
A86: 19.2.2 | B86: сетевой организации 2
B87: …
A88: 20 | B88: Потери электроэнергии
A89: 21 | B89: Отпуск (передача) электроэнергии
B90: в т.ч.
A91: 21.1 | B91: не сетевым организациям
A92: 21.2 | B92: сетевым организациям
B93: в т.ч.
A94: 21.2.1 | B94: сетевой организации 1
A95: 21.2.1.1 | B95: также в сальдированном выражении (п. 21.2.1- п. 19.2.1)
A96: 21.2.2 | B96: сетевой организации 2
A97: 21.2.2.1 | B97: также в сальдированном выражении (п. 21.2.2 - п. 19.2.2)
B98: …
A99: 22 | B99: Трансформировано из 35 кВ в: | F99: Х
A100: 23 | B100: - СН2 | C100: =C85 -> 462.215 | D100: =D85 -> 0.065 | F100: Х | H100: =C100/D100 -> 7111
...

Sheet С-Э и сет.расч.инд.межсет.2011
A1: Расчет индивидуального межсетевого тарифа на услуги по передаче электрической энергии для взаиморасчетов
A2: между ОАО "1253 ЦРБРЛВ" и ОАО «МРСК Волги» (филиал «Самарские распределительные сети»)
B4: Единые (котловые) тарифы на услуги по передаче электрической энергии на 2011 г.
B5: Уровень напряжения | C5: Ставка за содержание электрических сетей | D5: Ставка | E5: Тариф на услуги по передаче электрической энергии | H5: Расчет доли НВВ на потребителя
D6: за оплату потерь электрической энергии в сетях | H6: МВт.ч | I6: с потер. | J6: пол.отп. | K6: доля по МВт.ч (без потерь)
C7: ТСОД | D7: ТПОТ | F7: часов в год | G7: собств.потреб. | I7: =#REF! -> #REF! | J7: ='Баланс электрической энергии'!$H$21*1000 -> -2.4424907e-12 | K7: =J7/$J$13 -> #REF!
C8: руб./МВт.мес. | D8: руб./МВт.ч. | E8: руб./МВт.ч. | G8: потребит | H8: СН2 несетев. | I8: =J8+#REF!/#REF!*'С-Э и сет.расч.инд.межсет.2011'!J8 -> #REF! | J8: =#REF!-J12 -> #REF! | K8: =J8/$J$13 -> #REF! | L8: Энерго | M8: ЗаСеКо | N8: Итого
B9: ВН | C9: 390084.12 | D9: 163.42 | E9: 719.55 | F9: =(C9*12/(E9-D9)) -> 8417.1137 | H9: СН2 сетев. | I9: 5977.41 | J9: =#REF! -> #REF! | K9: =J9/$J$13 -> #REF! | L9: =#REF! -> #REF! | M9: =#REF! -> #REF! | N9: =SUM(L9:M9) -> #REF!
B10: СН1 | C10: 712574.24 | D10: 174.74 | E10: 1207.12 | F10: =(C10*12/(E10-D10)) -> 8282.6971 | H10: НН несетев. | I10: 321.49 | J10: =#REF! -> #REF! | K10: =J10/$J$13 -> #REF! | L10: уд.вес.
B11: СН2 | C11: 1012075 | D11: 418.61 | E11: 1956.6 | F11: =(C11*12/(E11-D11)) -> 7896.6054 | H11: НН сетев. | I11: =J11+#REF!/#REF!*'С-Э и сет.расч.инд.межсет.2011'!J11 -> #REF! | J11: =#REF!+#REF! -> #REF! | K11: =J11/$J$13 -> #REF! | L11: =L9/$N$9 -> #REF! | M11: =M9/$N$9 -> #REF! | N11: =SUM(L11:M11) -> #REF!
B12: НН | C12: 1840807.3 | D12: 477.56 | E12: 3031.8 | F12: =(C12*12/(E12-D12)) -> 8648.2429 | H12: СН2 несет.(насел.) | I12: =J12+#REF!/#REF!*'С-Э и сет.расч.инд.межсет.2011'!J12 -> #REF! | J12: =#REF!*1000 -> #REF! | K12: =J12/$J$13 -> #REF! | M12: =SUM(C22:C23) -> #REF! | N12: =B22*K9 -> #REF!
B13: Население | C13: 20334.72 | D13: 191.67 | E13: 235.36 | F13: =(C13*12/(E13-D13)) -> 5585.1829 | G13: итого МВт.ч | I13: =SUM(I7:I12) -> #REF! | J13: =SUM(J7:J12) -> #REF! | K13: =SUM(K7:K12) -> #REF! | L13: ='Баланс электрической энергии'!H8*1000 -> 20726.21
E14: 16 час.в день, за "_" воскрес. | F14: =(365-53)*16 -> 4992 | I14: проверка по поступл. | J14: =('Баланс электрической энергии'!H21+'Баланс электрической энергии'!H28)*1000 -> 19273.303
A15: ОАО "1253 ЦРБРЛВ" от Самараэнерго и сетевых организаций ООО "Энерго" и ООО "Засамарская сетевая компания"
D16: Тариф покупки потерь на потребителя, руб/МВтч - | E16: =#REF! -> #REF! | F16: Число месяцев работы М = 12
A17: Уровень напряжения | B17: НВВ потр. на уч.передачи, руб. | C17: НВВ ПО в доле на потребит., руб. | D17: NПО, Мвт (заявл.мощн. потреб.) | E17: Nна потери, Мвт (заявл.мощн. на потери) | F17: ИТОГО N (Т № П 1.30) | G17: ЭПО, МВт.ч (Полезный отпуск) | H17: Потери на потреб., МВт.ч (переток) | I17: ЭПЕРЕТОК, МВт.ч (Переток) | J17: Ставка на оплату (потерь), руб./МВтч | K17: Затраты потерь на потреб. (ЗПОТ), руб. | L17: РСОД, руб. в год | M17: РПОТ, руб. в год | N17: ТССОД., руб./МВт.мес. | O17: ТСПОТ., руб./МВт.ч.
B18: Т № П 1.24 | D18: Т № П 1.30 | E18: Т № П 1.30 | F18: Т № П 1.30 | G18: Т № П 1.30 | H18: Т № П 1.30 | I18: Т № П 1.30 | J18: Т № П 1.25 | L18: ф-ла (15.21) | M18: ф-ла (15.22) | N18: ф-ла (15.23) | O18: ф-ла (15.24) | P18: потери
A19: 1 | B19: 2 | C19: 3 | D19: 4 | E19: 5 | F19: 6=4+5 | G19: 7 | H19: 8 | I19: 9=7+8 | J19: 10 | K19: гр.11=гр.8 * Тариф покупки потерь на потреб. | L19: ТСОД * NПО * М - НВВ ПО | M19: ТПОТ * ЭПО - ЗПОТ | N19: РСОД / (N * М) | O19: РПОТ / ЭПЕРЕТ | P19: =H25/(I25) -> #REF!
A20: ВН | B20: =#REF!*1000 -> #REF! | C20: 0 | D20: 0 | E20: 0 | F20: =D20+E20 -> 0 | G20: 0 | H20: 0 | I20: =G20+H20 -> 0 | J20: =#REF! -> #REF! | K20: =H20*$E$16 -> #REF! | L20: =C9*D20*12-C20 -> 0 | M20: =D9*G20-K20 -> #REF!
A21: СН1 | B21: =#REF!*1000 -> #REF! | C21: 0 | D21: 0 | E21: 0 | F21: =D21+E21 -> 0 | G21: 0 | H21: 0 | I21: =G21+H21 -> 0 | J21: =#REF! -> #REF! | K21: =H21*$E$16 -> #REF! | L21: =C10*D21*12-C21 -> 0 | M21: =D10*G21-K21 -> #REF!
A22: СН2 сетевым ООО "Энерго" | B22: =#REF!*1000 -> #REF! | C22: =$B$22*$K$9*L11+269026.72 -> #REF! | D22: =#REF! -> #REF! | E22: =#REF!*'С-Э и сет.расч.инд.межсет.2011'!L11 -> #REF! | F22: =D22+E22 -> #REF! | G22: =#REF! -> #REF! | H22: =#REF!*'С-Э и сет.расч.инд.межсет.2011'!L11 -> #REF! | I22: =G22+H22 -> #REF! | J22: =#REF! -> #REF! | K22: =H22*$E$16 -> #REF! | L22: =F33*1000-C22 -> #REF! | M22: =G33*1000-K22 -> #REF!
A23: СН2 сетевым ООО "ЗаСеКо" | C23: =$B$22*$K$9*M11 -> #REF! | D23: =#REF! -> #REF! | E23: =#REF!*'С-Э и сет.расч.инд.межсет.2011'!M11 -> #REF! | F23: =D23+E23 -> #REF! | G23: =#REF! -> #REF! | H23: =#REF!*M11 -> #REF! | I23: =G23+H23 -> #REF! | J23: =#REF! -> #REF! | K23: =H23*$E$16 -> #REF! | L23: =C13*D23*12-C23 -> #REF! | M23: =K33*1000-K23 -> #REF!
A24: НН несетевым | B24: =#REF!*1000 -> #REF! | C24: =$B$24*K10 -> #REF! | D24: =#REF! -> #REF! | E24: =#REF! -> #REF! | F24: =D24+E24 -> #REF! | G24: =#REF! -> #REF! | H24: =#REF! -> #REF! | I24: =G24+H24 -> #REF! | J24: =#REF! -> #REF! | K24: =H24*$E$16 -> #REF! | L24: =C12*D24*12-C24 -> #REF! | M24: =D12*G24-K24 -> #REF!
A25: ИТОГО | B25: =SUM(B20:B24) -> #REF! | C25: =SUM(C20:C24) -> #REF! | D25: =SUM(D20:D24) -> #REF! | E25: =SUM(E20:E24) -> #REF! | F25: =SUM(F20:F24) -> #REF! | G25: =SUM(G20:G24) -> #REF! | H25: =SUM(H20:H24) -> #REF! | I25: =SUM(I20:I24) -> #REF! | K25: =SUM(K20:K24) -> #REF! | L25: =SUM(L20:L24) -> #REF! | M25: =SUM(M20:M24) -> #REF! | N25: =-L25/(($F$25+$D$22+$D$23)*12) -> #REF! | O25: =-M25/($I$25+$G$22+$G$23) -> #REF!
A26: проверка | B26: =#REF!*1000 -> #REF! | C26: =B26*(K8+K9+K10+K11+K12) -> #REF! | D26: =#REF!+#REF! -> #REF! | E26: =#REF! -> #REF! | F26: =#REF! -> #REF! | G26: =#REF! -> #REF! | H26: =#REF! -> #REF! | I26: =#REF! -> #REF! | K26: =#REF!*#REF! -> #REF!
A29: I. ОАО "1253 ЦРБРЛВ" получит по ед.котловому тарифу 2-х ставочному от Самара-Энерго за потребителей, тыс.руб. | E29: II. ОАО "1253 ЦРБРЛВ" получит от ООО "Энерго" за потребителей, тыс.руб. | I29: III. ОАО "1253 ЦРБРЛВ" получит от ООО "ЗаСеКо" за потребителей, тыс.руб. | M29: итого
B30: за содержание электрических сетей | C30: за оплату потерь эл.эн. в сетях на потребителя | D30: итого | F30: за содержание электрических сетей | G30: за оплату потерь эл.эн. в сетях на потребителя | H30: итого | J30: за содержание электрических сетей | K30: за оплату потерь эл.эн. в сетях на потребителя | L30: итого
A31: ВН | E31: ВН | I31: ВН
A32: СН1 | E32: СН1 | I32: СН1
A33: СН2 несетевые | D33: =B33+C33 -> 0 | E33: СН2 | F33: =$F$38*$D$22*12/1000 -> #REF! | G33: =$G$38*$G$22/1000 -> #REF! | H33: =F33+G33 -> #REF! | I33: СН2 | J33: =$J$38*$D$23*12/1000 -> #REF! | K33: =$K$38*$G$23/1000 -> #REF! | L33: =J33+K33 -> #REF! | M33: =D33+H33+L33 -> #REF!
A34: СН2 население | D34: =B34+C34 -> 0
A35: НН несетевые | B35: =$C$12*$D$24*12/1000 -> #REF! | C35: =$D$12*$G$24/1000 -> #REF! | D35: =B35+C35 -> #REF! | E35: НН | I35: НН | M35: =D35+H35+L35 -> #REF!
A36: ИТОГО | B36: =SUM(B33:B35) -> #REF! | C36: =SUM(C33:C35) -> #REF! | D36: =SUM(D33:D35) -> #REF! | E36: ИТОГО | F36: =SUM(F33:F35) -> #REF! | G36: =SUM(G33:G35) -> #REF! | H36: =SUM(H33:H35) -> #REF! | I36: ИТОГО | J36: =SUM(J33:J35) -> #REF! | K36: =SUM(K33:K35) -> #REF! | L36: =SUM(L33:L35) -> #REF! | M36: =SUM(M33:M35) -> #REF!
B37: по одностав. | C37: ='пл.об расч.по инд.межсет.тар.11'!N23 -> 17138.6 | D37: =D36-C37 -> #REF!
A38: ОАО "1253 ЦРБРЛВ" отдаст ОАО "МРСК Волги", тыс.руб. | E38: ООО "Энерго" тариф | I38: ЗАО "ЗаСеКо" тариф
C39: =O25*I25/1000 -> #REF! | D39: =B39+C39 -> #REF! | G39: 3 тарифа для взаиморасчетов с
A40: НВВ ОАО "1253 ЦРБРЛВ" | F40: 1) ОАО "МРСК"- вышестоящая | I40: 2) ООО "Энерго"и | J40: 3) ОО "Засамарская сетевая компания" - нижестоящие
A41: Выручка ОАО "1253 ЦРБРЛВ" от оказания услуг по передаче, тыс.руб.
A42: по рассчитанному индивидуальному межсетевому тарифу | D42: =D36+H36+L36-D39 -> #REF!
A43: должно быть по Т № П 1.27 | D43: =#REF! -> #REF! | E43: =K26/1000+C26/1000 -> #REF!

Sheet изм.приказ 27 от 28.04.2011
A1: Единые (котловые) тарифы на услуги по передаче
A2: электрической энергии по сетям Самарской области
A4: 2009 г.
A5: Уровень напря- жения | B5: 2-х ставочный | F5: одноставочный | H5: часов в год
B6: Ставка за содержание электрических сетей | C6: Индекс роста к пред. году | D6: Ставка за оплату потерь электрической энергии в сетях | E6: Индекс роста к пред. году | F6: Тариф на услуги по передаче электрической энергии | G6: Индекс роста к пред. году
B7: ТСОД | C7: % | D7: ТПОТ | E7: % | G7: % | H7: чччи
B8: руб./МВт.мес. | D8: руб./МВт.ч. | F8: руб./МВт.ч. | H8: час.
A9: ВН | B9: 124404 | D9: 228.06 | F9: 433 | H9: =(B9*12/(F9-D9)) -> 7284.3174
A10: СН1 | B10: 166069 | D10: 749.32 | F10: 1022.95 | H10: =(B10*12/(F10-D10)) -> 7282.9295
A11: СН2 | B11: 417747 | D11: 810.58 | F11: 1498.78 | H11: =(B11*12/(F11-D11)) -> 7284.1674
A12: НН | B12: 481133 | D12: 1074.45 | F12: 1903 | H12: =(B12*12/(F12-D12)) -> 6968.3133
A13: Население | H13: =(B13*12/(F13-D13)) -> #DIV/0!
A15: 2010 г.
A16: Уровень напря- жения | B16: 2-х ставочный | F16: одноставочный | H16: часов в год
B17: Ставка за содержание электрических сетей | C17: Индекс роста к пред. году | D17: Ставка за оплату потерь электрической энергии в сетях | E17: Индекс роста к пред. году | F17: Тариф на услуги по передаче электрической энергии | G17: Индекс роста к пред. году
B18: ТСОД | C18: % | D18: ТПОТ | E18: % | G18: % | H18: чччи
B19: руб./МВт.мес. | D19: руб./МВт.ч. | F19: руб./МВт.ч. | H19: час.
A20: ВН | B20: 300621.82 | C20: =B20/B9-1 -> 1.4164964 | D20: 176.8 | E20: =D20/D9-1 -> -0.22476541 | F20: 592.41 | G20: =F20/F9-1 -> 0.36815242 | H20: =(B20*12/(F20-D20)) -> 8679.9207
A21: СН1 | B21: 490793.23 | C21: =B21/B10-1 -> 1.9553573 | D21: 180 | E21: =D21/D10-1 -> -0.7597822 | F21: 969.48 | G21: =F21/F10-1 -> -0.052270394 | H21: =(B21*12/(F21-D21)) -> 7459.9974
A22: СН2 | B22: 680321 | C22: =B22/B11-1 -> 0.6285479 | D22: 210 | E22: =D22/D11-1 -> -0.74092625 | F22: 1441.35 | G22: =F22/F11-1 -> -0.038317832 | H22: =(B22*12/(F22-D22)) -> 6630.0012
A23: НН | B23: 851305.82 | C23: =B23/B12-1 -> 0.76937732 | D23: 432 | E23: =D23/D12-1 -> -0.59793383 | F23: 2296.17 | G23: =F23/F12-1 -> 0.20660536 | H23: =(B23*12/(F23-D23)) -> 5480.0098
A24: Население | B24: 116581.82 | D24: 162.7 | F24: 380.24 | H24: =(B24*12/(F24-D24)) -> 6430.9177
F25: на 2011г. изм. пр.27 от 28.04.11
A26: 2011 г. | J26: с 01.01.2011
A27: Уровень напря- жения | B27: 2-х ставочный | F27: одноставочный | H27: часов в год
B28: Ставка за содержание электрических сетей | C28: Индекс роста к пред. году | D28: Ставка за оплату потерь электрической энергии в сетях | E28: Индекс роста к пред. году | F28: Тариф на услуги по передаче электрической энергии | G28: Индекс роста к пред. году | J28: 2011 г. к 2009 г. (за два года)
B29: ТСОД | C29: % | D29: ТПОТ | E29: % | G29: % | H29: чччи | J29: двухстав. | L29: одностав.
B30: руб./МВт.мес. | D30: руб./МВт.ч. | F30: руб./МВт.ч. | H30: час. | J30: содерж. | K30: опл.пот.
A31: ВН | B31: 364484.63 | C31: =B31/B20-1 -> 0.21243571 | D31: 151.36 | E31: =D31/D20-1 -> -0.1438914 | F31: 671 | G31: =F31/F20-1 -> 0.1326615 | H31: =(B31*12/(F31-D31)) -> 8417.0109 | J31: =B31/B9-1 -> 1.9298465 | K31: =D31/D9-1 -> -0.336315 | L31: =F31/F9-1 -> 0.54965358 | N31: 0.21461488
A32: СН1 | B32: 684381.17 | C32: =B32/B21-1 -> 0.3944389 | D32: 162.12 | E32: =D32/D21-1 -> -0.099333333 | F32: 1153.65 | G32: =F32/F21-1 -> 0.18996782 | H32: =(B32*12/(F32-D32)) -> 8282.7288 | J32: =B32/B10-1 -> 3.1210652 | K32: =D32/D10-1 -> -0.78364384 | L32: =F32/F10-1 -> 0.12776773 | N32: 0.2451211
A33: СН2 | B33: 942948.34 | C33: =B33/B22-1 -> 0.38603445 | D33: 414.16 | E33: =D33/D22-1 -> 0.97219048 | F33: 1847.1 | G33: =F33/F22-1 -> 0.28150692 | H33: =(B33*12/(F33-D33)) -> 7896.6182 | J33: =B33/B11-1 -> 1.2572235 | K33: =D33/D11-1 -> -0.48905722 | L33: =F33/F11-1 -> 0.23240235 | N33: 0.35747736
A34: НН | B34: 1640145.1 | C34: =B34/B23-1 -> 0.9266227 | D34: 472.06 | E34: =D34/D23-1 -> 0.092731481 | F34: 2747.68 | G34: =F34/F23-1 -> 0.19663614 | H34: =(B34*12/(F34-D34)) -> 8648.9578 | J34: =B34/B12-1 -> 2.4089225 | K34: =D34/D12-1 -> -0.56064963 | L34: =F34/F12-1 -> 0.44386758 | N34: 0.32037262
A35: Население | B35: 133702.84 | C35: =B35/B24-1 -> 0.1468584 | D35: 150 | E35: =D35/D24-1 -> -0.078057775 | F35: 437.28 | G35: =F35/F24-1 -> 0.15001052 | H35: =(B35*12/(F35-D35)) -> 5584.914 | N35: -0.38102251
A37: 2012 г.
A38: Уровень напря- жения | B38: 2-х ставочный | F38: одноставочный | H38: часов в год
B39: Ставка за содержание электрических сетей | C39: Индекс роста к пред. году | D39: Ставка за оплату потерь электрической энергии в сетях | E39: Индекс роста к пред. году | F39: Тариф на услуги по передаче электрической энергии | G39: Индекс роста к пред. году
B40: ТСОД | C40: % | D40: ТПОТ | E40: % | H40: чччи
B41: руб./МВт.мес. | D41: руб./МВт.ч. | F41: руб./МВт.ч. | G41: % | H41: час.
A42: ВН | B42: 427956.36 | C42: =B42/B31-1 -> 0.17414103 | D42: 179.28 | E42: =D42/D31-1 -> 0.18446089 | F42: 789.41 | G42: =F42/F31-1 -> 0.17646796 | H42: =(B42*12/(F42-D42)) -> 8417.0198
A43: СН1 | B43: 781756.21 | C43: =B43/B32-1 -> 0.14228188 | D43: 191.71 | E43: =D43/D32-1 -> 0.18251912 | F43: 1324.32 | G43: =F43/F32-1 -> 0.14793915 | H43: =(B43*12/(F43-D43)) -> 8282.705
A44: СН2 | B44: 1110334.7 | C44: =B44/B33-1 -> 0.17751384 | D44: 469.5 | E44: =D44/D33-1 -> 0.13361986 | F44: 2146.56 | G44: =F44/F33-1 -> 0.16212441 | H44: =(B44*12/(F44-D44)) -> 7944.8658
A45: НН | B45: 2019526.5 | C45: =B45/B34-1 -> 0.23130963 | D45: 535.8 | E45: =D45/D34-1 -> 0.13502521 | F45: 3325.91 | G45: =F45/F34-1 -> 0.21044299 | H45: =(B45*12/(F45-D45)) -> 8685.7929
A46: Население | B46: 22308.96 | C46: =B46/B35-1 -> -0.8331452 | D46: 210.289 | E46: =D46/D35-1 -> 0.40192667 | F46: 258.21 | G46: =F46/F35-1 -> -0.40950878 | H46: =(B46*12/(F46-D46)) -> 5586.4343
A48: 2013 г.
A49: Уровень напря- жения | B49: 2-х ставочный | F49: одноставочный | H49: часов в год
B50: Ставка за содержание электрических сетей | C50: Индекс роста к пред. году | D50: Ставка за оплату потерь электрической энергии в сетях | E50: Индекс роста к пред. году | F50: Тариф на услуги по передаче электрической энергии | G50: Индекс роста к пред. году
B51: ТСОД | C51: % | D51: ТПОТ | E51: % | H51: чччи
B52: руб./МВт.мес. | D52: руб./МВт.ч. | F52: руб./МВт.ч. | G52: % | H52: час.
A53: ВН | B53: 465350.61 | C53: =B53/B42-1 -> 0.087378652 | D53: 194.95 | E53: =D53/D42-1 -> 0.087405176 | F53: 858.39 | G53: =F53/F42-1 -> 0.087381715 | H53: =(B53*12/(F53-D53)) -> 8417.0495
A54: СН1 | B54: 850350.61 | C54: =B54/B43-1 -> 0.087743978 | D54: 208.46 | E54: =D54/D43-1 -> 0.087371551 | F54: 1440.03 | G54: =F54/F43-1 -> 0.087373142 | H54: =(B54*12/(F54-D54)) -> 8285.5277
A55: СН2 | B55: 1207354.3 | C55: =B55/B44-1 -> 0.087378642 | D55: 519.6 | E55: =D55/D44-1 -> 0.10670927 | F55: 2334.12 | G55: =F55/F44-1 -> 0.087377013 | H55: =(B55*12/(F55-D55)) -> 7984.6191
A56: НН | B56: 2195990 | C56: =B56/B45-1 -> 0.087378641 | D56: 593.1 | E56: =D56/D45-1 -> 0.10694289 | F56: 3616.52 | G56: =F56/F45-1 -> 0.08737759 | H56: =(B56*12/(F56-D56)) -> 8715.9176
A57: Население | B57: 24258.29 | C57: =B57/B46-1 -> 0.087378793 | D57: 228.65 | E57: =D57/D46-1 -> 0.087313174 | F57: 280.77 | G57: =F57/F46-1 -> 0.087370745 | H57: =(B57*12/(F57-D57)) -> 5585.1781
A60: 2014 г.
A61: Уровень напря- жения | B61: 2-х ставочный | F61: одноставочный | H61: часов в год
B62: Ставка за содержание электрических сетей | C62: Индекс роста к пред. году | D62: Ставка за оплату потерь электрической энергии в сетях | E62: Индекс роста к пред. году | F62: Тариф на услуги по передаче электрической энергии | G62: Индекс роста к пред. году
B63: ТСОД | C63: % | D63: ТПОТ | E63: % | H63: чччи
B64: руб./МВт.мес. | D64: руб./МВт.ч. | F64: руб./МВт.ч. | G64: % | H64: час.
A65: ВН | B65: 556235.52 | C65: =B65/B53-1 -> 0.19530416 | D65: 233.02 | E65: =D65/D53-1 -> 0.19528084 | F65: 1026.03 | G65: =F65/F53-1 -> 0.19529584 | H65: =(B65*12/(F65-D65)) -> 8417.077
A66: СН1 | B66: 1016086.2 | C66: =B66/B54-1 -> 0.19490269 | D66: 249.17 | E66: =D66/D54-1 -> 0.19528926 | F66: 1721.28 | G66: =F66/F54-1 -> 0.19530843 | H66: =(B66*12/(F66-D66)) -> 8282.6927
A67: СН2 | B67: 1443155.6 | C67: =B67/B55-1 -> 0.19530416 | D67: 600.1 | E67: =D67/D55-1 -> 0.15492687 | F67: 2789.99 | G67: =F67/F55-1 -> 0.19530701 | H67: =(B67*12/(F67-D67)) -> 7908.099
A68: НН | B68: 2624875.9 | C68: =B68/B56-1 -> 0.19530416 | D68: 684.4 | E68: =D68/D56-1 -> 0.15393694 | F68: 4322.84 | G68: =F68/F56-1 -> 0.19530377 | H68: =(B68*12/(F68-D68)) -> 8657.1473
A69: Население | B69: 28996.04 | C69: =B69/B57-1 -> 0.19530437 | D69: 273.31 | E69: =D69/D57-1 -> 0.19532036 | F69: 335.61 | G69: =F69/F57-1 -> 0.19532001 | H69: =(B69*12/(F69-D69)) -> 5585.112
A72: 2015 г.
A73: Уровень напря- жения | B73: 2-х ставочный | F73: одноставочный | H73: часов в год
B74: Ставка за содержание электрических сетей | C74: Индекс роста к пред. году | D74: Ставка за оплату потерь электрической энергии в сетях | E74: Индекс роста к пред. году | F74: Тариф на услуги по передаче электрической энергии | G74: Индекс роста к пред. году
B75: ТСОД | C75: % | D75: ТПОТ | E75: % | H75: чччи
B76: руб./МВт.мес. | D76: руб./МВт.ч. | F76: руб./МВт.ч. | G76: % | H76: час.
A77: ВН | B77: 604838.62 | C77: =B77/B65-1 -> 0.087378634 | D77: 253.38 | E77: =D77/D65-1 -> 0.087374474 | F77: 1115.69 | G77: =F77/F65-1 -> 0.087385359 | H77: =(B77*12/(F77-D77)) -> 8417.0002
A78: СН1 | B78: 1104870.5 | C78: =B78/B66-1 -> 0.087378647 | D78: 270.94 | E78: =D78/D66-1 -> 0.087370069 | F78: 1871.68 | G78: =F78/F66-1 -> 0.087376836 | H78: =(B78*12/(F78-D78)) -> 8282.6978
A79: СН2 | B79: 1569256.5 | C79: =B79/B67-1 -> 0.087378639 | D79: 664.1 | E79: =D79/D67-1 -> 0.10664889 | F79: 3033.77 | G79: =F79/F67-1 -> 0.087376657 | H79: =(B79*12/(F79-D79)) -> 7946.7092
A80: НН | B80: 2854234 | C80: =B80/B68-1 -> 0.087378644 | D80: 757.5 | E80: =D80/D68-1 -> 0.10680888 | F80: 4700.57 | G80: =F80/F68-1 -> 0.087380056 | H80: =(B80*12/(F80-D80)) -> 8686.3303
A81: Население | B81: 31529.67 | C81: =B81/B69-1 -> 0.087378483 | D81: 297.19 | E81: =D81/D69-1 -> 0.087373312 | F81: 364.93 | G81: =F81/F69-1 -> 0.087363309 | H81: =(B81*12/(F81-D81)) -> 5585.4154

Sheet 2012г.об.по стр-ре СЭ
A1: Расчет по договорам оказания услуг по передаче электрической энергии на 2012 г.
A2: ФГУП «ГНПРКЦ «ЦСКБ-Прогресс»
A3: Объемы организ.по стр-ре Самараэнерго
B4: Единые (котловые) тарифы на услуги по передаче электрической энергии на 2010 г.
B6: Уровень напряжения | D6: Ставка за содержание электрических сетей | E6: Ставка за оплату потерь электрической энергии в сетях | F6: Тариф на услуги по передаче электрической энергии
D8: ТСОД | E8: ТПОТ
D9: руб./МВт.мес. | E9: руб./МВт.ч | F9: руб./МВт.ч | G9: часов в год
B10: ВН | D10: 300621.82 | E10: 176.8 | F10: 592.41 | G10: =(D10*12/(F10-E10)) -> 8679.9207
B11: СН1 | D11: 490793.23 | E11: 180 | F11: 969.48 | G11: =(D11*12/(F11-E11)) -> 7459.9974
B12: СН2 | D12: 680321 | E12: 210 | F12: 1441.35 | G12: =(D12*12/(F12-E12)) -> 6630.0012 | H12: МРСК
B13: НН | D13: 851305.82 | E13: 432 | F13: 2296.17 | G13: =(D13*12/(F13-E13)) -> 5480.0098 | H13: =(365-53)*16 -> 4992 | I13: 16 час.в день, за "_" воскрес. | L13: 16 час.в день, за "_" воскрес.
B15: Показатели | D15: Полезный отпуск | F15: Единый (котловой) тариф | I15: Платежи за год, тыс.руб.
F16: двухставочный | H16: одно- ставочный | I16: по расчету УГРКЭ | L16: по договорам 2011 г.
D17: Мощность, Мвт | E17: ЭЭ, тыс.кВт.ч | F17: Ставка за содержание электрических сетей, руб./ МВт.мес. | G17: Ставка за оплату потерь электрической энергии в сетях, руб./МВт.ч | H17: по факту потребления электро- энергии, руб./МВт.ч | I17: Содержание | J17: Потери | K17: Итого | L17: Содер- жание | M17: Потери | N17: Итого
A18: 1 | B18: 2 | D18: 3 | E18: 4 | F18: 5 | G18: 6 | H18: 7 | I18: 8= ст.3 х ст.5 х 12 мес. | J18: 9= ст.4 х ст.6 | K18: 10=8+9 | L18: 11 | M18: 12 | N18: 13 | O18: потери, тыс.руб. | Q18: по дог.должно получ.
A19: I. | B19: Необходимая валовая выручка (НВВ) | I19: ='НВВ на содержание'!E8 -> #REF! | J19: =E40*E41/1000 -> #REF! | K19: =ROUND((I19+J19),1) -> #REF! | N19: =N23-N31+N34 -> 18273.302 | O19: =$E$40*$E$41/1000 -> #REF! | Q19: =N23+K34-N32-K33 -> 18194.356
B20: Тарифная выручка | I20: =I23+I34-I31 -> 14460.758 | J20: =ROUND((J23+J34-J31),1) -> 4048.8 | K20: =ROUND((I20+J20),1) -> 18509.6
B21: Строка проверки | I21: =K19-K20 -> #REF!
A22: II. | B22: Платежи ОАО "Самараэнерго" в адрес ФГУП «ГНПРКЦ «ЦСКБ-Прогресс» | I22: по двухставочному тарифу | L22: по одноставочному тарифу
I23: =SUM(I25:I29) -> 11262.331 | J23: =SUM(J25:J29) -> 3136.3883 | K23: =I23+J23 -> 14398.72 | N23: =SUM(N25:N29) -> 14090 | O23: =N23-K23 -> -308.71954 | P23: =N19-K20 -> -236.29751
B24: Полезный отпуск всего | C24: чччи, час. | D24: =SUM(D25:D29) -> 1.2511 | E24: =SUM(E25:E29) -> 9842.46
B25: в т.ч. ВН несетевым организациям | C25: =E25/D25 -> 8189.3585 | D25: 0.6033 | E25: 4940.64 | F25: =E62 -> 427956.36 | G25: ='изм.приказ 27 от 28.04.2011'!D42 -> 179.28 | H25: ='изм.приказ 27 от 28.04.2011'!F42 -> 789.41 | I25: =D25*F25*12/1000 -> 3098.2329 | J25: =E25*G25/1000 -> 885.75794 | K25: =I25+J25 -> 3983.9908 | N25: =ROUND((E25*H25/1000),1) -> 3900.2 | O25: ='2012г.об.под факт2010'!N23-'2012г.об.по стр-ре СЭ'!N23 -> 1460.8
B26: в т.ч. СН II несетевым организациям | C26: =E26/D26 -> 7745.3908 | D26: 0.5988 | E26: 4637.94 | F26: =E64 -> 1110334.7 | G26: ='изм.приказ 27 от 28.04.2011'!D44 -> 469.5 | H26: ='изм.приказ 27 от 28.04.2011'!F44 -> 2146.56 | I26: =D26*F26*12/1000 -> 7978.4212 | J26: =E26*G26/1000 -> 2177.5128 | K26: =I26+J26 -> 10155.934 | N26: =ROUND((E26*H26/1000),1) -> 9955.6 | O26: др.стр-ра
B27: НН несетевым организациям | C27: =E27/D27 -> 7520.8333 | D27: 0.0072 | E27: 54.15 | F27: ='изм.приказ 27 от 28.04.2011'!B45 -> 2019526.5 | G27: ='изм.приказ 27 от 28.04.2011'!D45 -> 535.8 | H27: ='изм.приказ 27 от 28.04.2011'!F45 -> 3325.91 | I27: =D27*F27*12/1000 -> 174.48709 | J27: =E27*G27/1000 -> 29.01357 | K27: =I27+J27 -> 203.50066 | N27: =ROUND((E27*H27/1000),1) -> 180.1
B28: СН II несетевым организациям (НАСЕЛЕНИЕ) | C28: =E28/D28 -> 4967.4419 | D28: 0.0043 | E28: 21.36 | F28: ='изм.приказ 27 от 28.04.2011'!B46 -> 22308.96 | G28: ='изм.приказ 27 от 28.04.2011'!D46 -> 210.289 | H28: ='изм.приказ 27 от 28.04.2011'!F46 -> 258.21 | I28: =D28*F28*12/1000 -> 1.1511423 | J28: =E28*G28/1000 -> 4.491773 | K28: =I28+J28 -> 5.6429154 | N28: =ROUND((E28*H28/1000),1) -> 5.5
B29: НН несетевым организациям (НАСЕЛЕНИЕ) | C29: =E29/D29 -> 5023.2 | D29: 0.0375 | E29: 188.37 | F29: =F28 -> 22308.96 | G29: =G28 -> 210.289 | H29: =G66 -> 258.21 | I29: =D29*F29*12/1000 -> 10.039032 | J29: =E29*G29/1000 -> 39.612139 | K29: =I29+J29 -> 49.651171 | N29: =ROUND((E29*H29/1000),1) -> 48.6
A30: III. | B30: Платежи ФГУП «ГНПРКЦ «ЦСКБ-Прогресс» в адрес: | D30: Сальдо-переток | F30: Индивидуальный тариф | I30: по двухставочному тарифу | L30: по одноставочному тарифу
D31: Мощность, Мвт | E31: ЭЭ, тыс.кВт.ч | F31: руб./ МВт.мес. | G31: руб./МВт.ч | H31: одност. руб./МВт.ч | I31: =SUM(I32:I33) -> 2325.3076 | J31: =SUM(J32:J33) -> 1689.7857 | K31: =SUM(K32:K33) -> 4015.0933 | L31: =SUM(L33:L33) -> 0 | M31: =SUM(M33:M33) -> 0 | N31: =SUM(N32:N33) -> 3943.6471
A32: 1 | B32: ЗАО "ССК" | C32: =E32/D32 -> 7183.2162 | D32: 0.074 | E32: 531.558 | F32: 279175.21 | G32: 108.71 | H32: =K32/E32*1000+12.17 -> 587.25918 | I32: =$D32*$F32*12/1000 -> 247.90759 | J32: =$E32*$G32/1000 -> 57.78567 | K32: =I32+J32 -> 305.69326 | N32: =E32*H32/1000 -> 312.16232
A33: 1 | B33: ОАО "РЖД" | C33: =E33/D33 -> 8745.2796 | D33: 0.093 | E33: 813.311 | F33: 1861465 | G33: 2006.61 | H33: =K33/E33*1000-95.8 -> 4465.0629 | I33: =ROUND(($D$33*$F$33*12/1000),1) -> 2077.4 | J33: =ROUND(($E$33*$G$33/1000),1) -> 1632 | K33: =I33+J33 -> 3709.4 | N33: =E33*H33/1000 -> 3631.4848
A34: IV. | B34: Платежи в адрес ФГУП «ГНПРКЦ «ЦСКБ-Прогресс» от смежных сетевых всего: | F34: руб./ МВт.мес. | G34: руб./МВт.ч | H34: руб./МВт.ч | I34: =SUM(I35:I37) -> 5523.7347 | J34: =SUM(J35:J37) -> 2602.1832 | K34: =SUM(K35:K37) -> 8125.9179 | L34: =SUM(L36:L37) -> 0 | M34: =SUM(M36:M37) -> 0 | N34: =SUM(N35:N37) -> 8126.9496
A35: 1 | B35: ОАО "МРСК Волги" | C35: =E35/D35 -> 7858.2769 | D35: =D24+D36+D37+D32+D33+G40 -> 4.3765 | E35: =E24+E36+E37+E32+E33+E40 -> 34391.749 | F35: 451.08 | G35: 0.82 | H35: =K35/E35*1000+0.03 -> 1.5388228 | I35: =$D$35*$F$35*12/1000 -> 23.689819 | J35: =$E$35*$G$35/1000 -> 28.201234 | K35: =I35+J35 -> 51.891054 | N35: =E35*H35/1000 -> 52.922806
A36: 2 | B36: ООО "Энерго" | C36: =E36/D36 -> 7891.3725 | D36: 2.55 | E36: 20123 | F36: 169906.8 | G36: 114.55 | H36: =K36/E36*1000 -> 372.91844 | I36: =$D36*$F36*12/1000 -> 5199.1481 | J36: =$E36*$G36/1000 -> 2305.0896 | K36: =I36+J36 -> 7504.2377 | N36: =E36*H36/1000 -> 7504.2377
A37: 3 | B37: МП г.о.Самара "Самарский метрополитен" | C37: =E37/D37 -> 6607.8431 | D37: 0.102 | E37: 674 | F37: 245830.7 | G37: 398.95 | H37: =K37/E37*1000 -> 845.38439 | I37: =$D$37*$F$37*12/1000 -> 300.89678 | J37: =$E$37*$G$37/1000 -> 268.8923 | K37: =I37+J37 -> 569.78908 | N37: =E37*H37/1000 -> 569.78908
B39: Число месяцев работы М = 12
D40: Потери в сетях ФГУП «ГНПРКЦ «ЦСКБ-Прогресс» на потребителя - | E40: 2407.42 | F40: тыс.кВт.ч | G40: 0.3064 | H40: =E36+E37+E29+E40 -> 23392.79
D41: Тариф покупки потерь на потребителя - | E41: =#REF! -> #REF! | F41: руб./тыс.кВт.ч
E43: руб./тыс.кВт.ч | G43: платежи от 3-х орг. В адрес ОАО "1253 ЦРБРЛВ" по один.тарифу
G44: Индивидуальный тариф | J44: проверка по 2-х став.
G45: руб./ МВт.мес. | H45: руб./МВт.ч | I45: одност. руб./МВт.ч
F47: Платежи в адрес ОАО "1253 ЦРБРЛВ" от :
F48: ОАО "МРСК Волги"
F49: ООО "Энерго"
F50: ЗАО "ЗаСеКо"
F51: ИТОГО
B57: 2012 г.
B58: Уровень напряжения | E58: Ставка за содержание электрических сетей | F58: Ставка | G58: Тариф на услуги по передаче электрической энергии
F59: за оплату потерь электрической энергии в сетях
E60: ТСОД | F60: ТПОТ | H60: часов в год
E61: руб./МВт.мес. | F61: руб./МВт.ч. | G61: руб./МВт.ч.
B62: ВН | E62: ='изм.приказ 27 от 28.04.2011'!B42 -> 427956.36 | F62: ='изм.приказ 27 от 28.04.2011'!D42 -> 179.28 | G62: ='изм.приказ 27 от 28.04.2011'!F42 -> 789.41 | H62: =(E62*12/(G62-F62)) -> 8417.0198
B63: СН1 | E63: ='изм.приказ 27 от 28.04.2011'!B43 -> 781756.21 | F63: ='изм.приказ 27 от 28.04.2011'!D43 -> 191.71 | G63: ='изм.приказ 27 от 28.04.2011'!F43 -> 1324.32 | H63: =(E63*12/(G63-F63)) -> 8282.705
B64: СН2 | E64: ='изм.приказ 27 от 28.04.2011'!B44 -> 1110334.7 | F64: ='изм.приказ 27 от 28.04.2011'!D44 -> 469.5 | G64: ='изм.приказ 27 от 28.04.2011'!F44 -> 2146.56 | H64: =(E64*12/(G64-F64)) -> 7944.8658
B65: НН | E65: ='изм.приказ 27 от 28.04.2011'!B45 -> 2019526.5 | F65: ='изм.приказ 27 от 28.04.2011'!D45 -> 535.8 | G65: ='изм.приказ 27 от 28.04.2011'!F45 -> 3325.91 | H65: =(E65*12/(G65-F65)) -> 8685.7929
B66: Население | E66: ='изм.приказ 27 от 28.04.2011'!B46 -> 22308.96 | F66: ='изм.приказ 27 от 28.04.2011'!D46 -> 210.289 | G66: ='изм.приказ 27 от 28.04.2011'!F46 -> 258.21 | H66: =(E66*12/(G66-F66)) -> 5586.4343

Sheet 2012г.об.под факт2010
A1: Расчет по договорам оказания услуг по передаче электрической энергии на 2012 г.
A2: ФГУП «ГНПРКЦ «ЦСКБ-Прогресс»
A3: Объемы организ.по стр-ре от 29.04.11г. ≈ факт.2010г.
B4: Единые (котловые) тарифы на услуги по передаче электрической энергии на 2010 г.
B6: Уровень напряжения | D6: Ставка за содержание электрических сетей | E6: Ставка за оплату потерь электрической энергии в сетях | F6: Тариф на услуги по передаче электрической энергии
D8: ТСОД | E8: ТПОТ
D9: руб./МВт.мес. | E9: руб./МВт.ч | F9: руб./МВт.ч | G9: часов в год
B10: ВН | D10: 300621.82 | E10: 176.8 | F10: 592.41 | G10: =(D10*12/(F10-E10)) -> 8679.9207
B11: СН1 | D11: 490793.23 | E11: 180 | F11: 969.48 | G11: =(D11*12/(F11-E11)) -> 7459.9974
B12: СН2 | D12: 680321 | E12: 210 | F12: 1441.35 | G12: =(D12*12/(F12-E12)) -> 6630.0012 | H12: МРСК
B13: НН | D13: 851305.82 | E13: 432 | F13: 2296.17 | G13: =(D13*12/(F13-E13)) -> 5480.0098 | H13: =(365-53)*16 -> 4992 | I13: 16 час.в день, за "_" воскрес. | L13: 16 час.в день, за "_" воскрес.
B15: Показатели | D15: Полезный отпуск | F15: Единый (котловой) тариф | I15: Платежи за год, тыс.руб.
F16: двухставочный | H16: одно- ставочный | I16: по расчету УГРКЭ | L16: по договорам 2011 г.
D17: Мощность, Мвт | E17: ЭЭ, тыс.кВт.ч | F17: Ставка за содержание электрических сетей, руб./ МВт.мес. | G17: Ставка за оплату потерь электрической энергии в сетях, руб./МВт.ч | H17: по факту потребления электро- энергии, руб./МВт.ч | I17: Содержание | J17: Потери | K17: Итого | L17: Содер- жание | M17: Потери | N17: Итого
A18: 1 | B18: 2 | D18: 3 | E18: 4 | F18: 5 | G18: 6 | H18: 7 | I18: 8= ст.3 х ст.5 х 12 мес. | J18: 9= ст.4 х ст.6 | K18: 10=8+9 | L18: 11 | M18: 12 | N18: 13 | O18: потери, тыс.руб. | Q18: по дог.должно получ.
A19: I. | B19: Необходимая валовая выручка (НВВ) | I19: ='НВВ на содержание'!E8 -> #REF! | J19: =E40*E41/1000 -> #REF! | K19: =ROUND((I19+J19),1) -> #REF! | N19: =N23-N31+N34 -> 20203.203 | O19: =$E$40*$E$41/1000 -> #REF! | Q19: =N23+K34-N32-K33 -> 20124.203
B20: Тарифная выручка | I20: =I23+I34-I31 -> 15915.315 | J20: =ROUND((J23+J34-J31),1) -> 4606.7 | K20: =ROUND((I20+J20),1) -> 20522
B21: Строка проверки | I21: =K19-K20 -> #REF!
A22: II. | B22: Платежи ОАО "Самараэнерго" в адрес ФГУП «ГНПРКЦ «ЦСКБ-Прогресс» | I22: по двухставочному тарифу | L22: по одноставочному тарифу
I23: =SUM(I25:I29) -> 12519.332 | J23: =SUM(J25:J29) -> 3427.6657 | K23: =I23+J23 -> 15946.998 | N23: =SUM(N25:N29) -> 15550.8 | O23: =N23-K23 -> -396.1981 | P23: =N19-K20 -> -318.79744
B24: Полезный отпуск всего | C24: чччи, час. | D24: =SUM(D25:D29) -> 1.289 | E24: =SUM(E25:E29) -> 9928
B25: в т.ч. ВН несетевым организациям | C25: =E25/D25 -> 7579.1434 | D25: 0.537 | E25: 4070 | F25: =E62 -> 427956.36 | G25: ='изм.приказ 27 от 28.04.2011'!D42 -> 179.28 | H25: ='изм.приказ 27 от 28.04.2011'!F42 -> 789.41 | I25: =D25*F25*12/1000 -> 2757.7508 | J25: =E25*G25/1000 -> 729.6696 | K25: =I25+J25 -> 3487.4204 | N25: =ROUND((E25*H25/1000),1) -> 3212.9
B26: в т.ч. СН II несетевым организациям | C26: =E26/D26 -> 7946.0972 | D26: 0.679 | E26: 5395.4 | F26: =E64 -> 1110334.7 | G26: ='изм.приказ 27 от 28.04.2011'!D44 -> 469.5 | H26: ='изм.приказ 27 от 28.04.2011'!F44 -> 2146.56 | I26: =D26*F26*12/1000 -> 9047.0073 | J26: =E26*G26/1000 -> 2533.1403 | K26: =I26+J26 -> 11580.148 | N26: =ROUND((E26*H26/1000),1) -> 11581.5
B27: НН несетевым организациям | C27: =E27/D27 -> 7158.6207 | D27: 0.029 | E27: 207.6 | F27: ='изм.приказ 27 от 28.04.2011'!B45 -> 2019526.5 | G27: ='изм.приказ 27 от 28.04.2011'!D45 -> 535.8 | H27: ='изм.приказ 27 от 28.04.2011'!F45 -> 3325.91 | I27: =D27*F27*12/1000 -> 702.79522 | J27: =E27*G27/1000 -> 111.23208 | K27: =I27+J27 -> 814.0273 | N27: =ROUND((E27*H27/1000),1) -> 690.5
B28: СН II несетевым организациям (НАСЕЛЕНИЕ) | C28: =E28/D28 -> 5633.3333 | D28: 0.003 | E28: 16.9 | F28: ='изм.приказ 27 от 28.04.2011'!B46 -> 22308.96 | G28: ='изм.приказ 27 от 28.04.2011'!D46 -> 210.289 | H28: ='изм.приказ 27 от 28.04.2011'!F46 -> 258.21 | I28: =D28*F28*12/1000 -> 0.80312256 | J28: =E28*G28/1000 -> 3.5538841 | K28: =I28+J28 -> 4.3570067 | N28: =ROUND((E28*H28/1000),1) -> 4.4
B29: НН несетевым организациям (НАСЕЛЕНИЕ) | C29: =E29/D29 -> 5807.3171 | D29: 0.041 | E29: 238.1 | F29: =F28 -> 22308.96 | G29: =G28 -> 210.289 | H29: =G66 -> 258.21 | I29: =D29*F29*12/1000 -> 10.976008 | J29: =E29*G29/1000 -> 50.069811 | K29: =I29+J29 -> 61.045819 | N29: =ROUND((E29*H29/1000),1) -> 61.5
A30: III. | B30: Платежи ФГУП «ГНПРКЦ «ЦСКБ-Прогресс» в адрес: | D30: Сальдо-переток | F30: Индивидуальный тариф | I30: по двухставочному тарифу | L30: по одноставочному тарифу
D31: Мощность, Мвт | E31: ЭЭ, тыс.кВт.ч | F31: руб./ МВт.мес. | G31: руб./МВт.ч | H31: одност. руб./МВт.ч | I31: =SUM(I32:I33) -> 2127.6515 | J31: =SUM(J32:J33) -> 1646.4595 | K31: =SUM(K32:K33) -> 3774.1111 | L31: =SUM(L33:L33) -> 0 | M31: =SUM(M33:M33) -> 0 | N31: =SUM(N32:N33) -> 3697.8146
A32: 1 | B32: ЗАО "ССК" | C32: =E32/D32 -> 8867.3333 | D32: 0.015 | E32: 133.01 | F32: 279175.21 | G32: 108.71 | H32: =K32/E32*1000+12.17 -> 498.68271 | I32: =$D32*$F32*12/1000 -> 50.251538 | J32: =$E32*$G32/1000 -> 14.459517 | K32: =I32+J32 -> 64.711055 | N32: =E32*H32/1000 -> 66.329787
A33: 1 | B33: ОАО "РЖД" | C33: =E33/D33 -> 8745.2796 | D33: 0.093 | E33: 813.311 | F33: 1861465 | G33: 2006.61 | H33: =K33/E33*1000-95.8 -> 4465.0629 | I33: =ROUND(($D$33*$F$33*12/1000),1) -> 2077.4 | J33: =ROUND(($E$33*$G$33/1000),1) -> 1632 | K33: =I33+J33 -> 3709.4 | N33: =E33*H33/1000 -> 3631.4848
A34: IV. | B34: Платежи в адрес ФГУП «ГНПРКЦ «ЦСКБ-Прогресс» от смежных сетевых всего: | F34: руб./ МВт.мес. | G34: руб./МВт.ч | H34: руб./МВт.ч | I34: =SUM(I35:I37) -> 5523.6345 | J34: =SUM(J35:J37) -> 2825.4985 | K34: =SUM(K35:K37) -> 8349.133 | L34: =SUM(L36:L37) -> 0 | M34: =SUM(M36:M37) -> 0 | N34: =SUM(N35:N37) -> 8350.2172
A35: 1 | B35: ОАО "МРСК Волги" | C35: =E35/D35 -> 8292.3408 | D35: =D24+D36+D37+D32+D33+G40 -> 4.358 | E35: =E24+E36+E37+E32+E33+E40 -> 36138.021 | F35: 451.08 | G35: 0.82 | H35: =K35/E35*1000+0.03 -> 1.5027662 | I35: =$D$35*$F$35*12/1000 -> 23.58968 | J35: =$E$35*$G$35/1000 -> 29.633177 | K35: =I35+J35 -> 53.222857 | N35: =E35*H35/1000 -> 54.306998
A36: 2 | B36: ООО "Энерго" | C36: =E36/D36 -> 8650.9804 | D36: 2.55 | E36: 22060 | F36: 169906.8 | G36: 114.55 | H36: =K36/E36*1000 -> 350.23214 | I36: =$D36*$F36*12/1000 -> 5199.1481 | J36: =$E36*$G36/1000 -> 2526.973 | K36: =I36+J36 -> 7726.1211 | N36: =E36*H36/1000 -> 7726.1211
A37: 3 | B37: МП г.о.Самара "Самарский метрополитен" | C37: =E37/D37 -> 6607.8431 | D37: 0.102 | E37: 674 | F37: 245830.7 | G37: 398.95 | H37: =K37/E37*1000 -> 845.38439 | I37: =$D$37*$F$37*12/1000 -> 300.89678 | J37: =$E$37*$G$37/1000 -> 268.8923 | K37: =I37+J37 -> 569.78908 | N37: =E37*H37/1000 -> 569.78908
B39: Число месяцев работы М = 12
D40: Потери в сетях ФГУП «ГНПРКЦ «ЦСКБ-Прогресс» на потребителя - | E40: 2529.7 | F40: тыс.кВт.ч | G40: =0.309 -> 0.309 | H40: =E36+E37+E29+E40 -> 25501.8
D41: Тариф покупки потерь на потребителя - | E41: =#REF! -> #REF! | F41: руб./тыс.кВт.ч
E43: руб./тыс.кВт.ч | G43: платежи от 3-х орг. В адрес ОАО "1253 ЦРБРЛВ" по один.тарифу
G44: Индивидуальный тариф | J44: проверка по 2-х став.
G45: руб./ МВт.мес. | H45: руб./МВт.ч | I45: одност. руб./МВт.ч
F47: Платежи в адрес ОАО "1253 ЦРБРЛВ" от :
F48: ОАО "МРСК Волги"
F49: ООО "Энерго"
F50: ЗАО "ЗаСеКо"
F51: ИТОГО
B57: 2012 г.
B58: Уровень напряжения | E58: Ставка за содержание электрических сетей | F58: Ставка | G58: Тариф на услуги по передаче электрической энергии
F59: за оплату потерь электрической энергии в сетях
E60: ТСОД | F60: ТПОТ | H60: часов в год
E61: руб./МВт.мес. | F61: руб./МВт.ч. | G61: руб./МВт.ч.
B62: ВН | E62: ='изм.приказ 27 от 28.04.2011'!B42 -> 427956.36 | F62: ='изм.приказ 27 от 28.04.2011'!D42 -> 179.28 | G62: ='изм.приказ 27 от 28.04.2011'!F42 -> 789.41 | H62: =(E62*12/(G62-F62)) -> 8417.0198
B63: СН1 | E63: ='изм.приказ 27 от 28.04.2011'!B43 -> 781756.21 | F63: ='изм.приказ 27 от 28.04.2011'!D43 -> 191.71 | G63: ='изм.приказ 27 от 28.04.2011'!F43 -> 1324.32 | H63: =(E63*12/(G63-F63)) -> 8282.705
B64: СН2 | E64: ='изм.приказ 27 от 28.04.2011'!B44 -> 1110334.7 | F64: ='изм.приказ 27 от 28.04.2011'!D44 -> 469.5 | G64: ='изм.приказ 27 от 28.04.2011'!F44 -> 2146.56 | H64: =(E64*12/(G64-F64)) -> 7944.8658
B65: НН | E65: ='изм.приказ 27 от 28.04.2011'!B45 -> 2019526.5 | F65: ='изм.приказ 27 от 28.04.2011'!D45 -> 535.8 | G65: ='изм.приказ 27 от 28.04.2011'!F45 -> 3325.91 | H65: =(E65*12/(G65-F65)) -> 8685.7929
B66: Население | E66: ='изм.приказ 27 от 28.04.2011'!B46 -> 22308.96 | F66: ='изм.приказ 27 от 28.04.2011'!D46 -> 210.289 | G66: ='изм.приказ 27 от 28.04.2011'!F46 -> 258.21 | H66: =(E66*12/(G66-F66)) -> 5586.4343

Sheet пл.об расч.по инд.межсет.та (2)
A1: Расчет по договорам оказания услуг по передаче электрической энергии на 2011 г.
A2: ФГУП «ГНПРКЦ «ЦСКБ-Прогресс»
B4: Единые (котловые) тарифы на услуги по передаче электрической энергии на 2010 г.
B6: Уровень напряжения | D6: Ставка за содержание электрических сетей | E6: Ставка за оплату потерь электрической энергии в сетях | F6: Тариф на услуги по передаче электрической энергии
D8: ТСОД | E8: ТПОТ
D9: руб./МВт.мес. | E9: руб./МВт.ч | F9: руб./МВт.ч | G9: часов в год
B10: ВН | D10: 300621.82 | E10: 176.8 | F10: 592.41 | G10: =(D10*12/(F10-E10)) -> 8679.9207
B11: СН1 | D11: 490793.23 | E11: 180 | F11: 969.48 | G11: =(D11*12/(F11-E11)) -> 7459.9974
B12: СН2 | D12: 680321 | E12: 210 | F12: 1441.35 | G12: =(D12*12/(F12-E12)) -> 6630.0012 | H12: МРСК
B13: НН | D13: 851305.82 | E13: 432 | F13: 2296.17 | G13: =(D13*12/(F13-E13)) -> 5480.0098 | H13: =(365-53)*16 -> 4992 | I13: 16 час.в день, за "_" воскрес. | L13: 16 час.в день, за "_" воскрес.
B15: Показатели | D15: Полезный отпуск | F15: Единый (котловой) тариф | I15: Платежи за год, тыс.руб.
F16: двухставочный | H16: одно- ставочный | I16: по расчету УГРКЭ | L16: по договорам 2011 г.
D17: Мощность, Мвт | E17: ЭЭ, тыс.кВт.ч | F17: Ставка за содержание электрических сетей, руб./ МВт.мес. | G17: Ставка за оплату потерь электрической энергии в сетях, руб./МВт.ч | H17: по факту потребления электро- энергии, руб./МВт.ч | I17: Содержание | J17: Потери | K17: Итого | L17: Содер- жание | M17: Потери | N17: Итого
A18: 1 | B18: 2 | D18: 3 | E18: 4 | F18: 5 | G18: 6 | H18: 7 | I18: 8= ст.3 х ст.5 х 12 мес. | J18: 9= ст.4 х ст.6 | K18: 10=8+9 | L18: 11 | M18: 12 | N18: 13 | O18: потери, тыс.руб. | Q18: по дог.должно получ.
A19: I. | B19: Необходимая валовая выручка (НВВ) | I19: ='НВВ на содержание'!G8 -> 2006.8 | J19: =E40*E41/1000 -> #REF! | K19: =ROUND((I19+J19),1) -> #REF! | N19: =N23-N31+N34 -> 12175.822 | O19: =$E$40*$E$41/1000 -> #REF! | Q19: =N23+K34-N32-K33 -> 12085.478
B20: Тарифная выручка | I20: =I23+I34-I31 -> #REF! | J20: =ROUND((J23+J34-J31),1) -> 2970.5 | K20: =ROUND((I20+J20),1) -> #REF!
B21: Строка проверки | I21: =K19-K20 -> #REF!
A22: II. | B22: Платежи ОАО "Самараэнерго" в адрес ФГУП «ГНПРКЦ «ЦСКБ-Прогресс» | I22: по двухставочному тарифу | L22: по одноставочному тарифу
I23: =SUM(I25:I29) -> #REF! | J23: =SUM(J25:J29) -> 3019.3428 | K23: =I23+J23 -> #REF! | N23: =SUM(N25:N29) -> 13587.6 | O23: =N23-K23 -> #REF! | P23: =N19-K20 -> #REF!
B24: Полезный отпуск всего | C24: чччи, час. | D24: =SUM(D25:D29) -> #REF! | E24: =SUM(E25:E29) -> 9965.96
B25: в т.ч. ВН несетевым организациям | C25: =E25/D25 -> 8214 | D25: =E25/8214 -> 0.4954955 | E25: 4070 | F25: =E62 -> 364484.63 | G25: =F62 -> 151.36 | H25: =G62 -> 671 | I25: =D25*F25*12/1000 -> 2167.2059 | J25: =E25*G25/1000 -> 616.0352 | K25: =I25+J25 -> 2783.2411 | N25: =ROUND((E25*H25/1000),1) -> 2731
B26: в т.ч. СН II несетевым организациям | C26: =E26/D26 -> 7841 | D26: =E26/7841 -> 0.68810101 | E26: 5395.4 | F26: =E64 -> 942948.34 | G26: =F64 -> 414.16 | H26: =G64 -> 1847.1 | I26: =D26*F26*12/1000 -> 7786.1244 | J26: =E26*G26/1000 -> 2234.5589 | K26: =I26+J26 -> 10020.683 | N26: =ROUND((E26*H26/1000),1) -> 9965.8
B27: НН несетевым организациям | C27: =E27/D27 -> #REF! | D27: ='Баланс электрической мощности'!G28-'пл.об расч.по инд.межсет.та (2)'!D29 -> #REF! | E27: ='Прилож.2 структура 2011г.-2012г'!F35 -> 290.83 | F27: =E65 -> 1640145.1 | G27: =F65 -> 472.06 | H27: =G65 -> 2747.68 | I27: =D27*F27*12/1000 -> #REF! | J27: =E27*G27/1000 -> 137.28921 | K27: =I27+J27 -> #REF! | N27: =ROUND((E27*H27/1000),1) -> 799.1
B28: СН II несетевым организациям (НАСЕЛЕНИЕ) | C28: =E28/D28 -> #REF! | D28: =#REF! -> #REF! | E28: ='Прилож.2 структура 2011г.-2012г'!E26 -> 21.36 | F28: =E66 -> 133702.84 | G28: =F66 -> 150 | H28: =G66 -> 437.28 | I28: =D28*F28*12/1000 -> #REF! | J28: =E28*G28/1000 -> 3.204 | K28: =I28+J28 -> #REF! | N28: =ROUND((E28*H28/1000),1) -> 9.3
B29: НН несетевым организациям (НАСЕЛЕНИЕ) | C29: =E29/D29 -> #REF! | D29: =#REF! -> #REF! | E29: ='Прилож.2 структура 2011г.-2012г'!F26 -> 188.37 | F29: =F28 -> 133702.84 | G29: =G28 -> 150 | H29: =G66 -> 437.28 | I29: =D29*F29*12/1000 -> #REF! | J29: =E29*G29/1000 -> 28.2555 | K29: =I29+J29 -> #REF! | N29: =ROUND((E29*H29/1000),1) -> 82.4
A30: III. | B30: Платежи ФГУП «ГНПРКЦ «ЦСКБ-Прогресс» в адрес: | D30: Сальдо-переток | F30: Индивидуальный тариф | I30: по двухставочному тарифу | L30: по одноставочному тарифу
D31: Мощность, Мвт | E31: ЭЭ, тыс.кВт.ч | F31: руб./ МВт.мес. | G31: руб./МВт.ч | H31: одност. руб./МВт.ч | I31: =SUM(I32:I33) -> 5162.2076 | J31: =SUM(J32:J33) -> 1930.7857 | K31: =SUM(K32:K33) -> 7092.9933 | L31: =SUM(L33:L33) -> 0 | M31: =SUM(M33:M33) -> 0 | N31: =SUM(N32:N33) -> 7010.0426
A32: 1 | B32: ЗАО "ССК" | C32: =E32/D32 -> 7183.2162 | D32: ='П1.30 - 07.06.11г.'!D137 -> 0.074 | E32: ='П1.30 - 07.06.11г.'!C137 -> 531.558 | F32: 279175.21 | G32: 108.71 | H32: =K32/E32*1000+12.17 -> 587.25918 | I32: =$D32*$F32*12/1000 -> 247.90759 | J32: =$E32*$G32/1000 -> 57.78567 | K32: =I32+J32 -> 305.69326 | N32: =E32*H32/1000 -> 312.16232
A33: 1 | B33: ОАО "РЖД" | C33: =E33/D33 -> 4242.7273 | D33: 0.22 | E33: 933.4 | F33: 1861465 | G33: 2006.61 | H33: =K33/E33*1000-95.8 -> 7175.7877 | I33: =ROUND(($D$33*$F$33*12/1000),1) -> 4914.3 | J33: =ROUND(($E$33*$G$33/1000),1) -> 1873 | K33: =I33+J33 -> 6787.3 | N33: =E33*H33/1000 -> 6697.8803
A34: IV. | B34: Платежи в адрес ФГУП «ГНПРКЦ «ЦСКБ-Прогресс» от смежных сетевых всего: | F34: руб./ МВт.мес. | G34: руб./МВт.ч | H34: руб./МВт.ч | I34: =SUM(I35:I37) -> 3715.3692 | J34: =SUM(J35:J37) -> 1881.9714 | K34: =SUM(K35:K37) -> 5597.3406 | L34: =SUM(L36:L37) -> 0 | M34: =SUM(M36:M37) -> 0 | N34: =SUM(N35:N37) -> 5598.2648
A35: 1 | B35: ОАО "МРСК Волги" | C35: =E35/D35 -> 15638.394 | D35: ='Баланс электрической мощности'!C8 -> 1.96998 | E35: ='Прилож.2 структура 2011г.-2012г'!G23+'Прилож.2 структура 2011г.-2012г'!G21+'Прилож.2 структура 2011г.-2012г'!G17 -> 30807.323 | F35: 451.08 | G35: 0.82 | H35: =K35/E35*1000+0.03 -> 1.1961327 | I35: =$D$35*$F$35*12/1000 -> 10.663423 | J35: =$E$35*$G$35/1000 -> 25.262005 | K35: =I35+J35 -> 35.925427 | N35: =E35*H35/1000 -> 36.849647
A36: 2 | B36: ООО "Энерго" | C36: =E36/D36 -> 8643.75 | D36: =1.56+0.04 -> 1.6 | E36: =13465+365 -> 13830 | F36: 169906.8 | G36: 114.55 | H36: =K36/E36*1000 -> 350.42929 | I36: =$D36*$F36*12/1000 -> 3262.2106 | J36: =$E36*$G36/1000 -> 1584.2265 | K36: =I36+J36 -> 4846.4371 | N36: =E36*H36/1000 -> 4846.4371
A37: 3 | B37: МП г.о.Самара "Самарский метрополитен" | C37: =E37/D37 -> 4553.3333 | D37: 0.15 | E37: 683 | F37: 245830.7 | G37: 398.95 | H37: =K37/E37*1000 -> 1046.8201 | I37: =$D$37*$F$37*12/1000 -> 442.49526 | J37: =$E$37*$G$37/1000 -> 272.48285 | K37: =I37+J37 -> 714.97811 | N37: =E37*H37/1000 -> 714.97811
B39: Число месяцев работы М = 12
D40: Потери в сетях ФГУП «ГНПРКЦ «ЦСКБ-Прогресс» на потребителя - | E40: ='Баланс электрической энергии'!C19*1000 -> 1410.6049 | F40: тыс.кВт.ч | H40: =E36+E37+E29+E40 -> 16111.975
D41: Тариф покупки потерь на потребителя - | E41: =#REF!*1000 -> #REF! | F41: руб./тыс.кВт.ч
E43: руб./тыс.кВт.ч | G43: платежи от 3-х орг. В адрес ОАО "1253 ЦРБРЛВ" по один.тарифу
G44: Индивидуальный тариф | J44: проверка по 2-х став.
G45: руб./ МВт.мес. | H45: руб./МВт.ч | I45: одност. руб./МВт.ч
F47: Платежи в адрес ОАО "1253 ЦРБРЛВ" от :
F48: ОАО "МРСК Волги"
F49: ООО "Энерго"
F50: ЗАО "ЗаСеКо"
F51: ИТОГО
B57: 2011 г.
B58: Уровень напряжения | E58: Ставка за содержание электрических сетей | F58: Ставка | G58: Тариф на услуги по передаче электрической энергии
F59: за оплату потерь электрической энергии в сетях
E60: ТСОД | F60: ТПОТ | H60: часов в год
E61: руб./МВт.мес. | F61: руб./МВт.ч. | G61: руб./МВт.ч.
B62: ВН | E62: 364484.63 | F62: 151.36 | G62: 671 | H62: =(E62*12/(G62-F62)) -> 8417.0109
B63: СН1 | E63: 684381.17 | F63: 162.12 | G63: 1153.65 | H63: =(E63*12/(G63-F63)) -> 8282.7288
B64: СН2 | E64: 942948.34 | F64: 414.16 | G64: 1847.1 | H64: =(E64*12/(G64-F64)) -> 7896.6182
B65: НН | E65: 1640145.1 | F65: 472.06 | G65: 2747.68 | H65: =(E65*12/(G65-F65)) -> 8648.9578
B66: Население | E66: 133702.84 | F66: 150 | G66: 437.28 | H66: =(E66*12/(G66-F66)) -> 5584.914

Sheet пл.об расч.по инд.межсет.тар.11
A1: Расчет по договорам оказания услуг по передаче электрической энергии на 2011 г.
A2: ФГУП «ГНПРКЦ «ЦСКБ-Прогресс»
B4: Единые (котловые) тарифы на услуги по передаче электрической энергии на 2010 г.
B6: Уровень напряжения | D6: Ставка за содержание электрических сетей | E6: Ставка за оплату потерь электрической энергии в сетях | F6: Тариф на услуги по передаче электрической энергии
D8: ТСОД | E8: ТПОТ
D9: руб./МВт.мес. | E9: руб./МВт.ч | F9: руб./МВт.ч | G9: часов в год
B10: ВН | D10: 300621.82 | E10: 176.8 | F10: 592.41 | G10: =(D10*12/(F10-E10)) -> 8679.9207
B11: СН1 | D11: 490793.23 | E11: 180 | F11: 969.48 | G11: =(D11*12/(F11-E11)) -> 7459.9974
B12: СН2 | D12: 680321 | E12: 210 | F12: 1441.35 | G12: =(D12*12/(F12-E12)) -> 6630.0012 | H12: МРСК
B13: НН | D13: 851305.82 | E13: 432 | F13: 2296.17 | G13: =(D13*12/(F13-E13)) -> 5480.0098 | H13: =(365-53)*16 -> 4992 | I13: 16 час.в день, за "_" воскрес. | L13: 16 час.в день, за "_" воскрес.
B15: Показатели | D15: Полезный отпуск | F15: Единый (котловой) тариф | I15: Платежи за год, тыс.руб.
F16: двухставочный | H16: одно- ставочный | I16: по расчету УГРКЭ | L16: по договорам 2011 г.
D17: Мощность, Мвт | E17: ЭЭ, тыс.кВт.ч | F17: Ставка за содержание электрических сетей, руб./ МВт.мес. | G17: Ставка за оплату потерь электрической энергии в сетях, руб./МВт.ч | H17: по факту потребления электро- энергии, руб./МВт.ч | I17: Содержание | J17: Потери | K17: Итого | L17: Содер- жание | M17: Потери | N17: Итого
A18: 1 | B18: 2 | D18: 3 | E18: 4 | F18: 5 | G18: 6 | H18: 7 | I18: 8= ст.3 х ст.5 х 12 мес. | J18: 9= ст.4 х ст.6 | K18: 10=8+9 | L18: 11 | M18: 12 | N18: 13 | O18: потери, тыс.руб. | Q18: по дог.должно получ.
A19: I. | B19: Необходимая валовая выручка (НВВ) | I19: ='НВВ на содержание'!G8 -> 2006.8 | J19: =E40*E41/1000 -> #REF! | K19: =ROUND((I19+J19),1) -> #REF! | N19: =N23-N31+N34 -> 15726.822 | O19: =$E$40*$E$41/1000 -> #REF! | Q19: =N23+K34-N32-K33 -> 15636.478
B20: Тарифная выручка | I20: =I23+I34-I31 -> #REF! | J20: =ROUND((J23+J34-J31),1) -> 3768.4 | K20: =ROUND((I20+J20),1) -> #REF!
B21: Строка проверки | I21: =K19-K20 -> #REF!
A22: II. | B22: Платежи ОАО "Самараэнерго" в адрес ФГУП «ГНПРКЦ «ЦСКБ-Прогресс» | I22: по двухставочному тарифу | L22: по одноставочному тарифу
I23: =SUM(I25:I29) -> #REF! | J23: =SUM(J25:J29) -> 3817.2357 | K23: =I23+J23 -> #REF! | N23: =SUM(N25:N29) -> 17138.6 | O23: =N23-K23 -> #REF! | P23: =N19-K20 -> #REF!
B24: Полезный отпуск всего | C24: чччи, час. | D24: =SUM(D25:D29) -> #REF! | E24: =SUM(E25:E29) -> 13071.4
B25: в т.ч. ВН несетевым организациям | C25: =E25/D25 -> -8512.5723 | D25: ='Баланс электрической мощности'!D28-'пл.об расч.по инд.межсет.тар.11'!D33-'пл.об расч.по инд.межсет.тар.11'!D37-1.56 -> -0.69637 | E25: ='Прилож.2 структура 2011г.-2012г'!C35 -> 5927.9 | F25: =E62 -> 364484.63 | G25: =F62 -> 151.36 | H25: =G62 -> 671 | I25: =D25*F25*12/1000 -> -3045.7939 | J25: =E25*G25/1000 -> 897.24694 | K25: =I25+J25 -> -2148.547 | N25: =ROUND((E25*H25/1000),1) -> 3977.6
B26: в т.ч. СН II несетевым организациям | C26: =E26/D26 -> 13190.644 | D26: ='Баланс электрической мощности'!F28-0.04 -> 0.50361 | E26: ='Прилож.2 структура 2011г.-2012г'!E35 -> 6642.94 | F26: =E64 -> 942948.34 | G26: =F64 -> 414.16 | H26: =G64 -> 1847.1 | I26: =D26*F26*12/1000 -> 5698.5386 | J26: =E26*G26/1000 -> 2751.24 | K26: =I26+J26 -> 8449.7786 | N26: =ROUND((E26*H26/1000),1) -> 12270.2
B27: НН несетевым организациям | C27: =E27/D27 -> #REF! | D27: ='Баланс электрической мощности'!G28-'пл.об расч.по инд.межсет.тар.11'!D29 -> #REF! | E27: ='Прилож.2 структура 2011г.-2012г'!F35 -> 290.83 | F27: =E65 -> 1640145.1 | G27: =F65 -> 472.06 | H27: =G65 -> 2747.68 | I27: =D27*F27*12/1000 -> #REF! | J27: =E27*G27/1000 -> 137.28921 | K27: =I27+J27 -> #REF! | N27: =ROUND((E27*H27/1000),1) -> 799.1
B28: СН II несетевым организациям (НАСЕЛЕНИЕ) | C28: =E28/D28 -> #REF! | D28: =#REF! -> #REF! | E28: ='Прилож.2 структура 2011г.-2012г'!E26 -> 21.36 | F28: =E66 -> 133702.84 | G28: =F66 -> 150 | H28: =G66 -> 437.28 | I28: =D28*F28*12/1000 -> #REF! | J28: =E28*G28/1000 -> 3.204 | K28: =I28+J28 -> #REF! | N28: =ROUND((E28*H28/1000),1) -> 9.3
B29: НН несетевым организациям (НАСЕЛЕНИЕ) | C29: =E29/D29 -> #REF! | D29: =#REF! -> #REF! | E29: ='Прилож.2 структура 2011г.-2012г'!F26 -> 188.37 | F29: =F28 -> 133702.84 | G29: =G28 -> 150 | H29: =G66 -> 437.28 | I29: =D29*F29*12/1000 -> #REF! | J29: =E29*G29/1000 -> 28.2555 | K29: =I29+J29 -> #REF! | N29: =ROUND((E29*H29/1000),1) -> 82.4
A30: III. | B30: Платежи ФГУП «ГНПРКЦ «ЦСКБ-Прогресс» в адрес: | D30: Сальдо-переток | F30: Индивидуальный тариф | I30: по двухставочному тарифу | L30: по одноставочному тарифу
D31: Мощность, Мвт | E31: ЭЭ, тыс.кВт.ч | F31: руб./ МВт.мес. | G31: руб./МВт.ч | H31: одност. руб./МВт.ч | I31: =SUM(I32:I33) -> 5162.2076 | J31: =SUM(J32:J33) -> 1930.7857 | K31: =SUM(K32:K33) -> 7092.9933 | L31: =SUM(L33:L33) -> 0 | M31: =SUM(M33:M33) -> 0 | N31: =SUM(N32:N33) -> 7010.0426
A32: 1 | B32: ЗАО "ССК" | C32: =E32/D32 -> 7183.2162 | D32: ='П1.30 - 07.06.11г.'!D137 -> 0.074 | E32: ='П1.30 - 07.06.11г.'!C137 -> 531.558 | F32: 279175.21 | G32: 108.71 | H32: =K32/E32*1000+12.17 -> 587.25918 | I32: =$D32*$F32*12/1000 -> 247.90759 | J32: =$E32*$G32/1000 -> 57.78567 | K32: =I32+J32 -> 305.69326 | N32: =E32*H32/1000 -> 312.16232
A33: 1 | B33: ОАО "РЖД" | C33: =E33/D33 -> 4242.7273 | D33: 0.22 | E33: 933.4 | F33: 1861465 | G33: 2006.61 | H33: =K33/E33*1000-95.8 -> 7175.7877 | I33: =ROUND(($D$33*$F$33*12/1000),1) -> 4914.3 | J33: =ROUND(($E$33*$G$33/1000),1) -> 1873 | K33: =I33+J33 -> 6787.3 | N33: =E33*H33/1000 -> 6697.8803
A34: IV. | B34: Платежи в адрес ФГУП «ГНПРКЦ «ЦСКБ-Прогресс» от смежных сетевых всего: | F34: руб./ МВт.мес. | G34: руб./МВт.ч | H34: руб./МВт.ч | I34: =SUM(I35:I37) -> 3715.3692 | J34: =SUM(J35:J37) -> 1881.9714 | K34: =SUM(K35:K37) -> 5597.3406 | L34: =SUM(L36:L37) -> 0 | M34: =SUM(M36:M37) -> 0 | N34: =SUM(N35:N37) -> 5598.2648
A35: 1 | B35: ОАО "МРСК Волги" | C35: =E35/D35 -> 15638.394 | D35: ='Баланс электрической мощности'!C8 -> 1.96998 | E35: ='Прилож.2 структура 2011г.-2012г'!G23+'Прилож.2 структура 2011г.-2012г'!G21+'Прилож.2 структура 2011г.-2012г'!G17 -> 30807.323 | F35: 451.08 | G35: 0.82 | H35: =K35/E35*1000+0.03 -> 1.1961327 | I35: =$D$35*$F$35*12/1000 -> 10.663423 | J35: =$E$35*$G$35/1000 -> 25.262005 | K35: =I35+J35 -> 35.925427 | N35: =E35*H35/1000 -> 36.849647
A36: 2 | B36: ООО "Энерго" | C36: =E36/D36 -> 8643.75 | D36: =1.56+0.04 -> 1.6 | E36: =13465+365 -> 13830 | F36: 169906.8 | G36: 114.55 | H36: =K36/E36*1000 -> 350.42929 | I36: =$D36*$F36*12/1000 -> 3262.2106 | J36: =$E36*$G36/1000 -> 1584.2265 | K36: =I36+J36 -> 4846.4371 | N36: =E36*H36/1000 -> 4846.4371
A37: 3 | B37: МП г.о.Самара "Самарский метрополитен" | C37: =E37/D37 -> 4553.3333 | D37: 0.15 | E37: 683 | F37: 245830.7 | G37: 398.95 | H37: =K37/E37*1000 -> 1046.8201 | I37: =$D$37*$F$37*12/1000 -> 442.49526 | J37: =$E$37*$G$37/1000 -> 272.48285 | K37: =I37+J37 -> 714.97811 | N37: =E37*H37/1000 -> 714.97811
B39: Число месяцев работы М = 12
D40: Потери в сетях ФГУП «ГНПРКЦ «ЦСКБ-Прогресс» на потребителя - | E40: ='Баланс электрической энергии'!C19*1000 -> 1410.6049 | F40: тыс.кВт.ч | H40: =E36+E37+E29+E40 -> 16111.975
D41: Тариф покупки потерь на потребителя - | E41: =#REF!*1000 -> #REF! | F41: руб./тыс.кВт.ч
E43: руб./тыс.кВт.ч | G43: платежи от 3-х орг. В адрес ОАО "1253 ЦРБРЛВ" по один.тарифу
G44: Индивидуальный тариф | J44: проверка по 2-х став.
G45: руб./ МВт.мес. | H45: руб./МВт.ч | I45: одност. руб./МВт.ч
F47: Платежи в адрес ОАО "1253 ЦРБРЛВ" от :
F48: ОАО "МРСК Волги"
F49: ООО "Энерго"
F50: ЗАО "ЗаСеКо"
F51: ИТОГО
B57: 2011 г.
B58: Уровень напряжения | E58: Ставка за содержание электрических сетей | F58: Ставка | G58: Тариф на услуги по передаче электрической энергии
F59: за оплату потерь электрической энергии в сетях
E60: ТСОД | F60: ТПОТ | H60: часов в год
E61: руб./МВт.мес. | F61: руб./МВт.ч. | G61: руб./МВт.ч.
B62: ВН | E62: 364484.63 | F62: 151.36 | G62: 671 | H62: =(E62*12/(G62-F62)) -> 8417.0109
B63: СН1 | E63: 684381.17 | F63: 162.12 | G63: 1153.65 | H63: =(E63*12/(G63-F63)) -> 8282.7288
B64: СН2 | E64: 942948.34 | F64: 414.16 | G64: 1847.1 | H64: =(E64*12/(G64-F64)) -> 7896.6182
B65: НН | E65: 1640145.1 | F65: 472.06 | G65: 2747.68 | H65: =(E65*12/(G65-F65)) -> 8648.9578
B66: Население | E66: 133702.84 | F66: 150 | G66: 437.28 | H66: =(E66*12/(G66-F66)) -> 5584.914

Sheet УГРКЭ об.конрасч.по инд.межсет.
A1: Расчет по договорам оказания услуг по передаче электрической энергии на 2011 г.
A2: ФГУП «ГНПРКЦ «ЦСКБ-Прогресс»
B4: Единые (котловые) тарифы на услуги по передаче электрической энергии на 2010 г.
B6: Уровень напряжения | D6: Ставка за содержание электрических сетей | E6: Ставка за оплату потерь электрической энергии в сетях | F6: Тариф на услуги по передаче электрической энергии
D8: ТСОД | E8: ТПОТ
D9: руб./МВт.мес. | E9: руб./МВт.ч | F9: руб./МВт.ч | G9: часов в год
B10: ВН | D10: 300621.82 | E10: 176.8 | F10: 592.41 | G10: =(D10*12/(F10-E10)) -> 8679.9207
B11: СН1 | D11: 490793.23 | E11: 180 | F11: 969.48 | G11: =(D11*12/(F11-E11)) -> 7459.9974
B12: СН2 | D12: 680321 | E12: 210 | F12: 1441.35 | G12: =(D12*12/(F12-E12)) -> 6630.0012 | H12: МРСК
B13: НН | D13: 851305.82 | E13: 432 | F13: 2296.17 | G13: =(D13*12/(F13-E13)) -> 5480.0098 | H13: =(365-53)*16 -> 4992 | I13: 16 час.в день, за "_" воскрес. | L13: 16 час.в день, за "_" воскрес.
B15: Показатели | D15: Полезный отпуск | F15: Единый (котловой) тариф | I15: Платежи за год, тыс.руб.
F16: двухставочный | H16: одно- ставочный | I16: по расчету УГРКЭ | L16: по договорам 2011 г.
D17: Мощность, Мвт | E17: ЭЭ, тыс.кВт.ч | F17: Ставка за содержание электрических сетей, руб./ МВт.мес. | G17: Ставка за оплату потерь электрической энергии в сетях, руб./МВт.ч | H17: по факту потребления электро- энергии, руб./МВт.ч | I17: Содержание | J17: Потери | K17: Итого | L17: Содер- жание | M17: Потери | N17: Итого
A18: 1 | B18: 2 | D18: 3 | E18: 4 | F18: 5 | G18: 6 | H18: 7 | I18: 8= ст.3 х ст.5 х 12 мес. | J18: 9= ст.4 х ст.6 | K18: 10=8+9 | L18: 11 | M18: 12 | N18: 13 | O18: потери, тыс.руб. | Q18: по дог.должно получ.
A19: I. | B19: Необходимая валовая выручка (НВВ) | I19: ='НВВ на содержание'!G8 -> 2006.8 | J19: =2623.4 -> 2623.4 | K19: =ROUND((I19+J19),1) -> 4630.2 | N19: =N23-N31+N34 -> 4083.7721 | O19: =$E$40*$E$41/1000 -> #REF! | Q19: =N23+K34-N32-K33 -> 3994.6604
B20: Тарифная выручка | I20: =I23+I34-I31 -> 3727.0076 | J20: =ROUND((J23+J34-J31),1) -> 1165.2 | K20: =ROUND((I20+J20),1) -> 4892.2
B21: Строка проверки | I21: =K19-K20 -> -262
A22: II. | B22: Платежи ОАО "Самараэнерго" в адрес ФГУП «ГНПРКЦ «ЦСКБ-Прогресс» | I22: по двухставочному тарифу | L22: по одноставочному тарифу
I23: =SUM(I25:I29) -> 5163.4638 | J23: =SUM(J25:J29) -> 1214.0163 | K23: =I23+J23 -> 6377.48 | N23: =SUM(N25:N29) -> 5486.4 | O23: =N23-K23 -> -891.08004 | P23: =N19-K20 -> -808.42791
B24: Полезный отпуск всего | C24: чччи, час. | D24: =SUM(D25:D29) -> 1.05 | E24: =SUM(E25:E29) -> 7417.25
B25: в т.ч. ВН несетевым организациям | C25: =E25/D25 -> 7205.2083 | D25: 0.96 | E25: 6917 | F25: =E62 -> 364484.63 | G25: =F62 -> 151.36 | H25: =G62 -> 671 | I25: =D25*F25*12/1000 -> 4198.8629 | J25: =E25*G25/1000 -> 1046.9571 | K25: =I25+J25 -> 5245.8201 | N25: =ROUND((E25*H25/1000),1) -> 4641.3
B26: в т.ч. СН II несетевым организациям | C26: =E26/D26 -> 6965 | D26: 0.01 | E26: 69.65 | F26: =E64 -> 942948.34 | G26: =F64 -> 414.16 | H26: =G64 -> 1847.1 | I26: =D26*F26*12/1000 -> 113.1538 | J26: =E26*G26/1000 -> 28.846244 | K26: =I26+J26 -> 142.00004 | N26: =ROUND((E26*H26/1000),1) -> 128.7
B27: НН несетевым организациям | C27: =E27/D27 -> 5715 | D27: 0.04 | E27: 228.6 | F27: =E65 -> 1640145.1 | G27: =F65 -> 472.06 | H27: =G65 -> 2747.68 | I27: =D27*F27*12/1000 -> 787.26966 | J27: =E27*G27/1000 -> 107.91292 | K27: =I27+J27 -> 895.18257 | N27: =ROUND((E27*H27/1000),1) -> 628.1
B28: СН II несетевым организациям (НАСЕЛЕНИЕ) | C28: =E28/D28 -> #DIV/0! | F28: =E66 -> 133702.84 | G28: =F66 -> 150 | H28: =G66 -> 437.28 | I28: =D28*F28*12/1000 -> 0 | J28: =E28*G28/1000 -> 0 | K28: =I28+J28 -> 0 | N28: =ROUND((E28*H28/1000),1) -> 0
B29: НН несетевым организациям (НАСЕЛЕНИЕ) | C29: =E29/D29 -> 5050 | D29: 0.04 | E29: 202 | F29: =F28 -> 133702.84 | G29: =G28 -> 150 | H29: =G66 -> 437.28 | I29: =D29*F29*12/1000 -> 64.177363 | J29: =E29*G29/1000 -> 30.3 | K29: =I29+J29 -> 94.477363 | N29: =ROUND((E29*H29/1000),1) -> 88.3
A30: III. | B30: Платежи ФГУП «ГНПРКЦ «ЦСКБ-Прогресс» в адрес: | D30: Сальдо-переток | F30: Индивидуальный тариф | I30: по двухставочному тарифу | L30: по одноставочному тарифу
D31: Мощность, Мвт | E31: ЭЭ, тыс.кВт.ч | F31: руб./ МВт.мес. | G31: руб./МВт.ч | H31: одност. руб./МВт.ч | I31: =SUM(I32:I33) -> 5162.2076 | J31: =SUM(J32:J33) -> 1930.7857 | K31: =SUM(K32:K33) -> 7092.9933 | L31: =SUM(L33:L33) -> 0 | M31: =SUM(M33:M33) -> 0 | N31: =SUM(N32:N33) -> 7010.0426
A32: 1 | B32: ЗАО "ССК" | C32: =E32/D32 -> 7183.2162 | D32: ='П1.30 - 07.06.11г.'!D137 -> 0.074 | E32: ='П1.30 - 07.06.11г.'!C137 -> 531.558 | F32: 279175.21 | G32: 108.71 | H32: =K32/E32*1000+12.17 -> 587.25918 | I32: =$D32*$F32*12/1000 -> 247.90759 | J32: =$E32*$G32/1000 -> 57.78567 | K32: =I32+J32 -> 305.69326 | N32: =E32*H32/1000 -> 312.16232
A33: 1 | B33: ОАО "РЖД" | C33: =E33/D33 -> 4242.7273 | D33: 0.22 | E33: 933.4 | F33: 1861465 | G33: 2006.61 | H33: =K33/E33*1000-95.8 -> 7175.7877 | I33: =ROUND(($D$33*$F$33*12/1000),1) -> 4914.3 | J33: =ROUND(($E$33*$G$33/1000),1) -> 1873 | K33: =I33+J33 -> 6787.3 | N33: =E33*H33/1000 -> 6697.8803
